Workbook
Name _1: #REF!
Name _2: #REF!
Name A: #REF!
Name A_impresión_IM: #REF!
Name aaa: #REF!
Name Auxiliarjal: #REF!
Name B: #REF!
Name basecaro: #REF!
Name basejuliet1: #REF!
Name basemetroabril2017: #REF!
Name basemetroabril2017final: #REF!
Name BLOQUE: #REF!
Name cargo: #REF!
Name CLASE: #REF!
Name correoelectronico: #REF!
Name COSTOM2: #REF!
Name CUMPLI: #REF!
Name Dólar: #REF!
Name epsypension: #REF!
Name Factor: #REF!
Name JJJJ: #REF!
Name lineainstitucional: #REF!
Name mesabril: #REF!
Name nuevosoi: #REF!
Name origenaux: #REF!
Name pagojuliethjunio: #REF!
Name Profesional: #REF!
Name profesionaljal: #REF!
Name SVASFD: #REF!
Name TCRM: #REF!
Name TCRM_al_03_MAYO_2000: #REF!
Name Títulos_a_imprimir_IM: #REF!
Name TOP: #REF!
Name TRM: #REF!

Sheet G1 - 1. C. BÁSICAS TRDM
B2: FISCALÍA GENERAL DE LA NACIÓN
B3: ANEXO No. 15A - CONDICIONES TECNICAS BÁSICAS OBLIGATORIAS
B4: GRUPO No. 1
B6: 1. PÓLIZA DE SEGURO DE TODO RIESGO DAÑOS MATERIALES COMBINADOS
B7: 1.1. | C7: INFORMACIÓN GENERAL
B8: TOMADOR: | C8: FISCALIA GENERAL DE LA NACIÓN | F8: NIT. | G8: 800.152.783-2
B9: ASEGURADO: | C9: FISCALIA GENERAL DE LA NACIÓN Y/O FONDO ESPECIAL PARA LA ADMINISTRACIÓN DE BIENES FEAB | F9: NIT. | G9: 800.152.783-2 / 901.148.337-1
B10: BENEFICIARIO: | C10: =+C9 -> FISCALIA GENERAL DE LA NACIÓN Y/O FONDO ESPECIAL PARA LA ADMINISTRACIÓN DE BIENES FEAB | F10: NIT. | G10: =+G9 -> 800.152.783-2 / 901.148.337-1
B11: 1.2. | C11: OBJETO DEL SEGURO
B12: Amparar, bajo la modalidad de Todo Riesgo Daños Materiales, las pérdidas, daños materiales o desaparición que sufran los bienes e intereses de propiedad de la Fiscalía General de la Nación y/o del Fondo Especial para la Administración de Bienes (FEAB), así como aquellos por los cuales sean o lleguen a ser legalmente responsables, ubicados en cualquier parte de territorio nacional o internacional, por cualquier causa no expresamente excluida en este Anexo Técnico. Las exclusiones serán taxativas y de interpretación restrictiva.
B13: 1.3. | C13: BIENES ASEGURADOS
B14: Los bienes asegurados comprenden los bienes e intereses de propiedad y aquellos por los cuales sean o llegaren a ser legalmente responsables la Fiscalía General de la Nación y el Fondo Especial para la Administración de Bienes (FEAB). Incluye los utilizados en desarrollo de sus funciones, los disponibles para su utilización, los inservibles para dar de baja y aquellos vinculados a los procesos penales o que, por orden judicial, son puestos a disposición de la Fiscalía General de la Nación o el Fondo Especial para la Administración de Bienes (FEAB) para su administración o custodia. Esta condición se extiende y obliga a la aseguradora a brindar cobertura bajo las mismas condiciones cuando el FEAB entregue en arrendamiento bienes, emitiendo póliza independiente para el arrendatario del bien.Estos bienes consisten principalmente, aunque no se limitan, a los siguientes:
B15: EDIFICACIONES: Edificaciones. Comprende los bienes inmuebles con construcción, como edificios, casas, bodegas, locales, oficinas, garajes y depósitos que se emplean para prestación de servicios y propósitos administrativos, y aquellos que por orden judicial son puestos a disposición de la Fiscalía General de la Nación o el Fondo Especial para la Administración de Bienes (FEAB) para su administración o custodia. Incluye, pero no limitado a, remodelaciones y ornamentaciones, tales como muros, paredes, pisos, puertas, ventanas, vidrios y techos; todas sus instalaciones fijas, tales como redes de agua, gas, electricidad, alcantarillado, teléfono, calefacción, refrigeración y otras propias de la edificación, incluyendo las conexiones con las redes generales de distribución, siempre y cuando aquellas se hallen en del predio en donde se ubica; todos los demás elementos fijos que estén adheridos a los suelos, paredes, techos y que formen un mismo cuerpo con la edificación; los que sirvan para cercar el predio en donde se ubica, como rejas, mallas y muros separados, y las zonas duras como aceras y andenes, y demás aunque no se hayan mencionado específicamente. El valor asegurado incluye el costo de los honorarios por dirección de obra e interventoría, pero excluye el costo de estudio de suelos, cimientos, excavaciones, preparación del terreno y honorarios por diseño de planos. Se consideran cimientos aquellas partes del edificio que se encuentran completamente bajo el nivel de la parte más baja de la edificación a la que se tiene acceso. Se incluyen igualmente los costos de adaptación de las estructuras siniestradas, al último Código de Construcciones Sismorresistentes en Colombia.
B16: MEJORAS LOCATIVAS: Comprende todos aquellos acabados y obras realizadas en el interior del edificio, adicionales, modificatorias o complementarias a aquellas con las cuales se construyó el inmueble asegurado, tales como divisiones, falsos techos, falsos pisos, enchapes, frescos, murales y similares, etc., de propiedad o bajo responsabilidad de la Fiscalía General de la Nación o el Fondo Especial para la Administración de Bienes (FEAB), ubicados en de los predios descritos en la póliza.
B17: MUEBLES, ENSERES Y EQUIPOS DE OFICINA: Se refiere a los muebles, enseres y equipo de oficina que son utilizados en la prestación de servicios, así como los destinados a apoyar la gestión administrativa de la Fiscalía General de la Nación. Incluye sistemas de oficina abierta, archivadores, cajoneras, mesas, comedores, sillas, camas, nocheros, lámparas, persianas, archivadores rodantes; guillotinas, rotuladoras, fotocopiadoras, destructoras de papel, perforadoras, cosedoras, calculadoras; jaulas y guacales para transportes de caninos, máquinas de entrenamiento para caninos, collares electrónicos, y en general aquellos muebles, enseres, elementos, accesorios y equipo de oficina de propiedad o bajo responsabilidad de la Fiscalía General de la Nación o el Fondo Especial para la Administración de Bienes (FEAB).
B18: PLANTA, EQUIPOS Y MÁQUINAS: Se refiere a la maquinaria industrial, equipo para la construcción y perforación, herramientas y accesorios que se emplean en la prestación de servicios de la Fiscalía General de la Nación. Incluye maquinarias, montacargas, ascensores, transformadores, equipos de manejo de basuras, subestaciones, generadores, plantas de tratamiento, bombas, equipos del extractores de olores, motores de control de puertas o sitios de acceso, compresores, equipos contra incendios, equipos para construcción e instalación, motobombas, sistemas hidráulicos, equipos sumergibles, equipos de aires acondicionados, plantas eléctricas, calderas, generadores; máquinas de pesas, pesas, mancuernas, soportes para pesas y barras, máquinas elípticas, caminadoras, equipos de recreación y deporte; talanqueras, molinetes, barras perimetrales, y en general aquellos elementos, accesorios, equipos y maquinaria industrial y de construcción de propiedad o bajo responsabilidad de la Fiscalía General de la Nación o el Fondo Especial para la Administración de Bienes (FEAB).
B19: EQUIPO MÉDICO Y CIENTÍFICO: Se refiere a los equipos médicos, científicos, de investigación y de laboratorio que son utilizados en la prestación de servicios, así como los destinados a apoyar la gestión administrativa de la Fiscalía General de la Nación. Incluye equipos y accesorios de laboratorio, balística, topografía, manejo de documentos, grafología, lofoscopia, identificación humana, medicina y veterinaria, tales como balanzas, pipetas, probetas, mecheros, tubos, centrífugas, calentadores, refrigeradores, destiladores, linternas, luces y lámparas especiales, equipos de rayos X, microscopios, digitalizadores, esterilizadores, sistemas de análisis, cabinas, bombas, y en general aquellos elementos, accesorios y equipo médico y científico de propiedad o bajo responsabilidad de la Fiscalía General de la Nación o el Fondo Especial para la Administración de Bienes (FEAB).
B20: MATERIAL DE INTENDENCIA: Se refiere a fusiles, pistolas, subametralladoras, cuchillos de combate y accesorios para armas; cascos blindados, chalecos y camisas antibalas, trajes antiexplosivos, esposas, gafas, binóculos, escudos de protección, detectores de metales, equipos y aparatos de seguridad, portes de armas y en general aquellos elementos, accesorios y equipos de propiedad o bajo responsabilidad de la Fiscalía General de la Nación o el Fondo Especial para la Administración de Bienes (FEAB).
B21: EQUIPOS DE COMUNICACIÓN Y COMPUTACIÓN: Se refiere a los equipos de comunicación, de computación, antenas y radares, entre otros, que son utilizados en la prestación de servicios, así como los destinados a apoyar la gestión administrativa de la Fiscalía General de la Nación. Incluye equipos de cómputo, servidores, software, licencias, impresoras, plotters, escáneres, periféricos, equipos de telefonía móvil y fija, radios, antenas, equipos de fotografía y video, equipos de inteligencia, y en general aquellos elementos, accesorios y equipos de tecnologías de la información y las comunicaciones de propiedad o bajo responsabilidad de la Fiscalía General de la Nación o el Fondo Especial para la Administración de Bienes (FEAB).
B22: EQUIPOS DE COMEDOR, COCINA, DESPENSA Y HOTELERÍA: Se refiere al equipo de comedor, cocina, despensa y hotelería empleados para la prestación de servicios, así como los destinados a apoyar la gestión administrativa. Incluye neveras, hornos, estufas, licuadoras, planchas, extractores, congeladores, gabinetes de cocina, contenedores de basura, carros tinteros, carros de aseo, y en general aquellos elementos, accesorios y equipos de comedor, cocina, despensa y hotelería de propiedad o bajo responsabilidad de la Fiscalía General de la Nación o el Fondo Especial para la Administración de Bienes (FEAB).
B23: BIENES DE ARTE Y CULTURA: Se refiere a las obras de arte, los bienes de culto, las joyas, los elementos de museo, los elementos musicales, los libros y publicaciones de investigación y consulta. Estos elementos son utilizados para decorar o para la prestación de servicios, de propiedad de la Fiscalía General de la Nación de propiedad o bajo responsabilidad de la Fiscalía General de la Nación o el Fondo Especial para la Administración de Bienes (FEAB).
B24: BIENES EN BODEGA: Se refiere a todos los bienes de consumo y devolutivos de propiedad o bajo responsabilidad de la Fiscalía General de la Nación que, por características o circunstancias especiales, no son objeto de uso o explotación en desarrollo de las actividades, y en general todo elemento determinado como existencias o elementos de almacén disponibles para su utilización o clasificados como inservibles u obsoletos. Incluye muebles, enseres, equipos de oficina, papelería, útiles de oficina, repuestos, insumos, equipos en general, incluidos los equipos de transporte, tracción y elevación no movilizada, sus accesorios y drones no movilizados.
B25: BIENES DEL PROCESO PENAL: Se refiere a aquellos bienes muebles y demás elementos vinculados a los procesos penales o que, por orden judicial, son puestos a disposición de la Fiscalía General de la Nación o el Fondo Especial para la Administración de Bienes (FEAB) para su administración o custodia, tales como bienes incautados, bienes en comiso, elementos materiales probatorios y evidencia física (EMP/EF), elementos en cadena de custodia, entre otros. Incluye joyas, bienes de arte y cultura, equipos y accesorios de transporte, tracción y elevación aéreo, terrestre y marítimo inmovilizado, divisas y dineros, entre otros.
B26: BIENES DEVOLUTIVOS REGISTRADOS CONTABLEMENTE COMO GASTO: Se refiere a los bienes que son utilizados en la prestación de servicios, así como los destinados a apoyar la gestión administrativa de la Fiscalía General de la Nación, cuyo valor de adquisición fue inferior a $3,315,600 y fecha origen de años 2013 y anteriores, incluye bienes de menor cuantía clasificados como muebles, enseres, equipos de oficina, maquinaria y equipo, eqipo médico y cientifico, equipo de comunicación y computación, bienes de arte y cultura y equipos de comedor, cocina, despensa y hotelería de propiedad de la FIscalía General de la Nación o el Fondo para la Administración de Bienes (FEAB).
B27: 1.4. | C27: VALORES ASEGURADOS
B28: 1.4.1. Bienes Asegurables (Anexo No. 20) | F28: VALORES ASEGURADOS
B29: 1. Edificaciones | F29: 1467524027613
B30: 2. Maquinaria y equipo incluido materilal de intendencia | F30: 74577062037
B31: 3. Equipo médico y científico | F31: 127740292966
B32: 4. Muebles, enseres y equipo de oficina | F32: 134823209120
B33: 5. Equipo de comunicación y computación | F33: 410665337465
B34: 6. Bienes de arte y cultura | F34: 561885293
B35: 7. Equipos de comedor, cocina, despensa y hotelería | F35: 2432238071
B36: 8. Adecuación a la norma de sismo resistencia (15% del valor asegurado total de edificios) | F36: 220128604142
B37: INDICE VARIABLE 11%: (ITEM 1) | F37: =+F29*11% -> 1.6142764e+11
B38: SUBTOTAL | F38: =SUM(F29:G37) -> 2.5998803e+12
B39: 1.4.2. Bienes con Sublímites
B40: BIENES Y/O RIESGO CON SUBLÍMITE A PRIMERA PÉRDIDA ABSOLUTA SIN APLICACIÓN DE INFRASEGURO | F40: SUBLÍMITE
B41: Bienes en bodega | F41: 9000000000
B42: Bienes devolutivos registrados contablemente como gasto | F42: 20000000000
B43: Bienes de museo, incluyendo murales (valor admitido) | F43: 600000000
B44: Bienes del proceso penal | F44: 56000000000
B45: Dinero dentro y fuera de caja fuerte | F45: 500000000
B46: Daños o pérdidas sobre muebles e inmuebles arrendados (se califica el aumento del sublimite sin cobro de prima) | F46: 70000000000
B47: Adecuación de terrenos 5% | F47: =ROUND((F29*5%),0) -> 73376201381
B48: TOTAL SUBLIMITES A PRIMERA PÉRDIDA ABSOLUTA | F48: =SUM(F41:G47) -> 229476201381
B49: TOTAL VALOR ASEGURADO + SUBLÍMITES | F49: =+F48+F38 -> 2.8293565e+12
B51: NOTAS:
B52: 1 - Los Sublímites antes indicados en el numeral 1.4.2.,corresponden al monto mínimo que deben contemplar las aseguradoras para la propuesta de cobertura de los bienes y/o riesgos.
B53: 2 - Teniendo en cuenta la imposibilidad de establecer valor asegurable para este tipo de bienes por sus características y/o su condición de flotantes, queda expresamente declarado y aceptado por la aseguradora que la misma admite que para estos no exigirá el reporte de valor asegurable y por lo tanto no aplica la condición de seguro insuficiente para los bienes con sublímites relacionados en el numeral 1.4.2.
B54: 1.4.3. | C54: BASE DE VALORACIÓN DE LOS BIENES ASEGURADOS
B55: EDIFICIOS: Valor de reconstrucción.
B56: BIENES UTILIZADOS O DISPONIBLES PARA SER UTILIZADOS EN LA PRESTACIÓN DE SERVICIOS, ASÍ COMO LOS DESTINADOS A APOYAR LA GESTIÓN ADMINISTRATIVA: Valor de reposición o reemplazo.
B57: BIENES INSERVIBLES PARA DAR DE BAJA: Valor fiscal y/o de uso o de remate.
B58: BIENES DE ARTE Y CULTURA: Valor Admitido sin aplicación de infraseguro.
B59: 1.4.4. | C59: BASE PARA LA DETERMINACIÓN Y APLICACIÓN DEL CONCEPTO SUBLÍMITE / VIGENCIA / AGREGADO ANUAL.
B60: Para la totalidad de Coberturas y/o condiciones básicas sublímitadas, queda expresamente aceptado por parte de los proponentes que, en concordancia con la vigencia de la póliza que se adjudique, cada Sublímite operará así:
B61: VIGENCIA 2026: | C61: Sublímite indicado Evento/Vigencia
B62: VIGENCIA 2027: | C62: Sublímite indicado Evento/Agregado Anual.
B63: VIGENCIA 2028: | C63: Sublímite indicado Evento/Vigencia
B64: 1.4.5. | C64: AJUSTE DE VALORES ASEGURADOS AL INICIO DE LA VIGENCIA
B65: Para efectos de comparación de las propuestas, la cotización se deberá presentar sobre los valores asegurados arriba indicados. No obstante la póliza inicial se deberá expedir con los valores que la Entidad reporte previo a la emisión del documento, el cual incluirá las variaciones por inclusiones o exclusiones de bienes y por ajustes y depuraciones en el inventario.
B66: 1.5. | C66: COBERTURAS BÁSICAS
B67: Todo Riesgo: Bajo esta póliza se otorga amparo en la modalidad de todo riesgo por las pérdidas, daños materiales o desaparición que afecten los bienes asegurados, activos o inactivos, por cualquier riesgo o causa que no se encuentre expresamente excluida en este Anexo Técnico. Se incluyen, entre otros y sin limitarse a ellos, incendio, rayo; explosión; anegación; daños por agua; hurto y hurto calificado; hurto de partes y elementos de las edificaciones; actos mal intencionados de terceros, asonada, motín, conmoción civil o popular, huelga, sabotaje y terrorismo; terremoto, temblor, erupción volcánica, maremoto, marejada, tsunami, vientos fuertes, granizo y demás eventos de la naturaleza; impacto de vehículos terrestres, caída de aeronaves y/o de piezas o partes que se desprendan de ellas; humo; impericia; descuido; manejo inadecuado; corriente débil, acción directa de la energía eléctrica, cortocircuitos, arcos voltaicos, sobrevoltajes, sobretensión, bajatensión y eventos similares; equipos sumergibles y plantas; hundimiento, asentamiento, deslizamiento y desplazamiento de terrenos, muros, pisos y techos; caída de rocas, árboles y aludes; pérdida de contenido y derrame de tanques; así como los eventos propios de rotura de maquinaria, incluyendo pero sin limitarse a: defectos de fabricación, fundición y uso de materiales defectuosos, sobrecalentamiento, defectos de mano de obra, montaje incorrecto y/o defectuoso, rotura debido a fuerza centrífuga, cuerpos extraños que se introduzcan en la maquinaria asegurada, implosión, explosión química de gases impropiamente quemados en la cámara de combustión de calderas o máquinas de combustión interna, explosión física. Se entienden incluidos los riesgos mencionados en el artículo 1105 del Código de Comercio, excepto guerra civil o internacional. Ninguna condición general de la aseguradora podrá convertir esta cobertura en una modalidad de riesgos nombrados.
B68: NOTA 1: | C68: LAS ASEGURADORAS DEBEN TENER EN CUENTA QUE NO SE ACEPTA PROPUESTA BAJO LA MODALIDAD DE RIESGOS NOMBRADOS, Y EL OFERENTE CON LA PRESENTACIÓN DE LA PROPUESTA ACEPTA ESTA CONDICIÓN.
B69: NOTA 2: | C69: QUEDA EXPRESAMENTE ACEPTADO POR LA ASEGURADORA QUE LAS CONDICIONES, COBERTURAS Y CLÁUSULAS BÁSICAS PARA LAS CUALES NO SE INDIQUE SUBLÍMITE OPERARÁN AL 100% DEL VALOR ASEGURADO. LOS SUBLÍMITES SOLO OPERARÁN RESPECTO DE LA COBERTURA O CONCEPTO AL CUAL SE ASIGNEN EXPRESAMENTE Y NO PODRÁN EXTENDERSE POR ANALOGÍA A OTRAS COBERTURAS.
B70: NOTA 3: | C70: CADA SUBLÍMITE INDICADO APLICA COMBINADO PARA TODOS LOS BIENES ASEGURADOS Y OPERAN EN EXCESO DEL VALOR ASEGURADO TOTAL DE LA PÓLIZA.
B71: TERREMOTO, TEMBLOR Y/O ERUPCIÓN VOLCÁNICA Y DEMÁS EVENTOS DE LA NATURALEZA. Sublímite básico obligatorio de $60.000.000.000 evento / $115.000.000.000 (vigencia 1.4.4.) combinado para las coberturas de daños materiales. | E71: Bajo este amparo, la aseguradora se compromete a indemnizar al Asegurado hasta el límite del valor asegurado de este sublímite, los daños y/o pérdidas materiales que sufran los bienes asegurados causados por terremoto, temblor y/o erupción volcánica y demás eventos de la naturaleza, o por incendio originado por tales fenómenos.
B72: ACTOS MAL INTENCIONADOS DE TERCEROS ASONADA, MOTÍN, CONMOCIÓN CIVIL O POPULAR Y HUELGA (INCLUIDO TERRORISMO Y SABOTAJE). Sublímite básico obligatorio de $39.000.000.000 evento / $72.000.000.000 (vigencia 1.4.4.) combinado para las coberturas de daños materiales. Se califica en Condiciones Adicionales (Anexo No. 16) el aumento del sublímite ofrecido. | E72: La aseguradora se compromete a indemnizar al Asegurado hasta el límite del valor asegurado de este sublímite, los daños y/o pérdidas materiales que sufran los bienes asegurados causados por: Actos Mal Intencionados de Terceros y Terrorismo: Destrucción y daños materiales provenientes de actos terroristas, aún aquellos que sean cometidos por individuos pertenecientes a movimientos subversivo, incluida la explosión originada en tales fenómenos. Asonada, Motín, Conmoción Civil o Popular:Los daños y/o pérdidas materiales causados por personas intervinientes en desordenes, confusiones, alteraciones, y disturbios de carácter violento y tumultuario. Así como asonada según la definición del Código Penal. Huelga: Los daños y/o pérdidas materiales causados por huelguistas o por personas que tomen parte en conflictos colectivos de trabajo o suspensión de hecho de labores. Saqueo: Los daños y/o pérdidas materiales causados por eventos de saqueo (apropiación de bienes como consecuencia de de AMCCoPH y AMIT incluido T&S)
B73: COBERTURA POR ROTURA DE VIDRIOS Sublímite de $3.000.000.000 (vigencia 1.4.4.) incluidos los eventos de Actos Mal Intencionados de Terceros Asonada, Motín, Conmoción Civil o Popular y Huelga (Incluido Terrorismo y sabotaje) y cualquier evento de la naturaleza. | E73: La aseguradora se compromete a indemnizar al asegurado hasta el límite del valor asegurado de este sublímite, la rotura que sufran los vidrios, domos, acrÍlicos u otros materiales que hagan sus veces, al igual que los cristales, espejos y unidades sanitarias instalados y que formen parte del predio asegurado, incluidos aquellos que sean parte decorativas de los mismos, incluidas las películas de seguridad. En caso de ocurrencia de un siniestro que afecte vidrios amparados bajo la póliza de Todo Riesgo Daños Materiales, la compañía de seguros deberá garantizar, como parte de la atención del siniestro, el suministro, transporte, instalación y reposición de los vidrios afectados, a través de un (os) proveedor (es) especializado (s) e idóneo (s) dispuesto por la aseguradora, conforme a las condiciones establecidas en las OBLIGACIONES GENERALES DEL FUTURO CONTRATISTA, del pliego de condiciones, "SERVICIO DE REPOSICIÓN DE VIDRIOS POR ROTURA"
B74: HURTO Y HURTO CALIFICADO Sublímite de $5.500.000.000 (vigencia 1.4.4.) combinado para todos los bienes. Se califica en Condiciones Adicionales ((Anexo No. 16) el aumento del sublímite ofrecido. | E74: La aseguradora se compromete a indemnizar al Asegurado hasta el límite del valor asegurado de este sublímite, las pérdidas y/o daños materiales de los bienes asegurados, ocasionados por cualquier evento de hurto y hurto calificado, inclusive aquellos que se deriven de: - Hurto Calificado o Hurto Simple (éste último extendido a la la desaparición misteriosa de bienes únicamente en el desarrollo de las actividades de la entidad) según se define en el Código Penal. - Daños causado por la tentativa de hurto o hurto calificado - Terremoto, temblor, erupción volcánica o cualquier otro fenómeno de la naturaleza. - Caída o destrucción total o parcial del predio asegurado.
B75: GASTOS PARA LA ADECUACIÓN DE SUELOS Y TERRENOS. Hasta el 5% (vigencia 1.4.4.) del valor asegurado del inmueble afectado. | E75: La aseguradora se compromete a indemnizar al asegurado los gastos razonables para la adecuación de suelos y terrenos y hasta el límite del porcentaje acá establecido, las pérdidas que sufra la Entidad por daños materiales como consecuencia de Terremoto, temblor, erupción volcánica o cualquier otro evento de la naturaleza, que se originen en las siguientes situaciones: a) Alteración de las características del suelo sobre el cual se levante la edificación asegurada, de tal forma que las nuevas características de dicho suelo pongan en condiciones inhabitables dicha edificación. b) Imposibilidad del asegurado para reparar o reconstruir la edificación asegurada, en virtud de disposiciones legales o administrativas, adoptadas por autoridad competente como consecuencia de la ocurrencia de un evento asegurado, que afecte en forma grave y notoria las características del terreno. De igual forma queda expresamente aclarado y convenido que la responsabilidad de la aseguradora se establece respectivamente así: a) El valor de los costos y gastos en que necesaria y razonablemente deba incurrir el asegurado para la recuperación de la estabilidad y capacidad portante del suelo, de tal manera que se garantice la estabilidad de la edificación asegurada. b) El costo de adquisición de un lote o terreno de características y ubicación similares al lote sobre el cual se levante la edificación asegurada. Para los efectos de este amparo se entenderá por valor asegurado el valor comercial del lote de terreno asegurado de acuerdo con su superficie y ubicación. Para los efectos de este amparo, la aseguradora efectuará el pago de la indemnización a que se refiere el segundo ítem del presente amparo, una vez el asegurado haya efectuado a su costa, mediante escritura pública debidamente registrada, el traspaso de los derechos sobre el terreno asegurado a nombre de la aseguradora.
B76: CLÁUSULA DE ADECUACIÓN DE CONSTRUCCIONES A LAS NORMAS DE SISMO RESISTENCIA. Sublímite del 15% (vigencia 1.4.4.) del valor de la reparación o reconstrucción de la parte de la edificación afectada. | E76: Queda expresamente convenido y acordado que en caso de siniestro la aseguradora indemnizará los costos de adecuación, del o de los inmuebles afectados a las normas de sismo resistencia vigentes al momento del siniestro, en exceso del monto total de la reparación o la reconstrucción de los daños o pérdidas que afecten los inmuebles o construcciones aseguradas, que se generen a consecuencia de cualquier evento amparado bajo la presente póliza. Los costos amparados bajo la presente cláusula comprenden, costos de diseño y rediseño, honorarios profesionales de ingenieros, arquitectos, topógrafos, interventores, consultores, tecnólogos, técnicos o cualquier otro profesional, para efectuar trabajos de planos, especificaciones y/o cualquier otro trabajo y ejecución de obras relacionadas con la reparación y/o reconstrucción de las partes del inmueble afectado y dirigidas a la adecuación de las mismas a las normas de sismo resistencia y todos aquellos inherentes que se requieran para la adecuación vigente.
B77: GASTOS ADICIONALES. Sublímite por la suma de $24.000.000.000 (vigencia 1.4.4.), sin aplicación de deducible y combinado para los siguientes gastos y coberturas. Se califica en Condiciones Adicionales (Anexo No. 16) el aumento del sublímite ofrecido. | E77: No obstante lo que se diga en contrario en las condiciones generales de la póliza, la Compañía se obliga a indemnizar los gastos adicionales (que no tengan carácter de permanentes), debidamente comprobados en que necesaria y razonablemente incurra el asegurado, como consecuencia directa del siniestro. Estos gastos deben ser previamente aprobados por la aseguradora y la Entidad se compromete para estos casos presentar previamente cotización de estos gastos (cuando se requiera), la aseguradora se reserva el derecho de poder cotizar con sus proveedores los servicios que demanden la aplicación de estos gastos.
B78: 1. Gastos razonables de horas extras, trabajo nocturno o en días festivos y flete expreso y aéreo. | E78: Bajo esta cobertura se amparan los gastos adicionales y extraordinarios por concepto de horas extras, trabajo nocturno o en días festivos, flete expreso y aéreo, que se incurran con motivo de una pérdida o daño amparado.
B79: 2. Gastos razonables de viajes y estadía. | E79: Bajo esta cobertura se amparan los gastos de viajes de y estadía de funcionarios, empleados y técnicos que intervienen en la planificación de la reconstrucción o adquisición de los bienes asegurados.
B80: 3. Gastos para la Demostración del Siniestro. | E80: Bajo este amparo se cubren los gastos razonables en que incurra el asegurado, para la demostración de la ocurrencia y cuantía del siniestro y serán indemnizados bajo esta póliza.
B81: 4. Gastos para la preparación y demostración del Siniestro. | E81: Bajo este amparo se cubren los gastos razonables en que incurra o deba incurrir el asegurado, para la preparación y demostración de la ocurrencia y cuantía del siniestro y serán indemnizados bajo esta póliza. La aseguradora indemnizará hasta el 100% de los gastos demostrados. El seguro de esta póliza incluye los costos razonables y sustentables incurridos por el Asegurado (incluida la utilización por parte del Asegurado de consultores externos) para la preparación, presentación, demostración, certificación y / o verificación de cualquier reclamación resultante de la pérdida asegurada bajo esta póliza. Esta póliza se extiende para incluir los costos y gastos incurridos por el asegurado o por los representantes de cualquier asegurado (Ajustadores/Liquidadores/Reguladores, Abogados, Contadores, Expertos, asesores, especialistas, profesionales de siniestros y similares, etc.) en la preparación, justificación y demostración del monto de cualquier reclamación bajo esta póliza
B82: 5. Gastos para la extinción del incendio. | E82: La Compañía se obliga a indemnizar el 100% de los gastos en que necesaria y razonablemente incurra o deba incurrir el asegurado así como los costos de los productos o sustancias utilizadas, o de los elementos o equipos destruidos total o parcialmente, como consecuencia de las actividades dirigidas a la extinción de cualquier siniestro amparado por la póliza o para evitar su propagación, de acuerdo con lo señalado en el artículo 1074 del Código de Comercio. Se precisa que bajo ninguna circunstancia se considerara como gastos de extinción de un incendio la colaboración personal prestada por el asegurado, ni la de sus empleados, obreros o sus contratistas para el apoyo a la gestión.
... B105: COBERTURA PARA BIENES CULTURALES, OBRAS DE ARTE Y BIENES DEL PATRIMONIO CULTURAL – MODALIDAD “CLAVO A CLAVO” Sublímite de $2.000.000.000 evento / $4.000.000.000 (vigencia 1.4.4.), | E105: Queda entendido, convenido y aceptado que la presente póliza ampara automáticamente, bajo la modalidad de Todo Riesgo y “Clavo a Clavo”, las pérdidas y/o daños materiales que sufran los bienes culturales, obras de arte, piezas museográficas, históricas, arqueológicas, documentales y, en general, todos aquellos bienes que sean de propiedad del Asegurado y/o que se encuentren bajo su responsabilidad, tenencia, custodia o control, y/o que sean recibidos de terceros para exposiciones, muestras, exhibiciones, conservación, custodia u otros fines relacionados con las actividades de la Entidad. La cobertura operará contra todo riesgo de pérdida y/o daño material, e incluirá, entre otros, los eventos de hurto, hurto calificado, desaparición como consecuencia de un evento amparado, rotura, caída, golpe, choque, volcamiento, colisión, incendio, explosión, daños por agua, actos malintencionados de terceros, movilización, manipulación, cargue, descargue, embalaje, desembalaje, instalación, montaje, desmontaje, desinstalación y transporte. La cobertura bajo la modalidad “Clavo a Clavo” se entenderá vigente desde el momento en que el bien sea removido o levantado de su ubicación habitual o lugar de origen con el propósito de iniciar su embalaje, preparación o movilización, continuará sin interrupción durante las operaciones de embalaje, manipulación, cargue, transporte, descargue, desembalaje, montaje, instalación, exhibición y permanencia en el lugar de destino, así como durante el trayecto de regreso y las operaciones correspondientes, y terminará únicamente cuando el bien haya sido nuevamente instalado, colocado o ubicado en su lugar definitivo de destino u origen, según corresponda. La cobertura será aplicable independientemente de que las labores de embalaje, manipulación, cargue, descargue, movilización o transporte sean realizadas directamente por el Asegurado, por el propietario del bien, por el prestamista, por transportadores, operadores logísticos, empresas especializadas o por terceros contratados para tal efecto.
B106: 1.6. | C106: CLÁUSULAS BÁSICAS
B107: ACTOS DE AUTORIDAD | E107: La póliza se extiende a cubrir los daños o pérdidas materiales de los bienes asegurados, causados directamente por la acción de la autoridad legalmente constituida, ejercida con el fin de disminuir o aminorar las consecuencias de cualquiera de los riesgos amparados. Se excluye embargo y confiscación.
B108: REVOCACIÓN DE LA PÓLIZA, CLÁUSULAS O CONDICIONES. Con Termino de ciento veinte (120) días y para AMIT, AMCCOPH, Terrorismo y Sabotaje treinta (30) días. | E108: La aseguradora podrá revocar la póliza, cláusulas o condiciones unilateralmente por la compañía, mediante noticia escrita enviada al asegurado, a su última dirección registrada, con no menos de ciento veinte (120) días y para AMIT Y AMCCOPH treinta (30) días, de antelación; contados a partir de la fecha del envío. El asegurado podra pedir la revocación en cualquier momento, según lo previsto en el Código de Comercio. Así mismo, en el caso de que la aseguradora decida no otorgar renovación o prorroga del contrato de seguro, excepto para AMIT, AMCCOPH, Terrorismo y Sabotaje, deberá dar aviso de ello al asegurado con no menos de ciento veinte (120) días de antelación a la fecha de vencimiento de la póliza, en caso contrario se dará por entendido que la aseguradora acepta la renovación o prorroga hasta el límite legal establecido en la Ley 80 de 1993, para la adición de los contratos y manteniendo las mismas condiciones ofertadas en este proceso de aseguradoras.
B109: AMPLIACIÓN DEL AVISO DE SINIESTRO. Término de noventa (90) días y para AMIT, AMCCOPH, Terrorismo y Sabotaje Treinta (30) días. | E109: La póliza extiende el término de aviso de la ocurrencia del siniestro, por parte del asegurado en el término señalado y siguientes a la fecha en que lo haya conocido o debido conocer. NOTA: El aviso de siniestros para AMIT, S&T, HMACCP es de 30 días.
B110: COBERTURA AUTOMÁTICA PARA NUEVAS PROPIEDADES Y BIENES. Sublímite de hasta $50.000.000.000 (vigencia 1.4.4.) y aviso de ciento cincuenta (150) días. | E110: Mediante la presente cláusula, la aseguradora se obliga a otorgar cobertura automática para los bienes que adquiera o reciba, construya, esten en montajes, instale, remodele o adecúe, a cualquier título, sean nuevos o usados, sobre los cuales éste tuviere interés asegurable o queden bajo su responsabilidad, cuidado o control del asegurado, bajo las mismas condiciones ofrecidas en el presente proceso y a partir del momento en que el asegurado asuma la responsabilidad por los mismos. La aplicación de esta condición queda sujeta a que el asegurado se obliga a dar aviso a la aseguradora dentro del término señalado a la adquisición o recibo de los mismos. Esta condición dará derecho a la compañía al cobro de la prima proporcional, calculada a prorrata, con las tasas adjudicadas y correspondiente al periodo de amparo, incluido el término automático otorgado para esta condición. Así mismo queda acordado y convenido, que si el valor supera el sublímite de la presente cláusula, la cobertura aplicará hasta dicho monto y la cobertura del valor adicional operará a partir de la fecha de reporte y solicitud formulada por la entidad asegurada. En el caso de bienes en construcción, montaje y remodelación se excluye ALOP, RCE, Mantenimiento, Pruebas, Errores de diseño y Riesgo Petroquímico.
B111: AMPARO AUTOMÁTICO POR CAMBIO DE UBICACIÓN DEL RIESGO. | E111: Mediante la presente condición, queda expresamente acordado que la cobertura del seguro se extiende a cubrir los bienes asegurados, que cambien de dirección o nomenclatura, ubicación o sean trasladados a otro(s) sitio(s), siempre y cuando ello se genere por las necesidades de la operación y/o servicio de la entidad asegurada o tomadora. El término dentro del cual la Entidad efectuará dicha notificación a la aseguradora será de noventa (90) días calendario siguientes, contados a partir de la fecha efectiva en que se materialice el traslado operativo de los bienes
B112: EXPERTICIO TÉCNICO | E112: Queda convenido, entendido y aceptado que en el evento de existir una discrepancia entre la compañía y el asegurado en cuanto a si el siniestro constituye una pérdida total o parcial, o con relación a otros aspectos de orden técnico, la cuestión será sometida a decisión de la decisión de ingenieros, técnicos o peritos expertos, los cuales serán escogidos de comun acuerdo con la aseguradora.
B113: CONOCIMIENTO DEL RIESGO | E113: La Compañía acepta mediante la presente cláusula que la Entidad, le ha brindado la oportunidad para realizar la inspección de los bienes y riesgos a que están sujetos los mismos y el patrimonio del Asegurado, razón por la cual se deja constancia del conocimiento y aceptación de los hechos, circunstancias y, en general, condiciones de los mismos. La compañía se reserva el derecho de llevar a cabo la inspección cuantas veces lo juzgue pertinente; sin embargo, no podrá generar restricción de cobertura, aplicación de garantías, modificación de tasas y/o de cualquiera de las condiciones exigidas en el presente pliego de condiciones y/o contempladas en la oferta.
B114: CONOCIMIENTO DE LA POLIZA POR LOS INTEGRANTES DEL CONSORCIO O UNIÓN TEMPORAL | E114: Cuando se asocien dos o más aseguradoras, bajo la modalidad de consorcio o unión temporal aplica esta cláusula. Las Compañías integrantes del consorcio o unión temporal contratista del presente seguro, conocen y aceptan las condiciones generales y particulares de la póliza y anexos suscritos por la Compañía líder.
B115: DAÑOS Y PÉRDIDA A DINEROS, DIVISAS Y TÍTULOS VALORES. Sublímite $500.000.000 (vigencia 1.4.4.), | E115: Queda aceptado y convenido, que la aseguradora, no obstante las exclusiones generales de la póliza, mediante la inclusión de esta cláusula, la compañía asumirá las indemnizaciones por daños y pérdidas a dineros, divisas o títulos valores, dentro o fuera de caja fuerte, como consecuencia de un siniestro amparado por este seguro
B116: EXTENSIÓN DE COBERTURA PARA DAÑOS Y/O PÉRDIDAS CONSECUENCIALES | E116: La aseguradora acepta y conviene que la presente póliza se extiende a amparar los daños y/o pérdidas consecuenciales que afecten los bienes asegurados que sean derivadas de cualquier tipo de riesgo, bajo los mismos términos del seguro; siempre y cuando las mismas sean causadas por alguno de los riesgos amparados con la presente póliza, incluyendo las pérdidas y/o daños en medios de operación, como combustibles, lubricantes, refrigerantes o agentes químicos, entre otros. NOTA: No se cubren las pérdidas consecuenciales de cualquier tipo, tales como lucro cesante, pérdida de ingresos, pérdida de utilidades o pérdida de beneficios y pérdida de mercado.
B117: REPOSICIÓN O REEMPLAZO PARA TODOS LOS BIENES ASEGURADOS | E117: Bajo esta cláusula queda entendido, convenido y aceptado que en caso de siniestro que afecte cualquiera de los bienes amparados por la presente póliza, el pago de la indemnización se realizará por el valor de reposición o de reemplazo del bien asegurado. Por lo tanto el ajuste de la pérdida se realizará sin efectuar deducciones por concepto de mejoras tecnológicas y/o depreciación y/o deméritos cualquiera que sea su origen y/o cualquier concepto similar, cualquiera sea su denominación, y se tomará para su indemnización el valor de reposición a nuevo, de conformidad con lo señalado por el artículo 1090 del Código de Comercio.
B118: PAGO DE LAS INDEMNIZACIONES A VALOR DE REPOSICIÓN O REEMPLAZO A NUEVO DE LOS BIENES AFECTADOS. | E118: Bajo esta cláusula la Compañía pagará la indemnización por el valor de la reposición o reemplazo del bien o bienes asegurados, cuando el conjunto o la totalidad de ellos queden destruidos o de tal modo averiados que pierdan la aptitud para el fin a que están destinados o cuando no obstante no perder esa aptitud, su reparación aunque se facilite, implique perjuicios en la calidad o eficiencia en la producción u operación y de conformidad con lo siguiente:
B119: RECONSTRUCCIÓN, REPOSICIÓN, REPARACIÓN O REEMPLAZO. | E119: a) Se entiende por valor de reposición del bien o los bienes, el valor a nuevo del mismo o de los mismos, sin deducción alguna por depreciación, demérito, uso, vetustez, o en fin, por cualquier otro concepto.
E120: b) Si con ocasión del siniestro, la reposición o reparación del bien, conjunto o totalidad de los bienes, ó de un grupo de estos o de cualquiera de ellos, el asegurado hiciera cualquier cambio o reforma en sus instalaciones, o reemplazare el o los bienes siniestrados por otro u otros de diferente naturaleza, o de mayor capacidad, serán de su cuenta los mayores costos que dichos cambios ocasionen. Se indemnizará a valor de reposición cuando el conjunto o la totalidad ellos queden destruidos o de tal modo averiados que pierdan la aptitud para el fin para el que están destinados o cuando, no obstante, no perder esa aptitud, su reparación, aunque se facilite, implique perjuicios en la calidad o eficiencia en la producción u operación.
E121: c) La Aseguradora también se obliga a indemnizar el siniestro total o parcial con base en el valor de la reconstrucción, reposición, reparación o reemplazo, si se hace conveniente o necesaria la reconstrucción en un sitio distinto al del sitio afectado por el siniestro, sin que la indemnización exceda de la suma que hubiere debido indemnizar en casos normales.
E122: d) Queda expresamente convenido y acordado que, en caso de siniestro de bienes cotizados bajo cualquier denominación de moneda extranjera, la aseguradora liquidará el bien con la Tasa Representativa del Mercado (TRM) del día del siniestro. En caso que para efectos de la indemnización se tenga una variación significativa de la TRM, la aseguradora se compromete a ajustar la liquidación con la TRM de la fecha del día del pago.
B123: DESIGNACIÓN O DENOMINACIÓN DE BIENES | E123: La aseguradora acepta el título, nombre, designación, denominación o nomenclatura con que el asegurado identifica o describe los bienes asegurados en sus registros o libros de comercio o contabilidad.
B124: MODIFICACIONES A FAVOR DEL ASEGURADO | E124: Los cambios o modificaciones a las condiciones de la presente póliza, serán acordados mutuamente entre la compañía y el asegurado. El certificado, documento o comunicaciones que se expidan para formalizarlos debe ser firmado, en señal de aceptación, por un representante legal del asegurado o funcionario autorizado, prevaleciendo sobre las condiciones de esta póliza. No obstante si durante la vigencia de la póliza se presentan modificaciones en las condiciones del seguro, legalmente aprobadas que representen un beneficio a favor del asegurado, tales modificaciones se consideran automáticamente incorporadas. Siempre y cuando no causen cobro de prima adicional.
B125: ERRORES, OMISIONES O INEXACTITUDES | E125: El tomador está obligado a declarar sinceramente los hechos y circunstancias que determinen el estado del riesgo. La inexactitud sobre hechos o circunstancias que, conocidas por la compañía, la hubieren retraído de celebrar el contrato o inducido a estipular condiciones más onerosas, produce la nulidad relativa del seguro. Sin embargo, si se incurriere en errores, omisiones e inexactitudes inculpables al tomador o al asegurado, el contrato no será nulo ni habrá lugar a la aplicación del inciso tercero del artículo 1058 del Código de Comercio sobre reducción porcentual de la prestación asegurada. En este caso se deberá pagar la prima adecuada al verdadero estado del riesgo.
...

Sheet G1 - 2. C. BÁSICAS MANEJO
B3: FISCALÍA GENERAL DE LA NACIÓN
B4: ANEXO No. 15A - CONDICIONES TECNICAS BÁSICAS OBLIGATORIAS
B5: GRUPO No. 1
B7: 2. PÓLIZA DE SEGURO GLOBAL DE MANEJO PARA ENTIDADES OFICIALES
B8: 2.1. | C8: INFORMACIÓN GENERAL
B9: TOMADOR: | C9: FISCALIA GENERAL DE LA NACIÓN | F9: NIT. | G9: 800.152.783-2
B10: ASEGURADO: | C10: FISCALIA GENERAL DE LA NACIÓN Y/O FONDO ESPECIAL PARA LA ADMINISTRACIÓN DE BIENES FEAB | F10: NIT. | G10: 800.152.783-2 / 901.148.337-1
B11: BENEFICIARIO: | C11: FISCALIA GENERAL DE LA NACIÓN Y/O FONDO ESPECIAL PARA LA ADMINISTRACIÓN DE BIENES FEAB | F11: NIT. | G11: =+G10 -> 800.152.783-2 / 901.148.337-1
B12: 2.2. | C12: OBJETO DEL SEGURO
B13: Amparar el menoscabo que sufran los fondos, valores y bienes de la FISCALÍA GENERAL DE LA NACIÓN y/o del FONDO ESPECIAL PARA LA ADMINISTRACIÓN DE BIENES – FEAB ocasionado por empleados, funcionarios, servidores, sus reemplazos y demás personas comprendidas en la definición de trabajador o empleado de esta póliza, por actos que se tipifiquen como delitos contra la administración pública o fallos con responsabilidad fiscal, de conformidad con las coberturas y condiciones del presente anexo. La cobertura no estará condicionada a la existencia de sentencia penal o fallo fiscal cuando la ocurrencia y cuantía de la pérdida se encuentren acreditadas conforme al contrato y a la ley
B14: 2.3. | C14: LÍMITE ASEGURADO EVENTO /AGREGADO ANUAL
B15: Oferta Básica: Se califica en Condiciones Adicionales (Anexo No. 16) el aumento del límite asegurado sin cobro de prima adicional. | F15: 1400000000
B16: 2.3.1. | C16: MODALIDAD DE COBERTURA:
B17: Los amparos otorgados operan bajo modalidad de OCURRENCIA. Se cubren las pérdidas patrimoniales cuyo hecho generador o conducta amparada ocurra durante la vigencia de la póliza, aun cuando su descubrimiento, investigación, determinación de responsabilidad o reclamación tenga lugar con posterioridad, sujeto exclusivamente a los términos legales de prescripción aplicables y a las demás condiciones más favorables previstas en este anexo. Ninguna condición general de la aseguradora podrá transformar esta cobertura en modalidad claims made, descubrimiento o reclamación.
B18: 2.3.2. | C18: BASE PARA LA DETERMINACIÓN Y APLICACIÓN DEL CONCEPTO SUBLÍMITE / VIGENCIA / AGREGADO ANUAL
B19: Para la totalidad de Coberturas y/o condiciones básicas sublímitadas, queda expresamente aceptado por parte de los proponentes que, en concordancia con la vigencia de la póliza que se adjudique, cada Sublímite operará así:
B20: VIGENCIA 2026: | C20: Sublímite indicado Evento/Vigencia
B21: VIGENCIA 2027: | C21: Sublímite indicado Evento/Agregado Anual.
B22: VIGENCIA 2028: | C22: Sublímite indicado Evento/Vigencia
B23: 2.4. | C23: CARGOS ASEGURADOS
B24: TOTAL CARGOS ASEGURADOS: | D24: La planta de personal aprobada asciende a un total de 24.751 funcionarios, a la fecha el número de cargos ocupados es de 22.103
B25: NOTA: | C25: CADA SUBLÍMITE INDICADO ESTÁ CONTEMPLADO DENTRO VALOR ASEGURADO TOTAL DE LA PÓLIZA
B26: 2.5. | C26: COBERTURAS BÁSICAS
B27: DELITOS CONTRA LA ADMINISTRACIÓN PÚBLICA | E27: La aseguradora indemnizará la pérdida económica que sufra la Entidad a consecuencia de actos que se tipifiquen como delitos contra la administración, cometidos por empleado(s) en desempeño de(los) cargo(s) señalados en el numeral 2.4.
B28: GASTOS DE RECONSTRUCCIÓN O RENDICIÓN DE CUENTAS | E28: La aseguradora mediante este amparo cubre los gastos que la Entidad tenga que incurrir en caso de abandono del cargo o fallecimiento del empleado, para llevar a cabo los procesos de rendición y reconstrucción de cuentas.
B29: DELITOS CONTRA EL PATRIMONIO ECÓNOMICO | E29: La aseguradora mediante este amparo indemnizará la pérdida económica que sufra la Entidad, por aquellas conductas penalmente sancionables, cometidas por los empleados de la Entidad, que no dan cuenta de un buen manejo de los recursos estatales y que causan detrimento al patrimonio del estado.
B30: JUICIOS CON RESPONSABILIDAD FISCAL Y ALCANCES FISCALES | E30: La aseguradora mediante este amparo cubre los procesos de responsabilidad fiscal con ocasión de la ejecución de actos que den lugar a iniciación de juicios de esta naturaleza, al igual que los alcances fiscales.
B31: PÉRDIDA DE EMPLEADOS NO IDENTIFICADOS AL 100% DEL LÍMITE ASEGURADO | E31: En caso de ocurrencia de cualquier pérdida, pero que la Entidad no pudiera determinar específicamente al empleado o los empleados responsables, la aseguradora reconocerá la indemnización correspondiente, siempre y cuando las circunstancias que dieron lugar al evento, permitan considerar que en la ocurrencia del mismo intervinieron uno o varios empleados de la Entidad, a cualquier titulo (autor intelectual, material o cómplice). Queda entendido que la responsabilidad de la compañía, respecto de tales pérdidas, no excederá en ningún caso del monto asegurado estipulado en la póliza.
B32: PROTECCIÓN DE DEPÓSITOS BANCARIOS AL 100% DEL LÍMITE ASEGURADO | E32: Cubre las pérdidas de dinero que el asegurado tenga depositado en sus cuentas corrientes o de ahorro en entidades bancarias o financieras (incluidos sus respectivos intereses), que se deba a falsificación o adulteración de un cheque, letra de cambio, pagaré, carta de crédito o cualquier otra clase de título valor que el banco o entidad financiera presuma que ha sido firmado, endosado o avalado por el asegurado o por una persona que obre en su nombre o representación y que el banco o entidad financiera compruebe que no es responsable por dicho pago, incluyendo: a) Cualquier cheque o giro hecho o girado en nombre de la Entidad pagadero a una persona ficticia y endosado o pagado a nombre de dicha persona. b) Cualquier cheque o giro hecho o girado en transacción de la Entidad o por su representante a favor de un tercero y entregado al representante de éste que resultare endosado o cobrado por persona distinta de aquel a quien se giró. c) Cualquier cheque o giro con destino al pago de salarios que habiendo sido girado u ordenado por la Entidad, resultare endosado y cobrado por un tercero obrando supuestamente a nombre del girador, o de aquel a quien se debía hacer el pago. Esta cobertura aplica cuando se demuestra la participación de uno o más empleados del asegurado y que la entidad bancaria demuestre que no tiene ninguna responsabilidad.
B33: EXTENSIÓN DE COBERTURA PARA EMPLEADOS OCASIONALES, TEMPORALES Y TRANSITORIOS AL 100% DEL LÍMITE ASEGURADO | E33: Bajo esta condición la cobertura de la presente póliza se extiende a amparar a los trabajadores ocasionales, temporales o transitorios y a quienes sin serlo, realicen prácticas o investigaciones en sus dependencias. Esta cobertura queda sujeta a que las operaciones que realicen tales personas estén bajo el control de la Entidad.
B34: EXTENSIÓN DE COBERTURA PARA EMPLEADOS DE FIRMAS ESPECIALIZADAS Y OTROS AL 100% DEL LÍMITE ASEGURADO | E34: Bajo esta condición la cobertura de la presente póliza se extiende a amparar a todas aquellas personas naturales que presten servicios en los establecimientos del asegurado bajo cualquier título o contrato, incluidos los empleados de firmas especializadas, los empleados de contratistas independientes, los cuales deben cumplir con las normas que los regulan. Esta cobertura queda sujeta a que las operaciones que realicen tales personas estén bajo el control de la Entidad.
B35: EXTENSIÓN DE COBERTURA PARA PÉRDIDAS OCASIONADAS POR EMPLEADOS DE CONTRATISTAS Y SUBCONTRASTISTAS INDEPENDIENTES AL 100% DEL LÍMITE ASEGURADO | E35: Bajo esta condición la cobertura de la presente póliza se extiende a amparar a todas aquellas personas naturales que presten servicios en los establecimientos del asegurado bajo cualquier título o contrato, incluidos los empleados de contratistas y subcontratistas independientes, los cuales deben cumplir con las normas que los regulan.
B36: GASTOS PARA LA DEMOSTRACIÓN DEL SINIESTRO Sublímite $60.000.000 (vigencia 2.3.2.) | E36: Bajo este amparo se cubren hasta el 100% de los gastos razonables en que incurra el asegurado, para la demostración de la ocurrencia y cuantía del siniestro y serán indemnizados bajo esta póliza. Estos gastos deben ser previamente aprobados por la aseguradora y la Entidad se compromete para estos casos presentar previamente cotización de estos gastos (cuando se requiera), la aseguradora se reserva el derecho de poder cotizar con sus proveedores los servicios que demanden la aplicación de estos gastos.
B37: GASTOS ADICIONALES. Sublímite $50.000.000 (vigencia 2.3.2.) | E37: No obstante lo que se diga en contrario en las condiciones generales y particulares de la póliza, la Compañía se obliga a indemnizar los gastos adicionales (que no tengan carácter de permanentes), debidamente comprobados en que necesaria y razonablemente incurra el asegurado, como consecuencia directa del siniestro, hasta el 100% de los gastos demostrados.
B38: GASTOS ADICIONALES POR RECONSTRUCCIÓN DE ARCHIVOS. Sublímite $60.000.000 (vigencia 2.3.2.) | E38: No obstante lo que se diga en contrario en las condiciones generales y particulares de la póliza, la Compañía se obliga a indemnizar los gastos y costos en que necesaria y razonablemente incurra el asegurado para obtener, reemplazar o restaurar la información de archivos, documentos y grabaciones perdidas o dañadas a consecuencia de cualquiera de los eventos amparados por la póliza, hasta el 100% de los gastos demostrados.
... B41: COSTAS EN JUICIO, HONORARIOS PROFESIONALES Y SELECCIÓN DE PROFESIONALES PARA LA DEFENSA. Sublímite del 20% del límite asegurado. (vigencia 2.3.2.) | E41: Por medio de la presente cláusula la compañía indemnizará al asegurado las costas de los procesos judiciales y los honorarios de abogados hasta por el 100% del valor asegurado, siempre y cuando sean justificados, razonables, causados y cancelados por el asegurado en la defensa de cualquier procedimiento legal o pleito en el cual sea demandado por el (los) funcionario(s) investigado(s) con ocasión de los hechos que dan origen a la reclamación formulada a la compañía de seguros. Sin embargo, si dicha reclamación es mayor que el monto del deducible, el asegurador asumirá el pago de las costas y honorarios en igual proporción en que haya asumido la pérdida. El asegurador podrá, en caso de así determinarlo y de común acuerdo con el asegurado asumir la defensa en cualquier litigio o procedimiento legal a nombre del asegurado, a través de abogados elegidos por el asegurador. La selección de los profesionales encargados para la defensa corresponderá al Asegurado, o los funcionarios que esta designe, quienes para su aprobación presentan a la compañía la propuesta correspondiente. La compañía podrá, previo común acuerdo con la Entidad asegurada, asumir la defensa de cualquier litigio o procedimiento legal a nombre del asegurado, a través de abogados elegidos por este.
B42: 2.7. | C42: CLÁUSULAS BÁSICAS
B43: REVOCACIÓN DE LA PÓLIZA, CLÁUSULAS O CONDICIONES Con termino de ciento veinte (120) días. | E43: La aseguradora podrá revocar la póliza, cláusulas o condiciones unilateralmente por la compañía, mediante noticia escrita enviada al asegurado, a su última dirección registrada, con no menos de ciento veinte (120) días de antelación; contados a partir de la fecha del envío. El asegurado podrá pedir la revocación en cualquier momento, según lo previsto en el Código de Comercio. Así mismo, en el caso de que la aseguradora decida no otorgar renovación o prorroga del contrato de seguro, deberá dar aviso de ello al asegurado con no menos de ciento veinte (120) días de antelación a la fecha de vencimiento de la póliza, en caso contrario se dará por entendido que la aseguradora acepta la renovación o prorroga hasta el límite legal establecido en la Ley 80 de 1993, para la adición de los contratos y manteniendo las mismas condiciones ofertadas en este proceso.
B44: AMPARO AUTOMÁTICO DE NUEVOS CARGOS | E44: Bajo esta cláusula se otorga amparo automático a todo nuevo cargo creado por la Entidad, durante la vigencia de la misma, sin que exista obligación por parte de la entidad asegurada de reportarle dichos nuevos cargos, siempre que los nuevos cargos cuenten con las mismas seguridades y controles que los reportados en el inicio de la póliza. La póliza opera bajo el sistema Blanket. La entidad solo estará obligada a reportar al finalizar la vigencia, la cantidad de empleados, funcionarios y/o servidores, para realizar el cobro de prima resultante.
B45: BIENES BAJO TENENCIA, CONTROL Y CUSTODIA Sublímite 50% de la suma asegurada. | E45: Queda entendido, convenido y aceptado que la Compañía de Seguros indemnizará los daños ocasionados por cualquier siniestro amparado bajo la presente póliza, que afecte bienes que sin ser de propiedad del asegurado, estén bajo la responsabilidad, cuidado, tenencia, control o custodia del mismo. En dicho Evento, y posterior a la pérdida, la prima adicional se liquidará con base en las tasas contratadas.
B46: PÉRDIDAS A TRAVÉS DE SISTEMAS COMPUTARIZADOS | E46: De acuerdo a las condiciones generales y particulares de la póliza se amparan las pérdidas y/o daños que se iriginen o sean ocasionados a través de distemas computarizados, siempre y cuando las mismas se enmarquen dentro del riesgo cubierto por el amparo básico.
B47: ERRORES, OMISIONES O INEXACTITUDES | E47: El tomador está obligado a declarar sinceramente los hechos y circunstancias que determinen el estado del riesgo. La inexactitud sobre hechos o circunstancias que, conocidas por la compañía, la hubieren retraído de celebrar el contrato o inducido a estipular condiciones más onerosas, produce la nulidad relativa del seguro. Sin embargo, si se incurriere en errores, omisiones e inexactitudes inculpables al tomador o al asegurado, el contrato no será nulo ni habrá lugar a la aplicación del inciso tercero del artículo 1058 del Código de Comercio sobre reducción porcentual de la prestación asegurada. En este caso se deberá pagar la prima adecuada al verdadero estado del riesgo.
B48: MODIFICACIÓN A CARGOS | E48: Queda entendido, convenido y aceptado que si durante la vigencia de la presente póliza se presenta cambio de denominaciones a cargos, se consideran automáticamente incorporados a la póliza, sin que el asegurado se obligue a reportarle tales cambios y/o modificaciones, precisando que estos cargos cuentan con los controles y seguridades que los reportados al inicio de vigencia.
B49: AMPLIACIÓN DEL AVISO DE SINIESTRO. Término de noventa (90) días . | E49: La póliza extiende el término de aviso de la ocurrencia del siniestro, por parte del asegurado en el término señalado y siguientes a la fecha en que lo haya conocido o debido conocer.
B50: DEFINICIÓN DE SERVIDOR PÚBLICO, TRABAJADOR O EMPLEADO | E50: Queda convenido y aceptado que aseguradora acepta bajo la presente cláusula, que el término "servidor público, trabajador o empleado" y estén bajo el control y dependencia del asegurado, dondequiera que se utilice en la póliza significará:
E51: 1) La persona natural que, dentro del desempeño del cargo asegurado, presta su servicio a la Entidad, vinculada a éste mediante contrato de trabajo, orden de trabajo o mediante nombramiento por decreto o resolución.
E52: 2) Contratistas bajo la Prestación de Servicios Profesionales para el apoyo a la gestión.
E53: 3) Los asesores y consultores que desarrollan funciones en la Entidad.
E54: 4) Estudiantes o Practicantes mientras estén prosiguiendo estudios o deberes en los predios de a Entidad.
E55: 5) Empleados de seguridad y contratistas y sus empleados, mientras dichos contratistas estén desarrollando servicios temporales para la Entidad.
E56: 6) Los trabajadores suministrados por compañías especializadas para desarrollar trabajos propios del asegurado y bajo supervisión en cualquiera de las oficinas o predios de la Entidad.
E57: 7) Directores cuando sean empleados asalariados, pensionados o cuando estén desarrollando labores propias de un empleado o cuando esté actuando como miembro de cualquier comité debidamente elegido o nombrado por Resolución de la Junta Directiva de la Entidad (cuando aplica) para desempeñar específicamente la labor de nombramiento para actos de dirección en nombre del asegurado.
E58: 8) Cualquier persona que haga parte de la Junta Directiva de la Entidad.
E59: 9) Cualquier persona o compañía empleada por el asegurado para prestar servicios profesionales en cualquier rama de su especialidad mientras estan prestando servicios a la Entidad.
E60: 10) Cualquier persona que haga parte de alguna entidad con la cual el ASEGURADO tenga algún tipo de convenio, contrato u otra figura que implique el manejo de bienes o recursos en el desarrollo de su misionalidad.
E61: Todas las anteriores definiciones se consideran empleados mientras estén prestando dichos servicios e incluye los primeros noventa (90) días siguientes a la dejación del cargo o a la terminación de sus servicios, según sea el caso y se otorga siempre y cuando el termino indicado se encuentre dentro de la vigencia de la póliza, sin exceder la fecha de finalización de vigencia.
B62: DESIGNACIÓN O DENOMINACIÓN DE BIENES | E62: La aseguradora acepta el título, nombre, denominación o nomenclatura con que el asegurado identifica o describe los bienes asegurados en sus registros o libros de comercio o contabilidad. El alcance de éstas designación de bienes se amplia al objeto establecido en el Manual de Procedimientos Administrativos y Contables para el manejo y control de los bienes de la Entidad.
B63: CONOCIMIENTO DEL RIESGO | E63: La Compañía acepta mediante la presente cláusula que la Entidad, le ha brindado la oportunidad para realizar la inspección de los bienes y riesgos a que están sujetos los mismos y el patrimonio del Asegurado, razón por la cual se deja constancia del conocimiento y aceptación de los hechos, circunstancias y, en general, condiciones de los mismos. La compañía se reserva el derecho de llevar a cabo la inspección cuantas veces lo juzgue pertinente; sin embargo, no podrá generar restricción de cobertura, aplicación de garantías, modificación de tasas y/o de cualquiera de las condiciones exigidas en el presente pliego de condiciones y/o contempladas en la oferta.
B64: ANTICIPO DE INDEMNIZACIÓN DEL 75% Se califica en Condiciones Adicionales (Anexo No. 16) el aumento del porcentaje ofrecido. | E64: Queda expresamente acordado que, a petición escrita de la Entidad, la aseguradora anticipará pagos parciales sobre el valor de cualquier reclamo, con base en el valor de la estimación preliminar de la pérdida aceptada por el ajustador, para adelantar la reparación, reposición o remplazo de los bienes asegurados. En el caso de que no haya nombramiento de ajustador, el anticipo se liquidará con base en la valoración de la cuantía de la pérdida amparada, acreditada por la entidad mediante cotización de la misma. En caso que el anticipo o suma de anticipos que la compañía adelante al asegurado llegare a exceder la suma total indemnizable a que tenga derecho, éste se compromete a devolver el exceso pagado. Para esta cláusula la aseguradora debe contemplar un plazo máximo para el pago del anticipo de ocho (8) días hábiles contados a partir de la fecha de solicitud y formalización del mismo este y no se acepta el requerimiento de ningún requisito adicional para realizar el anticipo.
B65: MODIFICACIONES A FAVOR DEL ASEGURADO | E65: Los cambios o modificaciones a las condiciones de la presente póliza, serán acordados mutuamente entre la compañía y el asegurado. El certificado, documento o comunicaciones que se expidan para formalizarlos debe ser firmado, en señal de aceptación, por un representante legal del asegurado o funcionario autorizado, prevaleciendo sobre las condiciones de esta póliza. No obstante si durante la vigencia de la póliza se presentan modificaciones en las condiciones del seguro, legalmente aprobadas que representen un beneficio a favor del asegurado, tales modificaciones se consideran automáticamente incorporadas. Siempre y cuando no causen cobro de prima adicional.
B66: NOMBRAMIENTO Y DESIGNACIÓN DE AJUSTADORES | E66: Para el nombramiento de ajustadores en los siniestros en los cuales por su cuantía o complejidad o magnitud de los daños se requiera, la aseguradora deberá presentar una relación de tres (3) firmas ajustadoras. No obstante la anterior condición, el asegurador con su propuesta se obliga a presentar la lista de todos sus ajustadores y la Entidad se reserva el derecho de nombrar al ajustador que considere más adecuado o solicitar el cambio de los mismos en caso de que no fueren de su entera satisfacción, sin que para ello se requiera motivación alguna.
B67: VARIACIONES O MODIFICACIONES DEL RIESGO | E67: Queda entendido, convenido y aceptado que las notificaciones que sobre los hechos o circunstancias no previsibles que sobrevengan con posterioridad a la celebración del contrato de seguro y que, conforme al criterio consignado en el inciso 1° del artículo 1058 del código de comercio, signifiquen agravación del riesgo, se efectuarán por la Entidad dentro de los ciento ochenta (180) días siguientes a la fecha de modificación del riesgo.
B68: CONCURRENCIA DE AMPAROS, CLÁUSULAS O CONDICIONES | E68: Queda entendido, convenido y aceptado, que si dos o más amparos, cláusulas o condiciones otorgan cobertura a un mismo evento, se indemnizará con base en aquella que ofrezca mayor protección para los intereses del asegurado. De igual manera prevalecerán los amparos, cláusulas o condiciones que otorguen coberturas sobre aquellos que las excluyan. En todo caso y ante cualquier discrepancia sobre cual es el amparo, cláusula o condición aplicable a un caso determinado, se aplicara aquella o aquellas que en conjunto determine el asegurado de acuerdo a su conveniencia.
B69: AMPARO AUTOMÁTICO DE CARGOS QUE POR ERROR U OMISIÓN NO SE HAYAN INFORMADO AL INICIO DE LA VIGENCIA. 120 días. | E69: Queda entendido, convenido y aceptado que no obstante lo que en contrario se diga en las condiciones generales de la póliza, el presente anexo se extiende a cubrir automáticamente todo cargo que por error u omisión no se haya informado al inicio del seguro por el asegurado. El asegurado deberá comunicar tal situación a la aseguradora dentro de los 120 días y siguientes a la expedición del seguro y la compañía efectuará el cobro de la prima proporcional a prorrata.
B70: NO APLICACIÓN DE GARANTÍAS | E70: Queda expresamente acordado y aceptado que la cobertura otorgada bajo la presente póliza no queda sujeta al cumplimiento de ningún tipo de garantía por parte de la entidad asegurada.
B71: NO APLICACIÓN DE DEDUCIBLE O RESTRICCIÓN DE LÍMITE PARA CAJAS MENORES | E71: Queda expresamente acordado y aceptado que la aseguradora acepta la no aplicación de deducibles para Cajas Menores y tampoco impondrá restricciones al límite de número y cuantías que manejan cada una de ellas.
B72: FALTANTES DE INVENTARIOS. | E72: El oferente ofrecerá la cobertura para los faltantes de inventarios atribuibles a funcionarios de la entidad siempre y cuando tales pérdidas sean como consecuencia de eventos amparados bajo presente póliza.
B73: CLÁUSULA DE LIMITACIÓN DE LA AGRAVACIÓN DEL RIESGO Y LIMITACIÓN DE LOS EFECTOS DE LAS GARANTÍAS | E73: No obstante lo dispuesto en las condiciones generales de la póliza, se establece que, en el caso de siniestro, la aseguradora sólo podrá invocar la agravación del riesgo o el incumplimiento de garantías cuando exista relación de causalidad entre agravación y/o el incumplimiento de una garantía y los hechos causantes del siniestro.
... B82: CLÁUSULA DE JURISDICCION Y SOLUCION DE CONTROVERSIAS | E82: Toda y cualquier diferencia que surja entre las partes por la interpretación del presente contrato, su ejecución, cumplimiento, terminación o las consecuencias futuras del mismo, será dirimida bajo la jurisdicción y legislación de la República de Colombia. Las diferencias y controversias que surjan se solucionarán con sujeción a las siguientes instancias que se agotarán de forma sucesiva o a elección de las partes, así:
E83: a). Arreglo Directo: Las partes tratarán de resolver sus diferencias de forma directa y entre ellas mismas dentro del plazo de quince (15) días contados a partir de la notificación escrita en que cualquiera de ellas informe a la otra de un conflicto o controversia originado en el contrato. b). Conciliación: Agotado el plazo anterior sin que las partes lograsen un acuerdo por si mismas, acudirán a la asistencia de un conciliador legalmente autorizado que se designará y actuará según los parámetros establecidos por la Ley 2220 de 2022 y el Decreto 1818 del 2018, en caso de lograrse la conciliación la misma producirá efectos de cosa juzgada entre las partes, en caso contrario agotará el requisito de procedibilidad para acudir a la jurisdicción ordinaria o arbitral según corresponda, de acuerdo con los literales c) y d) de la presente cláusula.
E84: c). Jurisdicción Ordinaria: Agotadas las instancias anteriores, si la cuantía de las pretensiones derivadas de la diferencia que surja entre las partes por la interpretación del presente contrato, su ejecución, cumplimiento, terminación o las consecuencias futuras del mismo, no excediere de 220 SMMLV las partes sujetarán su controversia a la decisión del juez de instancia que corresponda según la cuantía y competencia en arreglo a lo previsto por el código de procedimiento Civil. d). Jurisdicción Arbitral: Agotadas las instancias anteriores, si la cuantía de las pretensiones derivadas de la diferencia que surja entre las partes por la interpretación del presente contrato, su ejecución, cumplimiento, terminación o las consecuencias futuras del mismo, se llevará el conflicto a la decisión de un Tribunal de Arbitramento Institucional cuyo domicilio será la ciudad de Bogotá D.C., el Tribunal estará integrado por un (1) árbitro que será designado conjuntamente por las partes dentro de los quince (15) días hábiles siguientes al envío de la comunicación por correo certificado que una de ellas le haga llegar a la otra solicitando la conformación del Tribunal; en caso de desacuerdo o falta de respuesta de la parte requerida, la otra parte podrá solicitar la designación y conformación del Tribunal al centro de Arbitraje y Conciliación de la Cámara de Comercio de la ciudad de Bogotá D.C.. El Tribunal así conformado funcionará en la ciudad de Bogotá D.C. y el laudo deberá proferirse en derecho, sujetándose en un todo al Decreto 2279 de 1.989, la ley 23 de 1.991, a la Ley 1437 de 2011, sus decretos reglamentarios y demás normas que regulan esta figura judicial. Esta última sujeta a lo dispuesto en Directiva Presidencial 04 del 18 de mayo de 2018.
B85: ARBITRAMENTO O CLÁUSULA COMPROMISORIA | E85: No obstante la anterior condición, el asegurado y la Compañía convienen en someter a un Tribunal de Arbitramento las diferencias que surjan con motivo de la aplicación de las cláusulas y condiciones de esta póliza y a no intentar demanda o acción alguna de otra naturaleza. El Tribunal tendrá como sede la ciudad de suscripción del contrato y fallará en derecho. Los árbitros serán nombrados siguiendo el procedimiento que para tal fin la Ley, en el Decreto 2279 de 1989 o en la norma que lo reemplace, haya estipulado. En cualquier caso y momento, a elección del asegurado, la presente cláusula quedará sin efecto y no podrá ser excepcionada por la aseguradora.
B86: LIQUIDACIÓN A PRORRATA EN CASO DE CANCELACIÓN DE LA PÓLIZA POR PARTE DEL ASEGURADO | E86: Bajo esta cláusula la aseguradora debe aceptar que en caso de cancelación de la póliza por parte del asegurado, la devolución de las primas respectivas se realizará a prorrata.
B87: LIQUIDACIÓN A PRORRATA PARA PRÓRROGA DE LA VIGENCIA | E87: Queda entendido y convenido que en caso de que el asegurado lo requiera, la aseguradora realizará la liquidación de la prima de la prórroga a prorrata y con las mismas tasas de la póliza inicial.
B88: CLÁUSULA DE REVISIÓN DE TÉRMINOS | E88: Si para el inicio de los periodos fiscales anuales contados a partir del 01 de enero de 2028 y hasta finalizar la vigencia de la póliza, el índice de siniestralidad es superior al 70%, entendido este índice como la relación directa entre los siniestros incurridos (pagados y en reserva) y las primas pagadas sin IVA, la Fiscalía General de la Nación acepta sostener una mesa de negociación con el asegurador para analizar conjuntamente con sus corredores de seguros y con soporte en las herramientas actuariales necesarias, las condiciones bajo las cuales continuará el contrato de seguros.
B89: CLÁUSULA DE NO ACEPTACIÓN DE COASEGURO | E89: En el evento en el que el contrato de seguro sea celebrado a través de una figura asociativa, la misma se celebrará bajo alguna de las modalidades previstas en el artículo 7º del Estatuto General de Contratación de la Administración Pública – EGCP (Unión temporal, consorcio, entre otros). Adicionalmente, no serán aceptados los contratos de seguros estructurados por dos o más Compañías de seguros, en calidad de coaseguradores, y toda disposición que se realice con esta referencia (coaseguro), se entenderá por no escrita.
B90: CLÁUSULA DE CONOCIMIENTO POR LOS MIEMBROS DE LA FIGURA ASOCIATIVA | E90: Esta cláusula será aplicada cuando se presente la asociación de dos o más Aseguradoras, sin importar la figura utilizada para tal fin. Las Compañías de Seguros que actúan como integrantes de cualquier figura asociativa (consorcio, unión temporal, etc.) dentro del presente contrato de seguro, conocen y aceptan: i) las condiciones generales y particulares de la póliza, ii) Cualquier anexo y/o certificado que sobre la póliza inicial emita la Compañía líder de la figura asociativa. En igual sentido, declaran que cualquier reclamación, notificación, requerimiento o comunicación formulada por el asegurado o por un tercero a la compañía líder o cualquiera de sus integrantes, se entiende automáticamente formulada ante todos los integrantes de la figura asociativa establecida para tal fin.
B91: CLÁUSULA DE SOLIDARIDAD ENTRE LOS MIEMBROS DE LA FIGURA ASOCIATIVA | E91: En caso de figuras asociativas se considera lo contemplado en el parágrafo 2 del artículo 7 de la Ley 80 de 1993, el cual indica “En los casos en que se conformen sociedades bajo cualquiera de las modalidades previstas en la ley con el único objeto de presentar una propuesta, celebrar y ejecutar un contrato estatal, la responsabilidad y sus efectos se regirá por las disposiciones previstas en esta ley para los consorcios.”, por tanto, frente a la contratación estatal queda entendido que existirá la solidaridad en el cumplimiento del contrato de seguros y las obligaciones derivadas del mismo.
B92: CLÁUSULA IDENTIFICACIÓN DE LA FIGURA ASOCIATIVA EN LA PÓLIZA | E92: En el evento que el contrato se seguro sea celebrado a través alguna figura asociativa (consorcio, unión temporal, etc.) compuesta por dos o más compañías de seguros, en virtud del artículo 1047 del Código de Comercio, en la póliza deberá incorporarse: (i) el nombre del contratista (razón social de la figura asociativa establecida en su documento de conformación) y (ii) la razón social, número de identificación y porcentajes de participación de cada una de las aseguradoras integrantes de la figura asociativa.
B93: CLÁUSULA DE CONDICIONES PARTICULARES | E93: Queda expresamente acordado y convenido, que la aseguradora acepta las condiciones obigatorias (mínimas técnicas) establecidas en este anexo, en los términos señalados en el mismo, por lo tanto, en caso de existir discrepancia ente los ofrecimientos contenidos en la propuesta técnica básica, frente a los textos de los ejemplares de las pólizas, a las condiciones generales, certificados, anexos o cualquier otro documento; prevalecerá la información y condiciones básicas técnicas establecidas de este anexo, de igual forma en caso de encontrarse contradicción en alguna condición prevalecerá la de mayor beneficio para el asegurado.
B94: DETERMINACIÓN DE CONDICIONES Y REQUISITOS PARA EL PAGO DE INDEMNIZACIONES | E94: La aseguradora manifiesta expresamente que acepta los requisitos y documentos contenidos en el ANEXO No. 15C - REQUISITOS PARA EL PAGO DE LAS INDEMNIZACIONES, como unicos para la atención y pago de reclamaciones por siniestros. A futuro no podrá exigir documentos o trámites adicionales.
B95: 2.7. | C95: EXCLUSIONES PARTICULARES APLICABLES:
B96: Exclusión absoluta de enfermedades infecciosas o contagiosas: Sin perjuicio de cualquier otra disposición en contrario, se aclara que este seguro no cubre ninguna reclamación, pérdida, responsabilidad, costo o gasto de cualquier naturaleza que surja directa o indirectamente de, contribuya o resulte de enfermedades, epidemias o pandemias, tales como el Coronavirus (COVID-19), enfermedad respiratoria aguda grave síndrome Coronavirus 2 (SARS-CoV-2), o cualquier mutación o variación de los mismos. Esta exclusión también aplica a cualquier reclamo, pérdida, costo o gasto de cualquier naturaleza que surja directa o indirectamente de, en contribución a, o resultante de: 1) Cualquier temor o amenaza que surja en respuesta a una enfermedad infecciosa real o potencial; o 2) Cualquier acción tomada para controlar, prevenir, suprimir o de cualquier manera relacionada con cualquier brote de enfermedades infecciosas tales como coronavirus (COVID-19), coronavirus 2 por síndrome respiratorio agudo severo (SARS-CoV-2), cualquier mutación o variación de los mismos, o de cualquier otra enfermedad, epidemia o pandemia.
B97: Exclusión de Riesgo Cibernético
B98: 2.8. | C98: COBERTURAS, AMPAROS Y BIENES SIN APLICACIÓN DE DEDUCIBLES EN FORMA OBLIGATORIA
B99: La Entidad, requiere oferta de cobertura SIN APLICACIÓN DE DEDUCIBLE, para los bienes y/o amparos y/o eventos, señalados a continuación y por lo tanto el proponente con la firma del ANEXO No. 3 - COMPROMISO DE CUMPLIMIENTO DE ESPECIFICACIONES TÉCNICAS (Carta de aceptación de las condiciones obligatorias mínimas técnicas), admite estas condiciones.
B100: 1. EMPLEADOS NO IDENTIFICADOS: SIN DEDUCIBLE
B101: 2. CAJAS MENORES: SIN DEDUCIBLE
B102: 3. Demas eventos y/o amparos: SIN DEDUCIBLE
B103: NOTA: El ofrecimiento de deducibles constituyen causal de rechazo de la oferta.
B104: 2.9. | C104: INTERMEDIACION
B105: Mediante Resolución N° 30000-04725 se adjudicó el Concurso de Méritos FGN-NC-CM-0002-2026 a la Unión Temporal UT JCA FGN 2026 , Integrada por 1) JARGU S.A. CORREDORES DE SEGUROS, con NIT. 800.018.165-8 con participación del 55%, 2) CORRECOL CORREDORES COLOMBIANOS DE SEGUROS S.A., con NIT. 830.018.004-1 con participación del 35%, 3) ARESS CORREDORES DE SEGUROS S.A. con NIT. 890.906.025-2, con participación del 10%. En virtud de lo dispuesto en el artículo 1341 del Código de Comercio, el corredor tendrá derecho a la comisión de intermediación, la cual no deberá ser inferior al 13% del valor de la prima.

Sheet G.1 - 3. C. BÁSICAS RCE
B3: FISCALIA GENERAL DE LA NACIÓN
B4: ANEXO No. 15A - CONDICIONES TECNICAS BÁSICAS OBLIGATORIAS
B5: GRUPO No. 1
B7: 3. PÓLIZA DE SEGURO DE RESPONSABILIDAD CIVIL EXTRACONTRACTUAL
B8: 3.1. | C8: INFORMACIÓN GENERAL
B9: TOMADOR: | C9: FISCALIA GENERAL DE LA NACIÓN | F9: NIT. | G9: 800.152.783-2
B10: ASEGURADO: | C10: FISCALIA GENERAL DE LA NACIÓN Y/O FONDO ESPECIAL PARA LA ADMINISTRACIÓN DE BIENES FEAB | F10: NIT. | G10: 800.152.783-2 / 901.148.337-1
B11: BENEFICIARIO: | C11: CUALQUIER TERCERO AFECTADO
B12: 3.2. | C12: OBJETO DEL SEGURO
B13: Amparar los perjuicios patrimoniales (daños materiales incluyendo daño emergente y lucro cesante) y extrapatrimoniales (incluidos el daño moral, daño fisiológico y daño a la vida de relación y a la salud) a la Fiscalía General de la Nación y al Fondo Especial para la Administración de Bienes como consecuencia de la responsabilidad civil extracontractual originada dentro o fuera de sus instalaciones, en el desarrollo de sus actividades o en lo relacionado con ellas, lo mismo que los actos de sus empleados dentro y fuera del territorio nacional. Nota: Se entenderán como terceros todos los servidores públicos, empleados y funcionarios permanentes, o temporales, o estudiantes en práctica o pasantias, o contratistas, o subcontratistas, o de personas voluntarias que presten servicios al asegurado, incluyendo miembros de las Directivas y cada una de las personas que circulen, ingresen, accedan o se encuentren en los predios de asegurado o por los cuales es responsable en su aseguramiento, independientemente que el asegurado le esté prestando un servicio objeto de su razón social. Incluye a los personas que transiten o ingresen como visitantes al MUSEO de la entidad.
B14: 3.3. | C14: LÍMITE ASEGURADO EVENTO / AGREGADO ANUAL
B15: Oferta Básica: Se califica en Condiciones Adicionales (Anexo No. 16) el aumento del límite ofrecido sin cobro de prima adicional. | F15: 10000000000
B16: 3.4. | C16: INFORMACIÓN GENERAL
B17: Nómina promedio mensual: $
B18: Número de funcionarios: ACTIVOS 22.103
B19: Presupuesto anual proyectado de la Entidad año 2027: $
B20: NOTA: | C20: CADA SUBLÍMITE INDICADO ESTÁ CONTEMPLADO DENTRO VALOR ASEGURADO TOTAL DE LA PÓLIZA
B21: 3.4.1. | C21: BASE PARA LA DETERMINACIÓN Y APLICACIÓN DEL CONCEPTO SUBLÍMITE / VIGENCIA / AGREGADO ANUAL
B22: Para la totalidad de Coberturas y/o condiciones básicas sublímitadas, queda expresamente aceptado por parte de los proponentes que, en concordancia con la vigencia de la póliza que se adjudique, cada Sublímite operará así:
B23: VIGENCIA 2026: | C23: Sublímite indicado Evento/Vigencia
B24: VIGENCIA 2027: | C24: Sublímite indicado Evento/Agregado Anual.
B25: VIGENCIA 2028: | C25: Sublímite indicado Evento/Vigencia
B26: 3.4.2. | C26: PREDIOS ASEGURADOS
B27: Todos los predios de propiedad del asegurado, que éste use o entregue en comodato, o reciba en comodato, concesión, arrendamiento, o que se encuentren bajo el uso, la custodia, la tenencia o la responsabilidad del Asegurado, y aquellos de terceros que el asegurado use, mantenga, ocupe en desarrollo de sus actividades y operaciones y los tomados en arriendo.
B28: 3.5. | C28: COBERTURAS BÁSICAS
B29: Queda expresamente acordado y convenido, que mediante la presente póliza la aseguradora ampara los perjuicios patrimoniales y extrapatrimoniales, que cause la Entidad a terceros al igual que las costas y gastos de proceso, siempre y cuando el hecho generador le cause daños materiales, lesiones personales y/o muerte; generados como consecuencia de la responsabilidad civil extracontractual originada dentro o fuera de sus instalaciones, en el desarrollo de sus actividades propias a su objeto social o en lo relacionado con ellas, incluidos los actos de sus empleados y funcionarios en el desarrollo de sus funciones. De igual forma, se acuerda que para todos los efectos de la presente póliza, el termino de “perjuicios patrimoniales” contempla los perjuicios relacionados con daños materiales, daño emergente, lucro cesante y demás perjuicios considerados como patrimoniales; y el termino de “perjuicios extrapatrimoniales” comprende, entre otros, el daño moral, daño fisiológico, daño a la vida de relación y demás perjuicios considerados como extrapatrimoniales. La aseguradora acepta expresamente el otorgamiento de la cobertura de este seguro, según lo previsto en el Artículo 1131 del Código de Comercio, relacionado con la configuración del siniestro e inicio de la prescripción, que estipula: ARTICULO 1131. Configuración del siniestro en el seguro de responsabilidad civil. En el seguro de responsabilidad se entenderá ocurrido el siniestro en el momento en que acaezca el hecho externo imputable al asegurado, fecha a partir de la cual correrá la prescripción respecto de la víctima. Frente al asegurado ello ocurrirá desde cuando la víctima le formula la petición judicial o extrajudicial.
B30: PREDIOS, LABORES Y OPERACIONES (incluyendo incendio y explosión) | E30: La aseguradora se obliga a indemnizar, sujeto a los términos y condiciones establecidas tanto en las condiciones generales como a las particulares de la póliza, los perjuicios patrimoniales y extrapatrimoniales que cause el asegurado con motivo de la responsabilidad civil extracontractual en que incurra de acuerdo con la ley colombiana, por hechos imputables al asegurado, que causen la muerte, lesión o menoscabo en la salud de las personas (daños personales) y/o el deterioro o destrucción de bienes (daños materiales) y perjuicios económicos, incluyendo lucro cesante, daño moral y perjuicio de vida en relación como consecuencia directa de tales daños personales y/o daños materiales. La aseguradora responderá, además, por los costos del proceso que el tercero damnificado o sus causahabientes promuevan en su contra o la del asegurado, con las salvedades siguientes: a) Si la Entidad asegurada afronta el proceso contra orden expresa de la compañía. b) Si la responsabilidad proviene de dolo o esta expresamente señalada en las exclusiones de la póliza. c) Si la condena por los perjuicios ocasionados a la victima excede la suma que delimita la responsabilidad de la aseguradora, esta solo responderá por los gastos del proceso en proporción a la cuota que le corresponda en la indemnización.
E31: PREDIOS, los perjuicios patrimoniales y extrapatrimoniales que cause el asegurado por la posesión, el uso o el mantenimiento de sus predios o por los que es responsable y en especial en los que la Entidad asegurada desarrolla y realiza las actividades objeto de la cobertura de esta póliza.
E32: LABORES Y OPERACIONES, los perjuicios patrimoniales y extrapatrimoniales que cause el asegurado por las labores u operaciones que lleva a cabo la Entidad asegurada en el desarrollo de las actividades objeto de la cobertura de esta póliza incluyendo todos los riesgos que son inherentes a las actividades desarrolladas por el asegurado en el giro normal de sus actividades y derivadas de: a) Posesión o uso de ascensores y escaleras automáticas, barreras antiterroristas, montacargas, grúas, puentes grúa, equipos de trabajo y transporte, equipos de similares características,maquinaria y equipos de trabajo, dentro y fuera de los predios del asegurado, incluyendo cuando son arrendados a terceros y operados por personal del asegurado b) Posesión o uso de máquinas y equipos de trabajo, de cargue, descargue y transporte dentro de los predios asegurados. c) Transporte de bienes del asegurado, tales como mercancías, materias primas, productos en proceso y productos terminados, dentro y fuera de los predios asegurados, incluyendo aquellos de naturaleza azarosa o inflamable. Se excluye el daño a la mercancía y al vehículo transportador.(Cuando aplique) d) Operaciones de cargue y descargue. (Cuando aplique) e) Posesión o uso de avisos y vallas publicitarias en el territorio nacional. f) Posesión o uso de sus instalaciones sociales, culturales y deportivas y los eventos que el asegurado realice u organice en ellas. g) Viajes de funcionarios del asegurado en comisión o estudio, dentro y fuera del territorio nacional. Los siniestros ocurridos en el extranjero, conforme a la legislación colombiana, excluyendo USA, Candá y Mexico. Excluye Responsabilidad Civil Profesional. h) Actividades y Eventos Sociales y Culturales i) Participación del asegurado en ferias y exposiciones nacionales. j) Errores de puntería, opera en exceso de las pólizas que por ley deben tener contratadas las empresas de vigilancia, empleados del asegurado o contratados a través de firma especializada. k) Vigilancia de los predios por medio de personal armado y/o animales opera en exceso de las pólizas que por ley deben tener contratadas las empresas de vigilancia, empleados del asegurado o contratados a través de firma especializada.
E33: l) Actos de los directivos, representantes y empleados del asegurado en el desempeño de sus funciones y dentro de las actividades aseguradas. Se excluye la Responsabilidad Profesional. m) Posesión o uso de cafeterías, casinos y restaurantes para uso de sus empleados y/o invitados. n) Incendio y/o explosión producidos dentro de los predios asegurados. o) Uso de parqueaderos dentro de los predios del asegurado p) Descargue, dispersión, liberación o escape de humo, vapores, hollín, ácidos, álcalis y en general productos químicos tóxicos, líquidos o gaseosos, y demás materias irritantes o contaminantes, en o sobre la tierra, atmosfera, ríos, lagos o cualquier curso o cuerpo de agua, producida en forma accidental, súbita e imprevista. (Cuando aplique) q) Uso de casinos, restaurantes y cafeterías de su propiedad o que sean ocupados por él o que tenga tomados en arrendamiento o alquiler, no obstante el hecho que éstos estén administrados por personas naturales o jurídicas distintas de la entidad o sus empleados. r) Productos y Trabajos terminados. (Cuando aplique). Se excluye la recogida del producto. s) Tenencia de Animales. t) Suministro de Alimentos y bebidas. s) Posesión o uso de depósitos, tanques y tuberías ubicados o instalados dentro de los predios asegurados.
B34: COBERTURA ADICIONAL PARA LAS OPERACIONES POR MANEJO DE LIQUIDOS INFLAMABLES Y AZAROSOS. Sublímite 30% del valor asegurado total de la póliza. | E34: La aseguradora mediante este amparo se compromete a indemnizar los perjuicios patrimoniales derivados de la responsabilidad civil extracontractual que le sea imputable al asegurado por lasoperaciones en el manejo de lpiquidos inflamables y azarosos.
B35: RESPONSABILIDAD CIVIL DERIVADA DE EVENTOS DE LA NATURALEZA | E35: La aseguradora mediante este amparo se compromete a indemnizar los perjuicios patrimoniales derivados de la responsabilidad civil extracontractual que le sea imputable, siempre que la responsabilidad del asegurado sea declarada judicialmente.
B36: GASTOS MÉDICOS (sin aplicación de deducibles). Sublímite $50.000.000 por persona, $200.000.000 por evento / $500.000.000 (vigencia 3.4.1.) Se califica en Condiciones Adicionales (Anexo No. 16) el aumento del sublímite. | E36: La aseguradora debe contemplar para la propuesta de este amparo, que indemnizarán hasta el límite establecido en la póliza y dentro de los términos y con sujeción a las condiciones de este seguro, los gastos razonables y prioritarios que se causen, por concepto de primeros auxilios inmediatos, servicios médicos, quirúrgicos, de ambulancia de hospital, de enfermeras, medicamentos, terapias de rehabilitación, protesis, etc. como consecuencia de las lesiones corporales producidas a terceros en desarrollo de las actividades de la entidad, incluido gastos de traslado (dentro del territorio colombiano o en el exterior). Se precisa, que el amparo que se otorga es independiente al de responsabilidad civil extracontractual y por consiguiente, los pagos que por dicho concepto se realicen, en ningún caso pueden ser interpretados como aceptación tácita de responsabilidad y no está sujeto a la aplicación de deducible. Los funcionarios y contratistas para el apoyo a la gestión administrativa y demás personal de apoyo a la Entidad se consideran terceros. De igual forma, en caso de requerirse, este amparo puede aplicar por reembolso.
B37: ANTICIPO DE INDEMNIZACIÓN PARA GASTOS MÉDICOS 60% | E37: Queda entendido, convenido y aceptado que en caso de presentarse un siniestro amparado bajo la presente póliza, que afecte la cobertura de gastos médicos y demostrada su ocurrencia, la compañía conviene anticipar el 60% del valor estimado de la pérdida mientras el asegurado cumple con la obligación legal para tal fin. El asegurado deberá hacer el requerimiento mediante comunicación escrita dirigida a la compañía aseguradora.
B38: ANTICIPO DE INDEMNIZACIÓN PARA ALIMENTOS Y BEBIDAS 60% | E38: Queda entendido, convenido y aceptado que en caso de presentarse un siniestro amparado bajo la presente póliza, que afecte la cobertura de alimentos y bebidas y demostrada su ocurrencia, la compañía conviene anticipar el 60% del valor estimado de la pérdida mientras el asegurado cumple con la obligación legal para tal fin. El asegurado deberá hacer el requerimiento mediante comunicación escrita dirigida a la compañía aseguradora.
B39: RESPONSABILIDAD CIVIL PATRONAL. Sublímite de $1.500.000.000 evento / $2.000.000.000 (vigencia 3.4.1.) Se califica en Condiciones Adicionales (Anexo No. 16) el aumento del sublímite. | E39: La aseguradora mediante este amparo se compromete a indemnizar los perjuicios patrimoniales derivados de la responsabilidad civil extracontractual que le sea imputable al asegurado en su calidad de empleador exclusivamente por los accidentes de trabajo que sufran los empleados a su servicio, en el desarrollo de las actividades asignadas a ellos y de acuerdo con las siguientes definiciones y condiciones: a) Se entiende por empleado toda persona que mediante contrato de trabajo o de prestación de servicios (incluidos contratistas para el apoyo a la gestión admnistritativa o misional) preste al asegurado. b) Quedan excluidas de este seguro: Las enfermedades profesionales, endémicas o epidémicas, contagiosas (en especial el COVID19), por accidentes de trabajo que se hayan sido provocados deliberadamente o por culpa grave del empleado. Se precisa que este amparo opera en exceso de la seguridad social.
B40: CONTRATISTAS Y SUBCONTRATISTAS INDEPENDIENTES. Sublímite de $1.500.000.000 evento / $2.000.000.000 (vigencia 3.4.1.) | E40: La aseguradora bajo este amparo se obliga a cubrir los perjuicios patrimoniales derivados de la responsabilidad civil extracontractual que le sea imputable al asegurado y/o los gastos médicos por los daños que causare a terceros, a consecuencia de labores amparadas realizadas por contratistas y subcontratistas independientes a su servicio. Se precisa que este amparo opera en exceso de las pólizas del contratista o subcontratista.
B41: RESPONSABILIDAD CIVIL CRUZADA Sublímite de $450.000.000 evento y $500.000.000 (vigencia 3.4.1.) | E41: Se cubren los perjuicios patrimoniales causados por un contratista a otro, a consecuencia de las labores amparadas previamente contratadas por el asegurado y que se efectúen dentro de los predios del mismo. Se precisa que este amparo opera en exceso de las pólizas del contratista.
B42: VEHÍCULOS PROPIOS Y NO PROPIOS EN EXCESO DEL SEGURO DE AUTOMÓVILES, SOAT y EQUIPO Y MAQUINARÍA. Sublímite de $450.000.000 por evento / $900.000.000 (vigencia 3.4.1.) | E42: Mediante esta condición se indemnizarán los daños que cause el asegurado en razón de la responsabilidad civil por lesiones a terceras personas o daños a propiedades de terceros que le sean imputables legalmente como consecuencia de la utilización en el giro normal de sus negocios, de vehículos propios o no propios, en exceso de los limites contratados en el seguro de automóviles. En caso que el vehículo que generó los daños no cuente con pólizá de automóviles y/o SOAT, la cobertura de los daños será asumida por la presente póliza hasta el monto del límite fijado.
B43: TRANSPORTE DE PERSONAL VINCULADO A LOS ASEGURADOS. | E43: Se ampara la responsabilidad civil por el transporte de personal vinculado a los asegurados mediante contrato de trabajo, de personas voluntarias que presten servicios al asegurado, de terceros y visitantes, en vehículos propios o no propios. Opera en exceso de las pólizas obligatorias de vehículos de servicio público, cuando a ello hubiere lugar.
B44: DAÑOS Y HURTO DE VEHÍCULOS INCLUIDOS ACCESORIOS EN PARQUEADEROS Y PREDIOS DEL ASEGURADO Sublímite de $350.000.000 evento / $400.000.000 (vigencia 3.4.1.) Sublímite para accesorios: $30.000.000 en el (vigencia 3.4.1.) | E44: Queda entendido y convenido que la cobertura de la póliza se extiende a amparar los eventos que ocurran en los parqueaderos de propiedad o sobre los cuales se ejerza tenencia y/o control y/o custodia el asegurado, incluyendo daños y hurto de vehículos, motocicletas, bicicletas o accesorios. Los vehículos de los funcionarios y contratistas se consideran terceros.
B45: AMPARO AUTOMÁTICO PARA NUEVOS PREDIOS Y OPERACIONES | E45: La aseguradora debe contemplar la extensión de la cobertura automática del seguro, en los mismos términos y limitaciones establecidos en esta póliza, para amparar la responsabilidad extracontractual por nuevas operaciones y/o el uso, posesión y demás actividades desarrolladas en nuevos predios que adquiera el asegurado o sobre los cuales obtenga el dominio o control.
... B62: COBERTURA DE ACCIDENTES PERSONALES PARA VISITANTES AL MUSEO DE LA FISCALÍA GENERAL DE LA NACIÓN | E62: Queda entendido, convenido y aceptado que la cobertura de la póliza se extenderá a amparar la la muerte y la incapacidad total y permantente a consecuencia de un accidente al interior de las instalaciones del museo. La responsabilidad de la aseguradora no excedera el sublímite de $10.000.000 por persona y $50.000.000 por (vigencia 3.4.1)
B63: 3.6. | C63: CLÁUSULAS BÁSICAS
B64: REVOCACIÓN DE LA PÓLIZA, CLÁUSULAS O CONDICIONES Con termino de ciento veinte (120) días. | E64: La aseguradora podrá revocar la póliza, cláusulas o condiciones unilateralmente por la compañía, mediante noticia escrita enviada al asegurado, a su última dirección registrada, con no menos de ciento veinte (120) días de antelación; contados a partir de la fecha del envío. El asegurado podrá pedir la revocación en cualquier momento, según lo previsto en el Código de Comercio. Así mismo, en el caso de que la aseguradora decida no otorgar renovación o prorroga del contrato de seguro, deberá dar aviso de ello al asegurado con no menos de ciento veinte (120) días de antelación a la fecha de vencimiento de la póliza, en caso contrario se dará por entendido que la aseguradora acepta la renovación o prorroga hasta el límite legal establecido en la Ley 80 de 1993, para la adición de los contratos y manteniendo las mismas condiciones ofertadas en este proceso.
B65: LIMITACIÓN DE EVENTOS PARA REVOCACION DEL SEGURO | E65: En consideración a que la disposición contenida en el artículo 1071 del Código de Comercio, de conformidad con lo dispuesto en el artículo 1162 del mismo Código, puede ser modificada a sentido favorable al tomador asegurado o beneficiario, con el objeto de reforzar la seriedad de los ofrecimientos efectuados en la etapa precontractual y precaver que las compañías oferentes realicen una adecuada selección del riesgo en dicha etapa con la presentación de la oferta las aseguradoras proponentes aceptan la limitación de los eventos de revocación unilateral a las siguientes circunstancias: 1. Resultado de siniestralidad: Se presenta cuando en vigencia de la póliza suscrita y durante el término corrido hasta la fecha de aviso de la revocación, exista una siniestralidad superior al 60% del valor asegurado. 2. Revocación no imputable a la aseguradora de los contratos de reaseguro: Se presenta cuando la aseguradora al momento de dar el aviso de revocación acredita documentalmente que el contrato de reaseguro que respaldaba la colocación fue revocado por los reaseguradores respectivos, por causas no imputables a fallas de la aseguradora en el análisis y transferencia del riesgo.
B66: ERRORES, OMISIONES O INEXACTITUDES | E66: El tomador está obligado a declarar sinceramente los hechos y circunstancias que determinen el estado del riesgo. La inexactitud sobre hechos o circunstancias que, conocidas por la compañía, la hubieren retraído de celebrar el contrato o inducido a estipular condiciones más onerosas, produce la nulidad relativa del seguro. Sin embargo, si se incurriere en errores, omisiones e inexactitudes inculpables al tomador o al asegurado, el contrato no será nulo ni habrá lugar a la aplicación del inciso tercero del artículo 1058 del Código de Comercio sobre reducción porcentual de la prestación asegurada. En este caso se deberá pagar la prima adecuada al verdadero estado del riesgo.
B67: AMPLIACIÓN DEL AVISO DE SINIESTRO. Término de noventa (90) días . | E67: La póliza extiende el término de aviso de la ocurrencia del siniestro, por parte del asegurado en el término señalado y siguientes a la fecha en que lo haya conocido o debido conocer.
B68: DESIGNACIÓN O DENOMINACIÓN DE BIENES | E68: La aseguradora acepta el título, nombre, denominación o nomenclatura con que el asegurado identifica o describe los bienes asegurados en sus registros o libros de comercio o contabilidad. El alcance de éstas designación de bienes se amplia al objeto establecido en el Manual de Procedimientos Administrativos y Contables para el manejo y control de los bienes de la Entidad.
B69: CONOCIMIENTO DEL RIESGO | E69: La Compañía acepta mediante la presente cláusula que la Entidad, le ha brindado la oportunidad para realizar la inspección de los bienes y riesgos a que están sujetos los mismos y el patrimonio del Asegurado, razón por la cual se deja constancia del conocimiento y aceptación de los hechos, circunstancias y, en general, condiciones de los mismos. La compañía se reserva el derecho de llevar a cabo la inspección cuantas veces lo juzgue pertinente; sin embargo, no podrá generar restricción de cobertura, aplicación de garantías, modificación de tasas y/o de cualquiera de las condiciones exigidas en el presente pliego de condiciones y/o contempladas en la oferta.
B70: PAGO DE LA INDEMNIZACIÓN | E70: Queda expresamente acordado que la aseguradora acepta efectuar el pago de la indemnización bajo cualquiera de las modalidades que escoja el asegurado y/o el tercero afectado, tales como: (i) en dinero al asegurado, a título de reembolso, por los pagos efectuados por este, previamente autorizados por la aseguradora; y/o (ii) mediante el giro al tercero afectado; y/o (iii) mediante el giro a los contratistas y/o proveedores de bienes o servicios, con los cuales el tercero afectado, decida remplazar, reconstruir, reparar y/o reponer los bienes o servicios objeto de indemnización, hasta el monto de su responsabilidad. En las facturas o contratos que se deriven de esta opción, la aseguradora figurará como comprador y/o contratante, salvo que el asegurado solicite lo contrario.
B71: ANTICIPO DE INDEMNIZACIÓN DEL 60% Se califica en Condiciones Adicionales (Anexo No. 16) el aumento del porcentaje ofrecido. | E71: Queda expresamente acordado que, a petición escrita de la Entidad, la aseguradora anticipará pagos parciales sobre el valor de cualquier reclamo, con base en el valor de la estimación preliminar de la pérdida aceptada por el ajustador, para adelantar la reparación, reposición o remplazo de los bienes asegurados. En el caso de que no haya nombramiento de ajustador, el anticipo se liquidará con base en la valoración de la cuantía de la pérdida amparada, acreditada por la entidad mediante cotización de la misma. En caso que el anticipo o suma de anticipos que la compañía adelante al asegurado llegare a exceder la suma total indemnizable a que tenga derecho, éste se compromete a devolver el exceso pagado. Para esta cláusula la aseguradora debe contemplar un plazo máximo para el pago del anticipo de ocho (8) días hábiles contados a partir de la fecha de solicitud y formalización del mismo este y no se acepta el requerimiento de ningún requisito adicional para realizar el anticipo.
B72: MODIFICACIONES A FAVOR DEL ASEGURADO | E72: Los cambios o modificaciones a las condiciones de la presente póliza, serán acordados mutuamente entre la compañía y el asegurado. El certificado, documento o comunicaciones que se expidan para formalizarlos debe ser firmado, en señal de aceptación, por un representante legal del asegurado o funcionario autorizado, prevaleciendo sobre las condiciones de esta póliza. No obstante si durante la vigencia de la póliza se presentan modificaciones en las condiciones del seguro, legalmente aprobadas que representen un beneficio a favor del asegurado, tales modificaciones se consideran automáticamente incorporadas. Siempre y cuando no causen cobro de prima adicional.
B73: SUBROGACION | E73: Al indemnizar un siniestro la compañía se subroga, por ministerio de la ley y hasta concurrencia de su importe, en los derechos del Asegurado contra las personas responsables del siniestro, no obstante la Compañía renuncia expresamente a ejercer sus derechos de subrogación contra: 1. Cualquier persona o Entidad que sea un Asegurado bajo la póliza. 2. Cualquier filial, subsidiaria u operadora del asegurado. 3. Cualquier miembro de la Junta Directiva o cualquier empleado o dependiente del Asegurado incluidos los contratistas para apoyo a la gestión misional de la Entidad, salvo el caso en que los daños hayan sido causados intencionalmente por ellos.
B74: NOMBRAMIENTO Y DESIGNACIÓN DE AJUSTADORES | E74: Para el nombramiento de ajustadores en los siniestros en los cuales por su cuantía o complejidad o magnitud de los daños se requiera, la aseguradora deberá presentar una relación de tres (3) firmas ajustadoras. No obstante la anterior condición, el asegurador con su propuesta se obliga a presentar la lista de todos sus ajustadores y la Entidad se reserva el derecho de nombrar al ajustador que considere más adecuado o solicitar el cambio de los mismos en caso de que no fueren de su entera satisfacción, sin que para ello se requiera motivación alguna.
B75: VARIACIONES O MODIFICACIONES DEL RIESGO | E75: Queda entendido, convenido y aceptado que las notificaciones que sobre los hechos o circunstancias no previsibles que sobrevengan con posterioridad a la celebración del contrato de seguro y que, conforme al criterio consignado en el inciso 1° del artículo 1058 del código de comercio, signifiquen agravación del riesgo, se efectuarán por la Entidad dentro de los noventa (90) días siguientes a la fecha de modificación del riesgo.
... B84: SELECCIÓN DE PROFESIONALES PARA LA DEFENSA | E84: La aseguradora debe contemplar que la selección de los profesionales encargados de la defensa corresponderá a la Entidad asegurada, o los funcionarios que ésta designe, quienes para su aprobación presentarán a la compañía la propuesta correspondiente, teniendo en cuenta que en todos los casos los profesionales del derecho deberán acreditar la debida idoneidad para asumir los procesos en los cuales se les postule para actuar como defensores. Toda propuesta en que los profesionales no acrediten la idoneidad será rechazada. La aseguradora, previo común acuerdo con la Entidad asegurada, podrá asumir la defensa de cualquier litigio o procedimiento legal a nombre del asegurado, a través de abogados elegidos por éste, para lo cual se deberá cumplir con el siguiente procedimiento:
E85: A. ETAPA PREJUDICIAL:
E86: El procedimiento prejudicial para el trámite de las reclamaciones presentado por la Entidad asegurada, ante la compañía Aseguradora, con el fin de evitar dilaciones en el proceso y suspensiones injustificadas de audiencias de conciliación, se desarrollara de la siguiente manera:
E87: a) Una vez ocurrido el siniestro, dentro de los 10 días calendarios siguientes al momento en que tuvo conocimiento de su ocurrencia, la Entidad asegurada, enviara el documento de convocatoria a la Aseguradora, haciéndolo llegar al correo electrónico del funcionario delegado para tal fin, quien para todos los efectos será el designado como el punto de contacto único y permanente entre la Entidad asegurada, y la compañía.
E88: Adicional al documento de convocatoria, la comunicación antes referida debe contener un pronunciamiento claro y debidamente fundamentado, por parte de la Entidad asegurada, frente a los hechos ocurridos. Este requisito será cumplido mediante el concepto previo de la oficina jurídica de la la Entidad asegurada, puesto que en este ya se ha evaluado a priori la responsabilidad, sin que sea viable la exigencia por parte de la aseguradora de alguna decisión del comité de la la Entidad asegurada.
E89: La Entidad asegurada, contara con ocho (8) días calendario para realizar la comunicación acá señalada, contados desde la fecha en que la Entidad haya tenido conocimiento de los hechos.
E90: b) Una vez recibida la información, la compañía Aseguradora estudiara el caso en el Comité de Defensa o de siniestros, según corresponda, a mas tardar dentro de los siete (7) días calendario siguientes al recibo del documento de convocatoria, y, de ser pertinente, se aprobara el valor de una propuesta inicial, que debe constar por escrito y de la cual se dará traslado a la Entidad asegurada, en un término máximo de tres (3) días calendario contados desde la fecha que el Comité sesiono.
E91: Se ampara bajo la presente cobertura, los gastos razonables en que incurra el asegurado con el fin de efectuar reacondicionamientos, reparaciones o reconstrucciones o construcciones provisionales transitorias, con el objeto de salvar, preservar o conservar los bienes amparados.
E92: c) En caso que la Entidad asegurada esté en desacuerdo con la decisión inicial del Comité de Defensa de la Aseguradora, podrá, dentro de los cinco (5) días calendario siguientes a la comunicación de la misma, manifestar tal inconformidad, mediante el mismo punto de contacto único, y solicitar la reconsideración del caso, argumentando de manera seria las razones por las cuales considera que no hubo una valoración adecuada.
E93: d) La solicitud de reconsideración será resuelta por parte de la compañía Aseguradora dentro de los siete (7) días calendarios siguientes a la fecha de su radicación. La decisión debe contener una propuesta final, la cual debe constar por escrito y estar debidamente motivada, ya sea argumentando de manera razonada la no modificación de la cifra o explicando la motivación y el proceso de análisis y valoración que llevo a la fijación de un nuevo valor.
E94: NOTA: Será la Entidad asegurada, la encargada de convocar a la Compañía Aseguradora a la audiencia de conciliación prejudicial, por lo que no será necesario, en ningún caso, que la Procuraduría u otro órgano respectivo adelante este trámite.
E95: B. ETAPA JUDICIAL:
E96: a) Se adelantara las etapas del proceso judicial con celeridad y evitando cualquier tipo de dilaciones.
... E98: c) La Aseguradora entiende y se compromete a interactuar con la Entidad asegurada, dentro del proceso judicial, como su garante, realizando una labor de apoyo encaminada a obtener una sentencia favorable.
B99: COMPROMISO PARA EL PAGO DE LAS INDEMNIZACIONES Plazo de ocho (8) días hábiles | E99: Bajo esta condición la aseguradora se compromete al pago de la indemnización dentro del plazo establecido, una vez el asegurado demuestre ocurrencia y cuantía, y se cumplan los requisitos previstos para el desembolso, tales como entrega de la liquidación firmada, suministro de los documentos del beneficiario, proveedor o similar que recibirá el desembolso respectivo.
B100: CONCURRENCIA DE AMPAROS, CLÁUSULAS O CONDICIONES | E100: Queda entendido, convenido y aceptado, que si dos o más amparos, cláusulas o condiciones otorgan cobertura a un mismo evento, se indemnizará con base en aquella que ofrezca mayor protección para los intereses del asegurado. De igual manera prevalecerán los amparos, cláusulas o condiciones que otorguen coberturas sobre aquellos que las excluyan. En todo caso y ante cualquier discrepancia sobre cual es el amparo, cláusula o condición aplicable a un caso determinado, se aplicara aquella o aquellas que en conjunto determine el asegurado de acuerdo a su conveniencia.
B101: CLÁUSULA DE JURISDICCION Y SOLUCION DE CONTROVERSIAS | E101: Toda y cualquier diferencia que surja entre las partes por la interpretación del presente contrato, su ejecución, cumplimiento, terminación o las consecuencias futuras del mismo, será dirimida bajo la jurisdicción y legislación de la República de Colombia. Las diferencias y controversias que surjan se solucionarán con sujeción a las siguientes instancias que se agotarán de forma sucesiva o a elección de las partes, así:
E102: a). Arreglo Directo: Las partes tratarán de resolver sus diferencias de forma directa y entre ellas mismas dentro del plazo de quince (15) días contados a partir de la notificación escrita en que cualquiera de ellas informe a la otra de un conflicto o controversia originado en el contrato. b). Conciliación: Agotado el plazo anterior sin que las partes lograsen un acuerdo por si mismas, acudirán a la asistencia de un conciliador legalmente autorizado que se designará y actuará según los parámetros establecidos por la Ley 2220 de 2022 y el Decreto 1818 del 2018, en caso de lograrse la conciliación la misma producirá efectos de cosa juzgada entre las partes, en caso contrario agotará el requisito de procedibilidad para acudir a la jurisdicción ordinaria o arbitral según corresponda, de acuerdo con los literales c) y d) de la presente cláusula.
E103: c). Jurisdicción Ordinaria: Agotadas las instancias anteriores, si la cuantía de las pretensiones derivadas de la diferencia que surja entre las partes por la interpretación del presente contrato, su ejecución, cumplimiento, terminación o las consecuencias futuras del mismo, no excediere de 220 SMMLV las partes sujetarán su controversia a la decisión del juez de instancia que corresponda según la cuantía y competencia en arreglo a lo previsto por el código de procedimiento Civil. d). Jurisdicción Arbitral: Agotadas las instancias anteriores, si la cuantía de las pretensiones derivadas de la diferencia que surja entre las partes por la interpretación del presente contrato, su ejecución, cumplimiento, terminación o las consecuencias futuras del mismo, se llevará el conflicto a la decisión de un Tribunal de Arbitramento Institucional cuyo domicilio será la ciudad de Bogotá D.C., el Tribunal estará integrado por un (1) árbitro que será designado conjuntamente por las partes dentro de los quince (15) días hábiles siguientes al envío de la comunicación por correo certificado que una de ellas le haga llegar a la otra solicitando la conformación del Tribunal; en caso de desacuerdo o falta de respuesta de la parte requerida, la otra parte podrá solicitar la designación y conformación del Tribunal al centro de Arbitraje y Conciliación de la Cámara de Comercio de la ciudad de Bogotá D.C.. El Tribunal así conformado funcionará en la ciudad de Bogotá D.C. y el laudo deberá proferirse en derecho, sujetándose en un todo al Decreto 2279 de 1.989, la ley 23 de 1.991, a la Ley 1437 de 2011, sus decretos reglamentarios y demás normas que regulan esta figura judicial. Esta última sujeta a lo dispuesto en Directiva Presidencial 04 del 18 de mayo de 2018.
B104: ARBITRAMENTO O CLÁUSULA COMPROMISORIA | E104: No obstante la anterior condición, el asegurado y la Compañía convienen en someter a un Tribunal de Arbitramento las diferencias que surjan con motivo de la aplicación de las cláusulas y condiciones de esta póliza y a no intentar demanda o acción alguna de otra naturaleza. El Tribunal tendrá como sede la ciudad de suscripción del contrato y fallará en derecho. Los árbitros serán nombrados siguiendo el procedimiento que para tal fin la Ley, en el Decreto 2279 de 1989 o en la norma que lo reemplace, haya estipulado. En cualquier caso y momento, a elección del asegurado, la presente cláusula quedará sin efecto y no podrá ser excepcionada por la aseguradora.
B105: LIQUIDACIÓN A PRORRATA EN CASO DE CANCELACIÓN DE LA PÓLIZA POR PARTE DEL ASEGURADO | E105: Bajo esta cláusula la aseguradora debe aceptar que en caso de cancelación de la póliza por parte del asegurado, la devolución de las primas respectivas se realizará a prorrata.
B106: LIQUIDACIÓN A PRORRATA PARA PRÓRROGA DE LA VIGENCIA | E106: En caso de que el asegurado lo requiera, la aseguradora realizara la liquidación de la prima de la prorroga a prorrata con las mismas tasas y condiciones de la póliza inicial.
B107: CLÁUSULA DE LIMITACIÓN DE LA AGRAVACIÓN DEL RIESGO Y LIMITACIÓN DE LOS EFECTOS DE LAS GARANTÍAS | E107: No obstante lo dispuesto en las condiciones generales de la póliza, se establece que, en el caso de siniestro, la aseguradora sólo podrá invocar la agravación del riesgo o el incumplimiento de garantías cuando exista relación de causalidad entre agravación y/o el incumplimiento de una garantía y los hechos causantes del siniestro.
B108: CLAUSULA DE NO CONTROL | E108: Esta póliza no será invalidada por el incumplimiento del asegurado de las condiciones y términos de la póliza, referente a cualquier bien mueble o inmueble sobre el cual el asegurado no ejerza control.
B109: LIMITACIÓN DE LA RETICENCIA | E109: No obstante lo dispuesto en las condiciones generales de la póliza, la aseguradora manifiesta que, cuando invoque la reticencia o inexactitud, solo se referirá a hechos o circunstancias, que conocidas por la aseguradora la hubiere retraído de celebrar el contrato o inducido a estipular otras condiciones. Para efectos de un siniestro, queda entendido y convenido que la reticencia solo se invocará cuando exista una vinculación causal entre hechos y las circunstancias no declarados, o declarados inexactamente y los que dieron origen al siniestro.
B110: ACLARACIÓN DE TÉRMINOS | E110: Queda convenido y aceptado que los terminos lesiones corporales se entenderán como lesiones personales y accidentes como evento.
B111: CONFIGURACIÓN DEL SINIESTRO POR OCURRENCIA | E111: Se entenderá ocurrido el siniestro en el momento en que acaezca el hecho externo imputable al asegurado, fecha a partir de la cual correrá la prescripción respecto de la víctima. Frente al asegurado ello ocurrirá desde cuando la víctima formule la petición judicial o extrajudicial.
B112: CLÁUSULA DE REVISIÓN DE TÉRMINOS | E112: Si para el inicio de los periodos fiscales anuales contados a partir del 01 de enero de 2028 y hasta finalizar la vigencia de la póliza, el índice de siniestralidad es superior al 70%, entendido este índice como la relación directa entre los siniestros incurridos (pagados y en reserva) y las primas pagadas sin IVA, la Fiscalía General de la Nación acepta sostener una mesa de negociación con el asegurador para analizar conjuntamente con sus corredores de seguros y con soporte en las herramientas actuariales necesarias, las condiciones bajo las cuales continuará el contrato de seguros.
B113: CLÁUSULA DE NO ACEPTACIÓN DE COASEGURO | E113: En el evento en el que el contrato de seguro sea celebrado a través de una figura asociativa, la misma se celebrará bajo alguna de las modalidades previstas en el artículo 7º del Estatuto General de Contratación de la Administración Pública – EGCP (Unión temporal, consorcio, entre otros). Adicionalmente, no serán aceptados los contratos de seguros estructurados por dos o más Compañías de seguros, en calidad de coaseguradores, y toda disposición que se realice con esta referencia (coaseguro), se entenderá por no escrita.
B114: CLÁUSULA DE CONOCIMIENTO POR LOS MIEMBROS DE LA FIGURA ASOCIATIVA | E114: Esta cláusula será aplicada cuando se presente la asociación de dos o más Aseguradoras, sin importar la figura utilizada para tal fin. Las Compañías de Seguros que actúan como integrantes de cualquier figura asociativa (consorcio, unión temporal, etc.) dentro del presente contrato de seguro, conocen y aceptan: i) las condiciones generales y particulares de la póliza, ii) Cualquier anexo y/o certificado que sobre la póliza inicial emita la Compañía líder de la figura asociativa. En igual sentido, declaran que cualquier reclamación, notificación, requerimiento o comunicación formulada por el asegurado o por un tercero a la compañía líder o cualquiera de sus integrantes, se entiende automáticamente formulada ante todos los integrantes de la figura asociativa establecida para tal fin.
B115: CLÁUSULA DE SOLIDARIDAD ENTRE LOS MIEMBROS DE LA FIGURA ASOCIATIVA | E115: En caso de figuras asociativas se considera lo contemplado en el parágrafo 2 del artículo 7 de la Ley 80 de 1993, el cual indica “En los casos en que se conformen sociedades bajo cualquiera de las modalidades previstas en la ley con el único objeto de presentar una propuesta, celebrar y ejecutar un contrato estatal, la responsabilidad y sus efectos se regirá por las disposiciones previstas en esta ley para los consorcios.”, por tanto, frente a la contratación estatal queda entendido que existirá la solidaridad en el cumplimiento del contrato de seguros y las obligaciones derivadas del mismo.
... B118: DETERMINACIÓN DE CONDICIONES Y REQUISITOS PARA EL PAGO DE INDEMNIZACIONES | E118: La aseguradora manifiesta expresamente que acepta los requisitos y documentos contenidos en el ANEXO No. 15C REQUISITOS PARA EL PAGO DE LAS INDEMNIZACIONES, como unicos para la atención y pago de reclamaciones por siniestros. A futuro no podrá exigir documentos o trámites adicionales.
B119: 3.7. | C119: EXCLUSIÓN DE ENFERMEDADES TRANSMISIBLES O CONTAGIOSAS
B120: Exclusión absoluta de enfermedades infecciosas o contagiosas: Sin perjuicio de cualquier otra disposición en contrario, se aclara que este seguro no cubre ninguna reclamación, pérdida, responsabilidad, costo o gasto de cualquier naturaleza que surja directa o indirectamente de, contribuya o resulte de enfermedades, epidemias o pandemias, tales como el Coronavirus (COVID-19), enfermedad respiratoria aguda grave síndrome Coronavirus 2 (SARS-CoV-2), o cualquier mutación o variación de los mismos. Esta exclusión también aplica a cualquier reclamo, pérdida, costo o gasto de cualquier naturaleza que surja directa o indirectamente de, en contribución a, o resultante de: 1) Cualquier temor o amenaza que surja en respuesta a una enfermedad infecciosa real o potencial; o 2) Cualquier acción tomada para controlar, prevenir, suprimir o de cualquier manera relacionada con cualquier brote de enfermedades infecciosas tales como coronavirus (COVID-19), coronavirus 2 por síndrome respiratorio agudo severo (SARS-CoV-2), cualquier mutación o variación de los mismos, o de cualquier otra enfermedad, epidemia o pandemia.
B121: SE EXCLUYE LA RESPONSABILIDAD CIVIL PROFESIONAL
B122: “OFAC: El Asegurador no será responsable de proporcionar cobertura o hacer algún pago si el realizarlo pudiera ser considerado como una violación de alguna de las leyes o regulaciones de Sanciones Económicas, que expondría al Asegurador, su casa matriz o su entidad controladora a una sanción estipulada bajo estas leyes o regulaciones
B123: 3.8. | C123: COBERTURAS, AMPAROS Y BIENES SIN APLICACIÓN DE DEDUCIBLES EN FORMA OBLIGATORIA
B124: La Entidad, requiere oferta de cobertura SIN APLICACIÓN DE DEDUCIBLE, para los bienes y/o amparos y/o eventos, señalados a continuación y por lo tanto el proponente con la firma del ANEXO No. 3 - COMPROMISO DE CUMPLIMIENTO DE ESPECIFICACIONES TÉCNICAS (Carta de aceptación de las condiciones obligatorias mínimas técnicas), admite estas condiciones.
B125: • Gastos Médicos y Gastos Suplementarios, sin aplicación de deducible.
B126: 3.9. | C126: DEDUCIBLES MÁXIMOS ACEPTABLES
B127: 1. PARQUEADEROS: 1% del valor de la pérdida sin mínimo
B128: 2- Demas eventos y/o amparos: 1% del valor de la pérdida sin mínimo
B129: NOTA: El ofrecimiento de deducibles superiores a los enunciados, constituyen causal de rechazo de la oferta.
B130: 3.10. | C130: INTERMEDIACION
...

Sheet G.1 - 4. C. B. TRANSP. VAL.
B3: FISCALÍA GENERAL DE LA NACIÓN
B4: ANEXO No. 15A - CONDICIONES TECNICAS BÁSICAS OBLIGATORIAS
B5: GRUPO No. 1
B7: 4. PÓLIZA DE TRANSPORTE DE VALORES
B8: 4.1. | C8: INFORMACIÓN GENERAL
B9: TOMADOR: | C9: FISCALIA GENERAL DE LA NACIÓN | F9: NIT. | G9: 800.152.783-2
B10: ASEGURADO: | C10: FISCALIA GENERAL DE LA NACIÓN Y/O FONDO ESPECIAL PARA LA ADMINISTRACIÓN DE BIENES FEAB | F10: NIT. | G10: 800.152.783-2 / 901.148.337-1
B11: BENEFICIARIO: | C11: =+C9 -> FISCALIA GENERAL DE LA NACIÓN | F11: NIT. | G11: =+G10 -> 800.152.783-2 / 901.148.337-1
B12: 4.2. | C12: OBJETO DEL SEGURO
B13: Amparar automáticamente los daños o pérdidas que sufran los dineros en efectivo, divisas, títulos valores y demás documentos representativos de dinero o convertibles fácilmente en dinero y lingotes de oro de propiedad o por los que sean legalmente responsables la Fiscalía General de la Nación y el Fondo Especial para la Administración de Bienes con ocasión de su movilización por cualquier medio de transporte.
B14: 4.3. | C14: LÍMITE ASEGURADO POR DESPACHO
B15: Límite: Se califica en Condiciones Adicionales (Anexo No. 16) el aumento del límite por despacho ofrecido. | F15: 300000000
B16: 4.3.1. | C16: Presupuesto anual de movilización | F16: 742682467
B17: MEJORAS LOCATIVAS: Comprende todos aquellos acabados y obras realizadas en el interior del edificio, adicionales, modificatorias o complementarias a aquellas con las cuales se construyó el inmueble asegurado, tales como divisiones, falsos techos, falsos pisos, enchapes, etc., de propiedad o bajo responsabilidad de la Fiscalía General de la Nación o el Fondo Especial para la Administración de Bienes (FEAB), ubicados en de los predios descritos en la póliza.
B18: MUEBLES, ENSERES Y EQUIPOS DE OFICINA: Se refiere a los muebles, enseres y equipo de oficina que son utilizados en la prestación de servicios, así como los destinados a apoyar la gestión administrativa de la Fiscalía General de la Nación. Incluye sistemas de oficina abierta, archivadores, cajoneras, mesas, comedores, sillas, camas, nocheros, lámparas, persianas, archivadores rodantes; guillotinas, rotuladoras, fotocopiadoras, destructoras de papel, perforadoras, cosedoras, calculadoras; jaulas y guacales para transportes de caninos, máquinas de entrenamiento para caninos, collares electrónicos, y en general aquellos muebles, enseres, elementos, accesorios y equipo de oficina de propiedad o bajo responsabilidad de la Fiscalía General de la Nación o el Fondo Especial para la Administración de Bienes (FEAB).
B19: 4.3.3. | C19: Medios de Transporte y alcance de la cobertura
B20: Por mensajero particular, terrestre, aéreo, marítimo, fluvial y/o férreo, y cualquier otro que el asegurado deba utilizar para el transporte de los bienes objeto de este seguro, aclarando que la póliza cubre todo tipo de medio de movilización sin excepción y sin restricción de horarios para la movilización De igual forma la aseguradora acepta como medio de transporte cuando se realice en vehículos propios, de funcionarios o contratistas de la Entidad o de terceros.
B21: 4.4. | C21: SISTEMA DE COBRO DE PRIMA
B22: La aseguradora acepta como sistema de cobro un único anual (o con base en las vigencias contratadas y con pago por vigencia fiscal) sobre el valor del presupuesto anual indicado sin reportes y sin ajuste al final de la vigencia. Procedimiento para reporte de movilizaciones: Se ampara cualquier despacho hasta el límite asegurado sin que se requiera suministro de relaciones periodicas de despachos y efectuando el cobro de una prima única por toda la vigencia de la póliza. Por tanto, la aseguradora no dará aplicación a la cláusula de falta de avisos o aplicaciones a la presente póliza, manteniendo de esta forma la cobertura durante la vigencia estipulada en la carátula de la póliza.
B23: NOTA: | C23: CADA SUBLÍMITE INDICADO ESTÁ CONTEMPLADO DENTRO VALOR ASEGURADO TOTAL DE LA PÓLIZA
B24: 4.5. | C24: BASE PARA LA DETERMINACIÓN Y APLICACIÓN DEL CONCEPTO SUBLÍMITE / VIGENCIA / AGREGADO ANUAL
B25: Para la totalidad de Coberturas y/o condiciones básicas sublímitadas, queda expresamente aceptado por parte de los proponentes que, en concordancia con la vigencia de la póliza que se adjudique, cada Sublímite operará así:
B26: VIGENCIA 2026: | C26: Sublímite indicado Evento/Vigencia
B27: VIGENCIA 2027: | C27: Sublímite indicado Evento/Agregado Anual.
B28: VIGENCIA 2028: | C28: Sublímite indicado Evento/Vigencia
B29: 4.6. | C29: AMPAROS BÁSICOS
B30: DAÑO MATERIAL DE LOS VALORES TRANSPORTADOS | E30: La aseguradora se compromete a indemnizar al asegurado la pérdida o daño material que sufran los valores asegurados como consecuencia de incendio y/o rayo, cualquier evento de la naturaleza, caída a abismos o colisión o desbarrancamiento o volcamiento o fallas mecánicas imprevistas del medio de transporte, inundaciones, combustión espontánea, explosión, caída de aeronaves u otros objetos que se desprendan de ella u otros objetos aéreos.
B31: HURTO CALIFICADO | E31: La aseguradora se compromete a indemnizar al asegurado la pérdida o daño material que sufran los valores asegurados como consecuencia de hurto calificado (de acuerdo con su definición legal), suministro de sustancias a los transportadores de los valores que provoquen doblegación de la voluntad, apoderamiento forzoso del medio de transporte.
B32: HURTO SIMPLE | E32: La aseguradora se compromete a indemnizar al asegurado la pérdida o daño material que sufran los valores asegurados como consecuencia de hurto simple (de acuerdo con su definición legal).
B33: GASTOS ADICIONALES Sublímite $160.000.000 (vigencia 4.5.) | E33: La aseguradora se compromete a pagar al asegurado los gastos razonables y debidamente justificados en que incurra el asegurado para evitar la extensión y propagación del siniestro o para el manejo del salvamento de los valores asegurados
B34: GASTOS PARA LA PREPARACIÓN Y DEMOSTRACIÓN DEL SINIESTRO | E34: Bajo este amparo se cubren los gastos razonables en que incurra o deba incurrir el asegurado, para la preparación y demostración de la ocurrencia y cuantía del siniestro y serán indemnizados bajo esta póliza. La aseguradora indemnizará hasta el 100% de los gastos demostrados. El seguro de esta póliza incluye los costos razonables y sustentables incurridos por el Asegurado (incluida la utilización por parte del Asegurado de consultores externos) para la preparación, presentación, demostración, certificación y / o verificación de cualquier reclamación resultante de la pérdida asegurada bajo esta póliza. Esta póliza se extiende para incluir los costos y gastos incurridos por el asegurado o por los representantes de cualquier asegurado (Ajustadores/Liquidadores/Reguladores, Abogados, Contadores, Expertos, asesores, especialistas, profesionales de siniestros y similares, etc.) en la preparación, justificación y demostración del monto de cualquier reclamación bajo esta póliza
B35: HUELGA - INCLUIDO ACTOS MAL INTENCIONADOS DE TERCEROS, HUELGA, ASONADA, SUSPENSIÓN DE HECHO DE LABORES, SUSPENSIÓN DE TRABAJO POR CIERRE PATRONAL, DISTURBIOS DE TRABAJO, MOTINES, CONMOCIONES CIVILES, ACTOS SUBVERSIVOS, TERRORISMO Y APODERAMIENTO O DESVÍO DE NAVES O AERONAVES. | E35: La aseguradora se compromete a indemnizar hasta el límite del valor asegurado los daños materiales o pérdidas que sufran los valores asegurados como consecuencia de actos mal intencionados de terceros, huelga, asonada, suspensión de hecho de labores, suspensión de trabajo por cierre patronal, disturbios de trabajo, motines, conmociones civiles, actos subversivos, terrorismo y apoderamiento o desvío de naves o aeronaves.
B36: PERMANENCIA EN LUGARES INICIALES, INTERMEDIOS O FINALES, DENTRO O FUERA DE CAJA FUERTE | E36: La aseguradora se compromete a indemnizar hasta el límite del valor, las pérdidas que sufran los valores asegurados por la permanencia en lugares iniciales, intermedios o finales y que ésten dentro o fuera de caja fuerte.
B37: MOVILIZACIONES EN TRAYECTOS MÚLTIPLES | E37: La aseguradora acepta expresamente que otorga cobertura para los dineros y valores que sean transportados por el asegurado en trayectos múltiples, entiendase por estos cuando el mensajero o personal que realiza la movilización de los bienes objeto de este seguro deba movilizarse o desplazarse por varios trayectos con los valores amparados bajo la presente póliza, sin importar los lugares que deba recorrer en el territorio colombiano o fuera de este.
B38: ACTOS DE AUTORIDAD | E38: La póliza se extiende a cubrir los daños o pérdidas materiales de los bienes asegurados, causados directamente por la acción de la autoridad legalmente constituida, ejercida con el fin de disminuir o aminorar las consecuencias de cualquiera de los riesgos amparados. Se excluye la confiscación de bienes.
B39: 4.7. | C39: CLÁUSULAS BÁSICAS
B40: REVOCACIÓN DE LA PÓLIZA, CLÁUSULAS O CONDICIONES. Con Termino de ciento veinte (120) días y para AMIT, AMCCOPH, Terrorismo y Sabotaje treinta (30) días. | E40: La aseguradora podrá revocar la póliza, cláusulas o condiciones unilateralmente por la compañía, mediante noticia escrita enviada al asegurado, a su última dirección registrada, con no menos de ciento veinte (120) días y para AMIT Y AMCCOPH treinta (30) días, de antelación; contados a partir de la fecha del envío. El asegurado podra pedir la revocación en cualquier momento, según lo previsto en el Código de Comercio. Así mismo, en el caso de que la aseguradora decida no otorgar renovación o prorroga del contrato de seguro, excepto para AMIT, AMCCOPH, Terrorismo y Sabotaje, deberá dar aviso de ello al asegurado con no menos de ciento veinte (120) días de antelación a la fecha de vencimiento de la póliza, en caso contrario se dará por entendido que la aseguradora acepta la renovación o prorroga hasta el límite legal establecido en la Ley 80 de 1993, para la adición de los contratos y manteniendo las mismas condiciones ofertadas en este proceso de aseguradoras.
B41: COSTAS EN JUICIO, HONORARIOS PROFESIONALES Y SELECCIÓN DE PROFESIONALES PARA LA DEFENSA. Sublímite del 20% del límite asegurado. (vigencia 2.3.2.) | E41: El tomador está obligado a declarar sinceramente los hechos y circunstancias que determinen el estado del riesgo. La inexactitud sobre hechos o circunstancias que, conocidas por la compañía, la hubieren retraído de celebrar el contrato o inducido a estipular condiciones más onerosas, produce la nulidad relativa del seguro. Sin embargo, si se incurriere en errores, omisiones e inexactitudes inculpables al tomador o al asegurado, el contrato no será nulo ni habrá lugar a la aplicación del inciso tercero del artículo 1058 del Código de Comercio sobre reducción porcentual de la prestación asegurada. En este caso se deberá pagar la prima adecuada al verdadero estado del riesgo.
B42: AMPLIACIÓN DEL AVISO DE SINIESTRO. Término de noventa (90) días . | E42: La póliza extiende el término de aviso de la ocurrencia del siniestro, por parte del asegurado en el término señalado y siguientes a la fecha en que lo haya conocido o debido conocer.
B43: CONOCIMIENTO DEL RIESGO | E43: La Compañía acepta mediante la presente cláusula que la Entidad, le ha brindado la oportunidad para realizar la inspección de los bienes y riesgos a que están sujetos los mismos y el patrimonio del Asegurado, razón por la cual se deja constancia del conocimiento y aceptación de los hechos, circunstancias y, en general, condiciones de los mismos. La compañía se reserva el derecho de llevar a cabo la inspección cuantas veces lo juzgue pertinente.
B44: ANTICIPO DE INDEMNIZACIÓN DEL 50% Se califica en Condiciones Adicionales (Anexo No. 16) el aumento del porcentaje ofrecido. | E44: Queda expresamente acordado que, a petición escrita de la Entidad, la aseguradora anticipará pagos parciales sobre el valor de cualquier reclamo, con base en el valor de la estimación preliminar de la pérdida aceptada por el ajustador, para adelantar la reparación, reposición o remplazo de los bienes asegurados. En el caso de que no haya nombramiento de ajustador, el anticipo se liquidará con base en la valoración de la cuantía de la pérdida amparada, acreditada por la entidad mediante cotización de la misma. En caso que el anticipo o suma de anticipos que la compañía adelante al asegurado llegare a exceder la suma total indemnizable a que tenga derecho, éste se compromete a devolver el exceso pagado. Para esta cláusula la aseguradora debe contemplar un plazo máximo para el pago del anticipo de ocho (8) días hábiles contados a partir de la fecha de solicitud y formalización del mismo este y no se acepta el requerimiento de ningún requisito adicional para realizar el anticipo.
B45: MODIFICACIONES A FAVOR DEL ASEGURADO | E45: Los cambios o modificaciones a las condiciones de la presente póliza, serán acordados mutuamente entre la compañía y el asegurado. El certificado, documento o comunicaciones que se expidan para formalizarlos debe ser firmado, en señal de aceptación, por un representante legal del asegurado o funcionario autorizado, prevaleciendo sobre las condiciones de esta póliza. No obstante si durante la vigencia de la póliza se presentan modificaciones en las condiciones del seguro, legalmente aprobadas que representen un beneficio a favor del asegurado, tales modificaciones se consideran automáticamente incorporadas. Siempre y cuando no causen cobro de prima adicional.
B46: NOMBRAMIENTO Y DESIGNACIÓN DE AJUSTADORES | E46: Para el nombramiento de ajustadores en los siniestros en los cuales por su cuantía o complejidad o magnitud de los daños se requiera, la aseguradora deberá presentar una relación de tres (3) firmas ajustadoras. No obstante la anterior condición, el asegurador con su propuesta se obliga a presentar la lista de todos sus ajustadores y la Entidad se reserva el derecho de nombrar al ajustador que considere más adecuado o solicitar el cambio de los mismos en caso de que no fueren de su entera satisfacción, sin que para ello se requiera motivación alguna.
B47: CONCURRENCIA DE AMPAROS, CLÁUSULAS O CONDICIONES | E47: Queda entendido, convenido y aceptado, que si dos o más amparos, cláusulas o condiciones otorgan cobertura a un mismo evento, se indemnizará con base en aquella que ofrezca mayor protección para los intereses del asegurado. De igual manera prevalecerán los amparos, cláusulas o condiciones que otorguen coberturas sobre aquellos que las excluyan. En todo caso y ante cualquier discrepancia sobre cual es el amparo, cláusula o condición aplicable a un caso determinado, se aplicara aquella o aquellas que en conjunto determine el asegurado de acuerdo a su conveniencia.
B48: NO APLICACIÓN DE GARANTÍAS | E48: Queda expresamente acordado y aceptado que la cobertura otorgada bajo la presente póliza no queda sujeta al cumplimiento de ningún tipo de garantía por parte de la entidad asegurada.
B49: PAGO DE LA INDEMNIZACIÓN | E49: Queda convenido y aceptado que la indemnización será pagadera en dinero, o mediante el reemplazo, la reposición, la reparación y/o la reconstrucción del bien o bienes asegurados, a opción del ASEGURADO. Cuando la opción escogida por el asegurado sea el pago en dinero, el giro o transferencia del mismo se efectuará al asegurado y/o a los contratistas y/o a los proveedores de bienes o servicios que designe y/o acepte el asegurado. Si la opción escogida es el reemplazo, la reposición, la reparación y/o la reconstrucción de la cosa asegurada, la aseguradora efectuará todos los trámites o negocios jurídicos necesarios para realizar la indemnización a través de la opción escogida por el asegurado. En las facturas o contratos que se deriven de esta opción, la aseguradora figurará como comprador y/o contratante, salvo que el asegurado solicite lo contrario. La Aseguradora indemnizará hasta el monto de su responsabilidad sin imponer una modalidad de indemnización distinta de la escogida por el Asegurado. La elección de una modalidad de pago no implicará renuncia a otros conceptos indemnizables ni aceptación de una cuantía inferior a la que corresponda conforme al contrato. Si el asegurado opta por el pago directo en dinero, la aseguradora no podrá realizar ningún descuento por concepto del Impuesto al Valor Agregado (IVA).
B50: COMPROMISO PARA EL PAGO DE LAS INDEMNIZACIONES Plazo de ocho (8) días hábiles | E50: Bajo esta condición la aseguradora se compromete al pago de la indemnización dentro del plazo establecido, una vez el asegurado demuestre ocurrencia y cuantía, y se cumplan los requisitos previstos para el desembolso, tales como entrega de la liquidación firmada, suministro de los documentos del beneficiario, proveedor o similar que recibirá el desembolso respectivo.
B51: PLAZO PARA LA ACEPTACIÓN DE LIQUIDACIÓN, ENVÍO DE LOS DOCUMENTOS PARA FIRMA POR PARTE DEL ORDENADOR DEL GASTO Y/O REPRESENTANTE LEGAL Y PAGO POR PARTE DE LA ASEGURADORA. | E51: Mediante esta condición, queda expresamente acordado que la aseguradora se pronunciará sobre las cotizaciones presentadas por el asegurado, para las reposiciones y/o reparaciones y/o consignaciones a que haya lugar ante el Tesoro Nacional o Tesorería Distrital o el ente que haga sus veces (incluidos los impuestos, gravámenes u otros legalmente establecidos); a la menor brevedad posible y máximo dentro de los diez (10) días hábiles siguientes al recibo de la documentación que acredite los mismos. En caso contrario, se entenderán como aceptadas por parte de la Aseguradora la(s) cotización(es) presentada(s) por la Entidad asegurada, dando lugar a que, por parte de la Entidad se presenten los documentos del proveedor para su respectivo pago dentro del tiempo estipulado. Este mismo periodo de tiempo aplica para la solicitud de reconsideraciones.
... B65: CLÁUSULA DE JURISDICCION Y SOLUCION DE CONTROVERSIAS | E65: Toda y cualquier diferencia que surja entre las partes por la interpretación del presente contrato, su ejecución, cumplimiento, terminación o las consecuencias futuras del mismo, será dirimida bajo la jurisdicción y legislación de la República de Colombia. Las diferencias y controversias que surjan se solucionarán con sujeción a las siguientes instancias que se agotarán de forma sucesiva o a elección de las partes, así:
E66: a). Arreglo Directo: Las partes tratarán de resolver sus diferencias de forma directa y entre ellas mismas dentro del plazo de quince (15) días contados a partir de la notificación escrita en que cualquiera de ellas informe a la otra de un conflicto o controversia originado en el contrato. b). Conciliación: Agotado el plazo anterior sin que las partes lograsen un acuerdo por si mismas, acudirán a la asistencia de un conciliador legalmente autorizado que se designará y actuará según los parámetros establecidos por la Ley 2220 de 2022 y el Decreto 1818 del 2018, en caso de lograrse la conciliación la misma producirá efectos de cosa juzgada entre las partes, en caso contrario agotará el requisito de procedibilidad para acudir a la jurisdicción ordinaria o arbitral según corresponda, de acuerdo con los literales c) y d) de la presente cláusula.
E67: c). Jurisdicción Ordinaria: Agotadas las instancias anteriores, si la cuantía de las pretensiones derivadas de la diferencia que surja entre las partes por la interpretación del presente contrato, su ejecución, cumplimiento, terminación o las consecuencias futuras del mismo, no excediere de 220 SMMLV las partes sujetarán su controversia a la decisión del juez de instancia que corresponda según la cuantía y competencia en arreglo a lo previsto por el código de procedimiento Civil. d). Jurisdicción Arbitral: Agotadas las instancias anteriores, si la cuantía de las pretensiones derivadas de la diferencia que surja entre las partes por la interpretación del presente contrato, su ejecución, cumplimiento, terminación o las consecuencias futuras del mismo, se llevará el conflicto a la decisión de un Tribunal de Arbitramento Institucional cuyo domicilio será la ciudad de Bogotá D.C., el Tribunal estará integrado por un (1) árbitro que será designado conjuntamente por las partes dentro de los quince (15) días hábiles siguientes al envío de la comunicación por correo certificado que una de ellas le haga llegar a la otra solicitando la conformación del Tribunal; en caso de desacuerdo o falta de respuesta de la parte requerida, la otra parte podrá solicitar la designación y conformación del Tribunal al centro de Arbitraje y Conciliación de la Cámara de Comercio de la ciudad de Bogotá D.C.. El Tribunal así conformado funcionará en la ciudad de Bogotá D.C. y el laudo deberá proferirse en derecho, sujetándose en un todo al Decreto 2279 de 1.989, la ley 23 de 1.991, a la Ley 1437 de 2011, sus decretos reglamentarios y demás normas que regulan esta figura judicial. Esta última sujeta a lo dispuesto en Directiva Presidencial 04 del 18 de mayo de 2018.
B68: ARBITRAMENTO O CLÁUSULA COMPROMISORIA | E68: No obstante la anterior condición, el asegurado y la Compañía convienen en someter a un Tribunal de Arbitramento las diferencias que surjan con motivo de la aplicación de las cláusulas y condiciones de esta póliza y a no intentar demanda o acción alguna de otra naturaleza. El Tribunal tendrá como sede la ciudad de suscripción del contrato y fallará en derecho. Los árbitros serán nombrados siguiendo el procedimiento que para tal fin la Ley, en el Decreto 2279 de 1989 o en la norma que lo reemplace, haya estipulado. En cualquier caso y momento, a elección del asegurado, la presente cláusula quedará sin efecto y no podrá ser excepcionada por la aseguradora.
B69: LIQUIDACIÓN A PRORRATA EN CASO DE CANCELACIÓN DE LA PÓLIZA POR PARTE DEL ASEGURADO | E69: Bajo esta cláusula la aseguradora debe aceptar que en caso de cancelación de la póliza por parte del asegurado, la devolución de las primas respectivas se realizará a prorrata.
B70: LIQUIDACIÓN A PRORRATA PARA PRÓRROGA DE LA VIGENCIA | E70: En caso de que el asegurado lo requiera, la aseguradora realizara la liquidación de la prima de la prorroga a prorrata con las mismas tasas y condiciones de la póliza inicial.
B71: CONOCIMIENTO DE LA PÓLIZA POR LOS INTEGRANTES DEL CONSORCIO O UNION TEMPORAL | E71: Esta cláusula aplica cuando se asocien dos o más aseguradoras, bajo la modalidad de consorcio o unión temporal. Las Compañías integrantes del consorcio o unión temporal contratista del presente seguro, conocen y aceptan las condiciones generales y particulares de la póliza y anexos suscritos por la Compañía Aseguradora líder.
B72: CLÁUSULA DE REVISIÓN DE TÉRMINOS | E72: Si para el inicio de los periodos fiscales anuales contados a partir del 01 de enero de 2028 y hasta finalizar la vigencia de la póliza, el índice de siniestralidad es superior al 70%, entendido este índice como la relación directa entre los siniestros incurridos (pagados y en reserva) y las primas pagadas sin IVA, la Fiscalía General de la Nación acepta sostener una mesa de negociación con el asegurador para analizar conjuntamente con sus corredores de seguros y con soporte en las herramientas actuariales necesarias, las condiciones bajo las cuales continuará el contrato de seguros.
B73: CLÁUSULA DE NO ACEPTACIÓN DE COASEGURO | E73: En el evento en el que el contrato de seguro sea celebrado a través de una figura asociativa, la misma se celebrará bajo alguna de las modalidades previstas en el artículo 7º del Estatuto General de Contratación de la Administración Pública – EGCP (Unión temporal, consorcio, entre otros). Adicionalmente, no serán aceptados los contratos de seguros estructurados por dos o más Compañías de seguros, en calidad de coaseguradores, y toda disposición que se realice con esta referencia (coaseguro), se entenderá por no escrita.
B74: CLÁUSULA DE CONOCIMIENTO POR LOS MIEMBROS DE LA FIGURA ASOCIATIVA | E74: Esta cláusula será aplicada cuando se presente la asociación de dos o más Aseguradoras, sin importar la figura utilizada para tal fin. Las Compañías de Seguros que actúan como integrantes de cualquier figura asociativa (consorcio, unión temporal, etc.) dentro del presente contrato de seguro, conocen y aceptan: i) las condiciones generales y particulares de la póliza, ii) Cualquier anexo y/o certificado que sobre la póliza inicial emita la Compañía líder de la figura asociativa. En igual sentido, declaran que cualquier reclamación, notificación, requerimiento o comunicación formulada por el asegurado o por un tercero a la compañía líder o cualquiera de sus integrantes, se entiende automáticamente formulada ante todos los integrantes de la figura asociativa establecida para tal fin.
B75: CLÁUSULA DE SOLIDARIDAD ENTRE LOS MIEMBROS DE LA FIGURA ASOCIATIVA | E75: En caso de figuras asociativas se considera lo contemplado en el parágrafo 2 del artículo 7 de la Ley 80 de 1993, el cual indica “En los casos en que se conformen sociedades bajo cualquiera de las modalidades previstas en la ley con el único objeto de presentar una propuesta, celebrar y ejecutar un contrato estatal, la responsabilidad y sus efectos se regirá por las disposiciones previstas en esta ley para los consorcios.”, por tanto, frente a la contratación estatal queda entendido que existirá la solidaridad en el cumplimiento del contrato de seguros y las obligaciones derivadas del mismo.
B76: CLÁUSULA IDENTIFICACIÓN DE LA FIGURA ASOCIATIVA EN LA PÓLIZA | E76: En el evento que el contrato se seguro sea celebrado a través alguna figura asociativa (consorcio, unión temporal, etc.) compuesta por dos o más compañías de seguros, en virtud del artículo 1047 del Código de Comercio, en la póliza deberá incorporarse: (i) el nombre del contratista (razón social de la figura asociativa establecida en su documento de conformación) y (ii) la razón social, número de identificación y porcentajes de participación de cada una de las aseguradoras integrantes de la figura asociativa.
B77: CLÁUSULA DE CONDICIONES PARTICULARES | E77: Queda expresamente acordado y convenido, que la aseguradora acepta las condiciones obigatorias (mínimas técnicas) establecidas en este anexo, en los términos señalados en el mismo, por lo tanto, en caso de existir discrepancia ente los ofrecimientos contenidos en la propuesta técnica básica, frente a los textos de los ejemplares de las pólizas, a las condiciones generales, certificados, anexos o cualquier otro documento; prevalecerá la información y condiciones básicas técnicas establecidas de este anexo, de igual forma en caso de encontrarse contradicción en alguna condición prevalecerá la de mayor beneficio para el asegurado.
B78: DETERMINACIÓN DE CONDICIONES Y REQUISITOS PARA EL PAGO DE INDEMNIZACIONES | E78: La aseguradora manifiesta expresamente que acepta los requisitos y documentos contenidos en el ANEXO No. 15C REQUISITOS PARA EL PAGO DE LAS INDEMNIZACIONES, como unicos para la atención y pago de reclamaciones por siniestros. A futuro no podrá exigir documentos o trámites adicionales.
B79: 4.8. | C79: EXCLUSIÓN DE ENFERMEDADES TRANSMISIBLES O CONTAGIOSAS
B80: Exclusión absoluta de enfermedades infecciosas o contagiosas: Sin perjuicio de cualquier otra disposición en contrario, se aclara que este seguro no cubre ninguna reclamación, pérdida, responsabilidad, costo o gasto de cualquier naturaleza que surja directa o indirectamente de, contribuya o resulte de enfermedades, epidemias o pandemias, tales como el Coronavirus (COVID-19), enfermedad respiratoria aguda grave síndrome coronavirus 2 (SARS-CoV-2), o cualquier mutación o variación de los mismos. Esta exclusión también aplica a cualquier reclamo, pérdida, costo o gasto de cualquier naturaleza que surja directa o indirectamente de, en contribución a, o resultante de: 1) Cualquier temor o amenaza que surja en respuesta a una enfermedad infecciosa real o potencial; o 2) Cualquier acción tomada para controlar, prevenir, suprimir o de cualquier manera relacionada con cualquier brote de enfermedades infecciosas tales como coronavirus (COVID-19), coronavirus 2 por síndrome respiratorio agudo severo (SARS-CoV-2), cualquier mutación o variación de los mismos, o de cualquier otra enfermedad, epidemia o pandemia.
B81: 4.9. | C81: COBERTURAS, AMPAROS Y BIENES SIN APLICACIÓN DE DEDUCIBLES EN FORMA OBLIGATORIA
B82: La Entidad, requiere oferta de cobertura SIN APLICACIÓN DE DEDUCIBLE, para los bienes y/o amparos y/o eventos, señalados a continuación y por lo tanto el proponente con la firma del ANEXO No. 3 - COMPROMISO DE CUMPLIMIENTO DE ESPECIFICACIONES TÉCNICAS (Carta de aceptación de las condiciones obligatorias mínimas técnicas), admite estas condiciones.
B83: NOTA: El ofrecimiento de deducibles constituyen causal de rechazo de la oferta.
B84: 4.10. | C84: INTERMEDIACION
B85: Mediante Resolución N° 30000-04725 se adjudicó el Concurso de Méritos FGN-NC-CM-0002-2026 a la Unión Temporal UT JCA FGN 2026 , Integrada por 1) JARGU S.A. CORREDORES DE SEGUROS, con NIT. 800.018.165-8 con participación del 55%, 2) CORRECOL CORREDORES COLOMBIANOS DE SEGUROS S.A., con NIT. 830.018.004-1 con participación del 35%, 3) ARESS CORREDORES DE SEGUROS S.A. con NIT. 890.906.025-2, con participación del 10%. En virtud de lo dispuesto en el artículo 1341 del Código de Comercio, el corredor tendrá derecho a la comisión de intermediación, la cual no deberá ser inferior al 13% del valor de la prima.

Sheet G.1 -5. C. B TRANSP. MCIAS.
B3: FISCALÍA GENERAL DE LA NACIÓN
B4: ANEXO No. 15A - CONDICIONES TECNICAS BÁSICAS OBLIGATORIAS
B5: GRUPO No. 1
B7: 5. PÓLIZA DE TRANSPORTE DE MERCANCÍAS
B8: 5.1. | C8: INFORMACIÓN GENERAL
B9: TOMADOR: | C9: FISCALIA GENERAL DE LA NACIÓN | F9: NIT. | G9: 800.152.783-2
B10: ASEGURADO: | C10: FISCALIA GENERAL DE LA NACIÓN Y/O FONDO ESPECIAL PARA LA ADMINISTRACIÓN DE BIENES FEAB | F10: NIT. | G10: 800.152.783-2 / 901.148.337-1
B11: BENEFICIARIO: | C11: =+C9 -> FISCALIA GENERAL DE LA NACIÓN | F11: NIT. | G11: =+G10 -> 800.152.783-2 / 901.148.337-1
B12: 5.2. | C12: OBJETO DEL SEGURO
B13: Amparar automáticamente los daños o pérdidas que sufran los bienes de propiedad o por las que sean legalmente responsables la Fiscalía General de la Nación y el Fondo Especial para la Administración de Bienes con ocasión de su movilización por cualquier medio de transporte.
B14: 5.3. | C14: LÍMITE ASEGURADO POR DESPACHO | F14: 1500000000
C15: Sublímite para transporte de parte y componentes de la Aeronave en el exterior Para lo cual en el momento de requerirse se cobrará a la misma tasa ofertada y se debe expedir certificado aplicable a la póliza a la mismas condiciones contratadas y estipulaciones del contrato con el fabricante y/o taller que realiza el mantenimiento. | F15: US$4.000.000
C16: LÍMITE PARA VEHÍCULOS MOVILIZADOS POR SUS PROPIOS MEDIOS (INCAUTADOS) Se califica en Condiciones Adicionales (Anexo No. 16) el aumento del límite ofrecido. | F16: 500000000
B17: 5.3.1. | C17: Presupuesto anual de movilización | F17: 60531511468
B18: 5.4. | C18: TRAYECTOS ASEGURADOS
B19: Importaciones, Exportaciones y Reexportaciones: Desde cualquier lugar del mundo, hasta su destino final en Colombia y viceversa, bodega a bodega. Despachos en el Exterior: Desde y hasta cualquier ciudad en el país donde se realice el mantenimiento de la aeronave Despachos Nacionales: Desde y hasta cualquier ciudad en el territorio nacional. Despachos Urbanos: Desde cualquier parte de la ciudad hasta su destino final en la misma.
B20: 5.4.1. | C20: Medios de Transporte y alcance de la cobertura
B21: Cualquier vehículo propio, de terceros o de firma especializada, ya sea terrestre, ferreo, aéreo, charter, marítimo y fluvial (incluso para las maritimas y fluviales que no se encuentren clasificadas por las autoridades competentes), y cualquier otro que el asegurado deba utilizar para el transporte de los bienes objeto de este seguro, aclarando que la póliza cubre todo tipo de medio de movilización sin excepción y sin restricción de horarios para la movilización, sin limitación por la edad de los vehiculos, incluido los bienes transportados en vehículos arrendados, incautados, de funcionarios o contratistas de la entidad o de terceros.
B22: 5.5. | C22: SISTEMA DE COBRO DE PRIMA
B23: La aseguradora acepta como sistema de cobro un único anual (o con base en las vigencias contratadas y con pago por vigencia fiscal) sobre el valor del presupuesto anual indicado sin reportes y sin ajuste al final de la vigencia. No obstante lo anterior, la aseguradora no dará aplicación a la cláusula de falta de avisos o aplicaciones a la presente póliza, manteniendo de esta forma la cobertura durante la vigencia estipulada en la carátula de la póliza.
B24: 5.6. | C24: DEFINIÓN DE MERCANCIAS
B25: Los bienes que dentro de su actividad el asegurado importa y/o exporte, así como las movilizaciones que realice en el territorio Colombiano por cualquier medio de transporte, entre otros, papelería, equipos de oficina, mercancías y materia prima, maquinaria, repuestos y demás bienes propios de la actividad del asegurado, extendido al transporte de sustancias controladas.
B26: 5.6.1. | C26: Cobertura para maquinaria, equipo o mercancía usada sin límite de antigüedad
B27: Por la presente clausula la compañía extiende la cobertura para bienes consistentes en maquinaria, bienes, equipos o mercancías usada, sin importar su fecha de fabricación, con sujeción a los ampaos y condiciones pactadas con la presente póliza, y hasta por la suma sin importar su fecha de fabricación, con sujeción a los amparos y condiciones pactadas con a presente póliza, y hasta por la suma máxima arriba indicada, conviniéndose que en caso de siniestro la indemnización de las pérdidas se basará en los siguientes términos: A. Pérdidas o daños parciales: La compañía indemnizara los gastos en que necesariamente se incurra para dejar el bien asegurado en condiciones similares a las inmediatamente antes de la ocurrencia del siniestro. Por tales gastos se entenderá el costo de reparación o reemplazo de las partes afectadas incluyendo los valores correspondientes a fletes equivalentes al medio de transporte del despacho original, y gastos de aduana, si hubiera lugar a ello. Si el momento de ocurrir el siniestro, el valor de reposición del bien afectado es superior al valor asegurado, la compañía responderá solamente en forma proporcional a la relación existente entre dichos valores. B. Pérdida Total: En caso de desaparición, destrucción o daños del bien asegurado en forma tal que para su recuperación o reparación se tenga que sufragar gastos iguales o superiores al valor real del bien asegurado, la responsabilidad de la compañía se limitará al valor asegurado o al valor real, el que resulte menor de las dos sumas. Parágrafo: de la suma a indemnizar se descontará el deducible a que hubiere lugar; y el valor resultante se incrementará en el porcentaje pactado por concepto de lucro cesante
B28: 5.7. | C28: BASE PARA LA DETERMINACIÓN Y APLICACIÓN DEL CONCEPTO SUBLÍMITE / VIGENCIA / AGREGADO ANUAL
B29: Para la totalidad de Coberturas y/o condiciones básicas sublímitadas, queda expresamente aceptado por parte de los proponentes que, en concordancia con la vigencia de la póliza que se adjudique, cada Sublímite operará así:
B30: VIGENCIA 2026: | C30: Sublímite indicado Evento/Vigencia
B31: VIGENCIA 2027: | C31: Sublímite indicado Evento/Agregado Anual.
B32: VIGENCIA 2028: | C32: Sublímite indicado Evento/Vigencia
B33: 5.8. | C33: AMPAROS BÁSICOS
B34: FALTA DE ENTREGA | E34: Esta cobertura incluye los amparos de hurto calificado, asonada, motín, conmoción civil o popular, y huelga, actos malintencionados de terceros incluidos actos de piratería y terrorismo, guerra internacional, guerra civil, rebelión, insurrección, acto hostil de un poder beligerante o contra dicho poder, aprehensión, minas, torpedos, bombas u otros artefactos de guerra abandonado y aquellos estipulados en la carátula de la póliza y/o sus condiciones particulares.
B35: AVERÍA PARTICULAR | E35: La aseguradora se compromete a indemnizar los daños ocurridos a la mercancía como consecuencia de descargue forzoso, avería sin accidente del medio de transporte, en general daños por la movilización de los bienes y aquellos estipulados en la carátula de la póliza y/o sus condiciones particulares.
B36: SAQUEO | E36: La aseguradora se compromete a indemnizar las pérdidas de la mercancía ocasionadas por el extravio o el hurto de las mercancías transportadas.
B37: GUERRA | E37: La aseguradora se compromete a indemnizar las pérdidas de la mercancía ocasionadas o derivadas de la guerra.
B38: HUELGA ( ASONADA, MOTIN, CONMOCIÓN CIVIL O POPULAR, ACTOS MAL INTENCIONADOS DE TERCEROS, INCLUIDOS ACTOS TERRORISTAS Y DE MOVIMIENTOS SUBVERSIVOS) | E38: La aseguradora se compromete a indemnizar las pérdidas de la mercancías como consecuncia de la Huelga y definida como la Asonada, motín, conmoción civil o popular, actos mal intencionados de terceros, inlcuidos los actos terroristas y de movimientos subversivos.
B39: OPERACIONES DE CARGUE Y DESCARGUE | E39: La aseguradora se compromete a indemnizar las pérdidas de la mercancía ocasionadas en el cargue o descargu de las mismas.
B40: ACTOS DE AUTORIDAD | E40: La póliza se extiende a cubrir los daños o pérdidas materiales de los bienes asegurados, causados directamente por la acción de la autoridad legalmente constituida, ejercida con el fin de disminuir o aminorar las consecuencias de cualquiera de los riesgos amparados. Se excluye la confiscación de bienes.
B41: 5.9. | C41: CLÁUSULAS BÁSICAS
B42: REVOCACIÓN DE LA PÓLIZA, CLÁUSULAS O CONDICIONES. Con Termino de ciento veinte (120) días y para AMIT, AMCCOPH, Terrorismo y Sabotaje treinta (30) días. | E42: La aseguradora podrá revocar la póliza, cláusulas o condiciones unilateralmente por la compañía, mediante noticia escrita enviada al asegurado, a su última dirección registrada, con no menos de ciento veinte (120) días y para AMIT Y AMCCOPH treinta (30) días, de antelación; contados a partir de la fecha del envío. El asegurado podra pedir la revocación en cualquier momento, según lo previsto en el Código de Comercio. Así mismo, en el caso de que la aseguradora decida no otorgar renovación o prorroga del contrato de seguro, excepto para AMIT, AMCCOPH, Terrorismo y Sabotaje, deberá dar aviso de ello al asegurado con no menos de ciento veinte (120) días de antelación a la fecha de vencimiento de la póliza, en caso contrario se dará por entendido que la aseguradora acepta la renovación o prorroga hasta el límite legal establecido en la Ley 80 de 1993, para la adición de los contratos y manteniendo las mismas condiciones ofertadas en este proceso de aseguradoras.
B43: ERRORES, OMISIONES O INEXACTITUDES | E43: El tomador está obligado a declarar sinceramente los hechos y circunstancias que determinen el estado del riesgo. La inexactitud sobre hechos o circunstancias que, conocidas por la compañía, la hubieren retraído de celebrar el contrato o inducido a estipular condiciones más onerosas, produce la nulidad relativa del seguro. Sin embargo, si se incurriere en errores, omisiones e inexactitudes inculpables al tomador o al asegurado, el contrato no será nulo ni habrá lugar a la aplicación del inciso tercero del artículo 1058 del Código de Comercio sobre reducción porcentual de la prestación asegurada. En este caso se deberá pagar la prima adecuada al verdadero estado del riesgo.
B44: AMPLIACIÓN DEL AVISO DE SINIESTRO. Término de noventa (90) días . | E44: La póliza extiende el término de aviso de la ocurrencia del siniestro, por parte del asegurado en el término señalado y siguientes a la fecha en que lo haya conocido o debido conocer.
B45: DESIGNACIÓN O DENOMINACIÓN DE BIENES | E45: La aseguradora acepta el título, nombre, denominación o nomenclatura con que el asegurado identifica o describe los bienes asegurados en sus registros o libros de comercio o contabilidad.
B46: CONOCIMIENTO DEL RIESGO | E46: La Compañía acepta mediante la presente cláusula que la Entidad, le ha brindado la oportunidad para realizar la inspección de los bienes y riesgos a que están sujetos los mismos y el patrimonio del Asegurado, razón por la cual se deja constancia del conocimiento y aceptación de los hechos, circunstancias y, en general, condiciones de los mismos. La compañía se reserva el derecho de llevar a cabo la inspección cuantas veces lo juzgue pertinente.
B47: ANTICIPO DE INDEMNIZACIÓN DEL 50% Se califica en Condiciones Adicionales (Anexo No. 16) el aumento del porcentaje ofrecido. | E47: Queda expresamente acordado que, a petición escrita de la Entidad, la aseguradora anticipará pagos parciales sobre el valor de cualquier reclamo, con base en el valor de la estimación preliminar de la pérdida aceptada por el ajustador, para adelantar la reparación, reposición o remplazo de los bienes asegurados. En el caso de que no haya nombramiento de ajustador, el anticipo se liquidará con base en la valoración de la cuantía de la pérdida amparada, acreditada por la entidad mediante cotización de la misma. En caso que el anticipo o suma de anticipos que la compañía adelante al asegurado llegare a exceder la suma total indemnizable a que tenga derecho, éste se compromete a devolver el exceso pagado. Para esta cláusula la aseguradora debe contemplar un plazo máximo para el pago del anticipo de ocho (8) días hábiles contados a partir de la fecha de solicitud y formalización del mismo este y no se acepta el requerimiento de ningún requisito adicional para realizar el anticipo.
B48: MODIFICACIONES A FAVOR DEL ASEGURADO | E48: Los cambios o modificaciones a las condiciones de la presente póliza, serán acordados mutuamente entre la compañía y el asegurado. El certificado, documento o comunicaciones que se expidan para formalizarlos debe ser firmado, en señal de aceptación, por un representante legal del asegurado o funcionario autorizado, prevaleciendo sobre las condiciones de esta póliza. No obstante si durante la vigencia de la póliza se presentan modificaciones en las condiciones del seguro, legalmente aprobadas que representen un beneficio a favor del asegurado, tales modificaciones se consideran automáticamente incorporadas. Siempre y cuando no causen cobro de prima adicional.
B49: NOMBRAMIENTO Y DESIGNACIÓN DE AJUSTADORES | E49: Para el nombramiento de ajustadores en los siniestros en los cuales por su cuantía o complejidad o magnitud de los daños se requiera, la aseguradora deberá presentar una relación de tres (3) firmas ajustadoras. No obstante la anterior condición, el asegurador con su propuesta se obliga a presentar la lista de todos sus ajustadores y la Entidad se reserva el derecho de nombrar al ajustador que considere más adecuado o solicitar el cambio de los mismos en caso de que no fueren de su entera satisfacción, sin que para ello se requiera motivación alguna.
B50: VARIACIONES DEL RIESGO | E50: Queda entendido, convenido y aceptado que las notificaciones que sobre los hechos o circunstancias no previsibles que sobrevengan con posterioridad a la celebración del contrato de seguro y que, conforme al criterio consignado en el inciso 1° del artículo 1058 del código de comercio, signifiquen agravación del riesgo, se efectuarán por la Entidad dentro de los noventa (90) días siguientes a la fecha de modificación del riesgo.
B51: NO CONCURRENCIA DE AMPAROS, CLÁUSULAS O CONDICIONES | E51: Queda entendido, convenido y aceptado, que si dos o más amparos, cláusulas o condiciones otorgan cobertura a un mismo evento, se indemnizará con base en aquella que ofrezca mayor protección para los intereses del asegurado. De igual manera prevalecerán los amparos, cláusulas o condiciones que otorguen coberturas sobre aquellos que las excluyan. En todo caso y ante cualquier discrepancia sobre cual es el amparo, cláusula o condición aplicable a un caso determinado, se aplicara aquella o aquellas que en conjunto determine el asegurado de acuerdo a su conveniencia.
B52: NO APLICACIÓN DE GARANTÍAS | E52: Queda expresamente acordado y aceptado que la cobertura otorgada bajo la presente póliza no queda sujeta al cumplimiento de ningún tipo de garantía por parte de la entidad asegurada.
B53: EMBALAJE DE MERCANCÍAS | E53: Queda entendido, convenido y aceptado que con la introducción de esta cláusula dentro de la póliza, la Compañía de Seguros ampara la pérdida o daño material que sufran los bienes transportados, sin exigir por parte del asegurado o del transportador un embalaje especial o determinado, motivo por el cual se elimina la garantía que al respecto señalan las condiciones generales de la póliza.
... B81: CLÁUSULA DE JURISDICCION Y SOLUCION DE CONTROVERSIAS | E81: Toda y cualquier diferencia que surja entre las partes por la interpretación del presente contrato, su ejecución, cumplimiento, terminación o las consecuencias futuras del mismo, será dirimida bajo la jurisdicción y legislación de la República de Colombia. Las diferencias y controversias que surjan se solucionarán con sujeción a las siguientes instancias que se agotarán de forma sucesiva o a elección de las partes, así:
E82: a). Arreglo Directo: Las partes tratarán de resolver sus diferencias de forma directa y entre ellas mismas dentro del plazo de quince (15) días contados a partir de la notificación escrita en que cualquiera de ellas informe a la otra de un conflicto o controversia originado en el contrato. b). Conciliación: Agotado el plazo anterior sin que las partes lograsen un acuerdo por si mismas, acudirán a la asistencia de un conciliador legalmente autorizado que se designará y actuará según los parámetros establecidos por la Ley 2220 de 2022 y el Decreto 1818 del 2018, en caso de lograrse la conciliación la misma producirá efectos de cosa juzgada entre las partes, en caso contrario agotará el requisito de procedibilidad para acudir a la jurisdicción ordinaria o arbitral según corresponda, de acuerdo con los literales c) y d) de la presente cláusula.
E83: c). Jurisdicción Ordinaria: Agotadas las instancias anteriores, si la cuantía de las pretensiones derivadas de la diferencia que surja entre las partes por la interpretación del presente contrato, su ejecución, cumplimiento, terminación o las consecuencias futuras del mismo, no excediere de 220 SMMLV las partes sujetarán su controversia a la decisión del juez de instancia que corresponda según la cuantía y competencia en arreglo a lo previsto por el código de procedimiento Civil. d). Jurisdicción Arbitral: Agotadas las instancias anteriores, si la cuantía de las pretensiones derivadas de la diferencia que surja entre las partes por la interpretación del presente contrato, su ejecución, cumplimiento, terminación o las consecuencias futuras del mismo, se llevará el conflicto a la decisión de un Tribunal de Arbitramento Institucional cuyo domicilio será la ciudad de Bogotá D.C., el Tribunal estará integrado por un (1) árbitro que será designado conjuntamente por las partes dentro de los quince (15) días hábiles siguientes al envío de la comunicación por correo certificado que una de ellas le haga llegar a la otra solicitando la conformación del Tribunal; en caso de desacuerdo o falta de respuesta de la parte requerida, la otra parte podrá solicitar la designación y conformación del Tribunal al centro de Arbitraje y Conciliación de la Cámara de Comercio de la ciudad de Bogotá D.C.. El Tribunal así conformado funcionará en la ciudad de Bogotá D.C. y el laudo deberá proferirse en derecho, sujetándose en un todo al Decreto 2279 de 1.989, la ley 23 de 1.991, a la Ley 1437 de 2011, sus decretos reglamentarios y demás normas que regulan esta figura judicial. Esta última sujeta a lo dispuesto en Directiva Presidencial 04 del 18 de mayo de 2018.
B84: ARBITRAMENTO O CLÁUSULA COMPROMISORIA | E84: No obstante la anterior condición, el asegurado y la Compañía convienen en someter a un Tribunal de Arbitramento las diferencias que surjan con motivo de la aplicación de las cláusulas y condiciones de esta póliza y a no intentar demanda o acción alguna de otra naturaleza. El Tribunal tendrá como sede la ciudad de suscripción del contrato y fallará en derecho. Los árbitros serán nombrados siguiendo el procedimiento que para tal fin la Ley, en el Decreto 2279 de 1989 o en la norma que lo reemplace, haya estipulado. En cualquier caso y momento, a elección del asegurado, la presente cláusula quedará sin efecto y no podrá ser excepcionada por la aseguradora.
B85: LIQUIDACIÓN A PRORRATA EN CASO DE CANCELACIÓN DE LA PÓLIZA POR PARTE DEL ASEGURADO | E85: Bajo esta cláusula la aseguradora debe aceptar que en caso de cancelación de la póliza por parte del asegurado, la devolución de las primas respectivas se realizará a prorrata.
B86: CONOCIMIENTO DE LA PÓLIZA POR LOS INTEGRANTES DEL CONSORCIO O UNIÓN TEMPORAL | E86: Cuando se asocien dos o más aseguradoras, bajo la modalidad de consorcio o unión temporal aplica esta cláusula. Las compañías integrantes del consorcio o unión temporal contratista del presente seguro, conocen y aceptan las condiciones generales y particulares de la póliza y anexos suscritos por la compañía líder.
B87: CLAUSULA DE GARANTIA | E87: No obstante lo estipulado en las condiciones generales, en el aparte de garantías, con relación al envío a la compañía aseguradora del aviso de despacho, por parte del asegurado se entenderá cumplida mediante la anotación correspondiente en la carta de crédito u orden de compra. Así mismo, se entenderá cumplida la garantía sobre empaque de la mercancía, del mismo aparte de garantía, mediante notificación por escrito que las mercancías se despachen en el empaque usual según las normas Internacionales que rigen para la materia.
B88: COMBUSTIÓN ESPONTANEA PARA MATERIAS PRIMAS | E88: Queda entendido, convenido y aceptado que, con la introducción de esta cláusula dentro de la póliza, la Compañía de Seguros ampara la pérdida o daño material que sufran las materias primas transportadas, como consecuencia de combustión espontánea.
B89: COMBUSTIÓN ESPONTANEA PARA PRODUCTOS TERMINADOS | E89: Queda entendido, convenido y aceptado que, con la introducción de esta cláusula dentro de la póliza, la Compañía de Seguros ampara la pérdida o daño material que sufran los productos terminados transportados, como consecuencia de combustión espontánea.
B90: 11. Gastos para reacondicionamientos, reparaciones o reconstrucciones provisonales o transitorias. | E90: Se ampara bajo la presente cobertura, los gastos razonables en que incurra el asegurado con el fin de efectuar reacondicionamientos, reparaciones o reconstrucciones o construcciones provisionales transitorias, con el objeto de salvar, preservar o conservar los bienes amparados.
B91: ELEMENTOS DAÑADOS Y GASTADOS | E91: Queda entendido, convenido y aceptado que con la inclusión de esta cláusula en la póliza, la Entidad podrá asegurar los bienes que se encuentren dañados o fuera de uso por obsolescencia o desgaste natural, pero que aún no se hayan dado de baja, sin que al momento de un siniestro la aseguradora vaya a exigir que su valor asegurado corresponda al valor de reposición, sino al valor real del bien en el estado que se encuentre.
B92: NO EXIGENCIA DE CONSTANCIAS EN DOCUMENTOS DE TRANSPORTE. | E92: No exigencia de la constancia en el documento de transporte de la cantidad, estado y condición de los bienes a su recibo
B93: AMPARO PARA NUEVOS TRAYECTOS ASEGURADOS. | E93: Queda expresamente acordado que bajo la cobertura del seguro se amparan automáticamente los nuevos trayectos y rutas que necesariamente debe utilizar el transportador, diferentes a las iniciales fijadas, con el fin de movilizar las mercancías a su destino final.
B94: TRANSPORTE PARA VEHICULOS INCAUTADOS. Sublímite $1.000.000.000 por vehículo. | E94: Transporte para vehículos incautados que sean movilizados por sus propios medios
B95: LIQUIDACIÓN A PRORRATA PARA PRÓRROGA DE LA VIGENCIA | E95: En caso de que el asegurado lo requiera, la aseguradora realizara la liquidación de la prima de la prorroga a prorrata con las mismas tasas y condiciones de la póliza inicial.
... B102: DETERMINACIÓN DE CONDICIONES Y REQUISITOS PARA EL PAGO DE INDEMNIZACIONES | E102: La aseguradora manifiesta expresamente que acepta los requisitos y documentos contenidos en el ANEXO No. 15C REQUISITOS PARA EL PAGO DE LAS INDEMNIZACIONES, como unicos para la atención y pago de reclamaciones por siniestros. A futuro no podrá exigir documentos o trámites adicionales.
B103: 5.10. | C103: EXCLUSIÓN DE ENFERMEDADES TRANSMISIBLES O CONTAGIOSAS
B104: Exclusión absoluta de enfermedades infecciosas o contagiosas: Sin perjuicio de cualquier otra disposición en contrario, se aclara que este seguro no cubre ninguna reclamación, pérdida, responsabilidad, costo o gasto de cualquier naturaleza que surja directa o indirectamente de, contribuya o resulte de enfermedades, epidemias o pandemias, tales como el Coronavirus (COVID-19), enfermedad respiratoria aguda grave síndrome coronavirus 2 (SARS-CoV-2), o cualquier mutación o variación de los mismos. Esta exclusión también aplica a cualquier reclamo, pérdida, costo o gasto de cualquier naturaleza que surja directa o indirectamente de, en contribución a, o resultante de: 1) Cualquier temor o amenaza que surja en respuesta a una enfermedad infecciosa real o potencial; o 2) Cualquier acción tomada para controlar, prevenir, suprimir o de cualquier manera relacionada con cualquier brote de enfermedades infecciosas tales como coronavirus (COVID-19), coronavirus 2 por síndrome respiratorio agudo severo (SARS-CoV-2), cualquier mutación o variación de los mismos, o de cualquier otra enfermedad, epidemia o pandemia.
B105: 5.10.1. EXCLUSIÓN CLAUSULA DE LIMITACIÓN DE SANCIONES: ningún asegurador ofrecerá cobertura ni será responsable por el pago de reclamos o proporcionará beneficios que deriven del presente contrato si la provisión de dicha cobertura, pago de dicho reclamo o provisión de dicho beneficio expusiera al asegurador a cualquier sanción, prohibición o restricción de acuerdo con las resoluciones de las Naciones Unidas o de las sanciones comerciales o económicas, leyes o regulaciones de la Unión Europea, Reino Unido, Francia, o Estados Unidos de América”. • Por medio de la presente cláusula, se aclara expresamente que quedan excluidos de cobertura aquellos los despachos o embarques con origen o destino en los siguientes países o regiones, puertos o aeropuertos ubicados en Crimea, incluido Sebastopol, Cuba, Irán, Siria, Corea del Norte, Bielorrusia, República Democrática del Congo, Somalia, Sudán del Sur, Sudán, Zimbabwe, Rusia, Ucrania.
B106: 5.11. | C106: COBERTURAS, AMPAROS Y BIENES SIN APLICACIÓN DE DEDUCIBLES EN FORMA OBLIGATORIA
B107: La Entidad, requiere oferta de cobertura SIN APLICACIÓN DE DEDUCIBLE, para los bienes y/o amparos y/o eventos, señalados a continuación y por lo tanto el proponente con la firma del ANEXO No. 3 - COMPROMISO DE CUMPLIMIENTO DE ESPECIFICACIONES TÉCNICAS (Carta de aceptación de las condiciones obligatorias mínimas técnicas), admite estas condiciones.
B108: NOTA: El ofrecimiento de deducibles constituyen causal de rechazo de la oferta.
B109: 5.12. | C109: INTERMEDIACION
B110: Mediante Resolución N° 30000-04725 se adjudicó el Concurso de Méritos FGN-NC-CM-0002-2026 a la Unión Temporal UT JCA FGN 2026 , Integrada por 1) JARGU S.A. CORREDORES DE SEGUROS, con NIT. 800.018.165-8 con participación del 55%, 2) CORRECOL CORREDORES COLOMBIANOS DE SEGUROS S.A., con NIT. 830.018.004-1 con participación del 35%, 3) ARESS CORREDORES DE SEGUROS S.A. con NIT. 890.906.025-2, con participación del 10%. En virtud de lo dispuesto en el artículo 1341 del Código de Comercio, el corredor tendrá derecho a la comisión de intermediación, la cual no deberá ser inferior al 13% del valor de la prima.

Sheet G.1 - 6. C. BÁSICASCUMPLIMIENTO
B3: =+'G.4 -9. C. BÁSICAS AVIACIÓN'!B3 -> FISCALÍA GENERAL DE LA NACIÓN
B4: ANEXO No. 15A - CONDICIONES TECNICAS BÁSICAS OBLIGATORIAS
B5: GRUPO No. 1
B7: 7. PÓLIZA DE CUMPLIMIENTO DE DISPOSICIONES LEGALES
B8: 7.1. | C8: INFORMACIÓN GENERAL
B9: TOMADOR: | C9: FISCALÍA GENERAL DE LA NACIÓN Y/O FONDO ESPECIAL PARA LA ADMINISTRACION DE BIENES FEAB | E9: NIT. | F9: 800.152.783-2 / 901.148.337-1
B10: ASEGURADO: | C10: NOMBRE DE LA ENTIDAD CON EL CONVENIO-COMODATO O LA SAE | E10: NIT.
B11: BENEFICIARIO: | C11: NOMBRE DE LA ENTIDAD CON EL CONVENIO-COMODATO O LA SAE
B12: 7.2. | C12: OBJETO DEL SEGURO
B13: Amparar los perjuicios patrimoniales que la Fiscalía General de la Nación o el Fondo Especial para la Administración de Bienes puedan causar por el incumplimiento de obligaciones derivadas de los actos administrativos de asignación provisional de bienes por parte de la Sociedad de Activos Especiales – SAE, o la entidad que haga sus veces, de conformidad con lo establecido en el Decreto No. 306 del 13 de febrero de 1998, Decreto 1461 de 2000, Ley 30 de 1993, así como aquellos perjuicios derivados del incumplimiento de las obligaciones de contratos de comodatos o convenios. Al igual que cualquier otra póliza de cumplimiento que requiera la FGN en su misionalidad.
B14: 7.3. | C14: INTERES ASEGURABLE
B15: Vehículos, muebles e inmuebles asignados provisionalmente por parte de la SOCIEDAD DE ACTIVOS ESPECIALES -SAE o las entidades que haga sus veces o de bienes recibidos a traves de contratos de comodato o convenios..
B16: 7.4. | C16: TASA A PROPONER
B17: El proponente deberá indicar la tasa anual que aplicará en el momento en que la Fiscalía General de la Nación requiera la expedición de alguna póliza.
B18: 7.5. | C18: CONDICIÓN ESPECIAL
B19: NO EXIGENCIA DE PAGARÉ | D19: Queda entendido, convenido y aceptado que la aseguradora para la emisión de la póliza no exigirá pagaré.
B20: GASTOS DE EXPEDICIÓN | D20: Queda expresamente convenido que la aseguradora no cobrará gastos de expedición para esta póliza.
B21: CLÁUSULA DE CONDICIONES PARTICULARES | D21: Queda expresamente acordado y convenido, que la aseguradora acepta las condiciones obigatorias (mínimas técnicas) establecidas en este anexo, en los términos señalados en el mismo, por lo tanto, en caso de existir discrepancia ente los ofrecimientos contenidos en la propuesta técnica básica, frente a los textos de los ejemplares de las pólizas, a las condiciones generales, certificados, anexos o cualquier otro documento; prevalecerá la información y condiciones básicas técnicas establecidas de este anexo, de igual forma en caso de encontrarse contradicción en alguna condición prevalecerá la de mayor beneficio para el asegurado.
B22: 7.6. | C22: INTERMEDIACION
B23: Mediante Resolución N° 30000-04725 se adjudicó el Concurso de Méritos FGN-NC-CM-0002-2026 a la Unión Temporal UT JCA FGN 2026 , Integrada por 1) JARGU S.A. CORREDORES DE SEGUROS, con NIT. 800.018.165-8 con participación del 55%, 2) CORRECOL CORREDORES COLOMBIANOS DE SEGUROS S.A., con NIT. 830.018.004-1 con participación del 35%, 3) ARESS CORREDORES DE SEGUROS S.A. con NIT. 890.906.025-2, con participación del 10%. En virtud de lo dispuesto en el artículo 1341 del Código de Comercio, el corredor tendrá derecho a la comisión de intermediación, la cual no deberá ser inferior al 30% del valor de la prima.

Sheet G2. 7. SOAT
B4: FISCALÍA GENERAL DE LA NACIÓN
B5: ANEXO No. 15A - CONDICIONES TECNICAS BÁSICAS OBLIGATORIAS
B6: GRUPO No. 2
B8: 8. SEGURO OBLIGATORIO POR ACCIDENTES DE TRANSITO -SOAT
B9: 8.1. | C9: INFORMACIÓN GENERAL
B10: TOMADOR: | C10: FISCALÍA GENERAL DE LA NACIÓN Y/O FONDO ESPECIAL PARA LA ADMINSTRACIÓN DE BIENES FEAB | E10: NIT. | F10: 800.152.783-2 / 901.148.337-1
B11: ASEGURADO: | C11: =+C10 -> FISCALÍA GENERAL DE LA NACIÓN Y/O FONDO ESPECIAL PARA LA ADMINSTRACIÓN DE BIENES FEAB | E11: NIT. | F11: =+F10 -> 800.152.783-2 / 901.148.337-1
B12: BENEFICIARIO: | C12: PERSONAS AFECTADAS
B13: 8.2. | C13: OBJETO DEL SEGURO
B14: Amparar las lesiones corporales o muertes que sufran las personas involucradas en accidentes de tránsito.
B15: 8.3. | C15: VEHÍCULOS ASEGURADOS
B16: Todo el parque automotor, según ANEXO No. 15B Relación de Bienes Asegurados
B17: 8.4. | C17: AMPAROS BÁSICOS Y LÍMTES ASEGURADOS
B18: Las coberturas y limites asegurados son los determinados por el Gobierno Nacional, de conformidad con las disposiciones legales emitidas para este seguro
B19: AMPAROS BÁSICOS | E19: LÍMITES ASEGURADOS
B20: Gastos médicos, quirúrgicos, farmacéuticos y hospitalarios por lesiones. Para las tarifas 100, 110, 120, 140, 150, 711, 712, 721, 722, 731, 732, 810, 910, 920. Decreto 2497 de 2022 | E20: Hasta 263,13 UVT
B21: Gastos médicos, quirúrgicos, farmacéuticos y hospitalarios por lesiones. Para las demás tarifas no incluídas en el Decreto 2497 de 2022. | E21: Hasta 701,68 UVT
B22: Gastos de transporte y movilización de las víctimas. | E22: 8,77 UVT
B23: Incapacidad permanente, entendiéndose por tal la prevista en los artículos 209 y 211 del Código Sustantivo del Trabajo. | E23: En cuantía equivalente a ciento ochenta (180) veces el salario mínimo legal diario vigente al momento del accidente.
B24: Muerte y gastos funerarios de la víctima como consecuencia del accidente, siempre y cuando ocurra dentro del año siguiente a la fecha de éste, | E24: En cuantía equivalente a setecientas cincuenta (750) veces el salario mínimo legal diario vigente al momento del accidente.
B25: 8.5. | C25: CLAUSULAS BÁSICAS
B26: Errores involuntarios en las características de los vehículos asegurados, correspondientes a Número de placa, Número de Chasis, Número de Motor | D26: Queda expresamente convenido que la aseguradora acepta la aplicación de la cobertura, en los casos en que la información de los vehículos registrados en el anexo técnico presente errores, efectuará la reexpedición de la póliza y/o certificado respectivo. La Entidad deberá asumir los costos generados por la reexpedición, RUNT, y cambios de tarifa
B27: No restricción de amparo por tipo, modelo o antigüedad de los vehículos | D27: El oferente mediante esta cláusula acepta el otorgamiento de la poliza para la totalidad de los vehículos de propiedad o bajo responsabilidad de FISCALIA GENERAL DE LA NACION, incluidos los que reciba dentro de la vigencia de la póliza, sin aplicación de ninguna clase se restricción, ya sea por tipo y/o antigüedad y/o cualquier otro aspecto.
B28: No cobro del RUNT para reemplazos por errores en la emisión por parte de la aseguradora. | D28: Se deja constancia que en el evento de requerirse el reemplazo de alguna póliza, la aseguradora no efectuará el cobro del RUNT en aquellos casos que los reemplazos sean por errores en la emisión por parte de la aseguradora.
B29: Requisitos para la expedición de las pólizas | D29: La aseguradora se compromete a realizar la expedición, modificación o cancelación de pólizas que requiera la Entidad sin exigir documentos particulares o requisitos especiales. La entidad únicamente aportará tarjeta de propiedad o los documentos en los cuales se puedan verificar los datos del vehículo.
B30: Devolución de prima por pólizas no utilizadas | D30: La compañía de seguros realizará la devolución de prima al tomador por las pólizas no utilizadas; cuando se cancela la matrícula del vehículo por destrucción o chatarrización del vehículo.
B31: Cláusula de aplicación de condiciones particulares | D31: Queda expresamente acordado y convenido, que la Compañía acepta las conidiciones básicas técnicas establecidas en este anexo, en los términos señalados en el mismo, por lo tanto, en caso de existir discrepancia ente los ofrecimientos contenidos en la propuesta técnica básica, frente a los textos de los ejemplares de las pólizas, certificados, anexos o cualquier otro documento; prevalecerá la información y condiciones básicas técnicas establecidas.
B32: 8.6 | C32: CONDICIONES ESPECIALES
B33: El oferente se compromete con La Fiscalía General de la Nación a:
B34: 1. La expedición del SOAT para los vehículos que hacen parte de su parque automotor y los que se encuentren a su cargo de acuerdo con los listados inicialmente suministrados por la Entidad
B35: 2. El Oferente favorecido deberá emitir los SOAT cuyo vencimiento corresponde a partir del mes que indique la entidad, expedición que deberá realizar a más tardar con dos (2) meses de antelación al mes del vencimiento. Para los vencimientos siguientes deberán emitirse con antelación de cuarenta y cinco (45) días al vencimiento correspondiente. La entrega de las pólizas expedidas, deberá realizar dentro de los diez (10) días hábiles posteriores a la solicitud.
B36: 3. Término para la expedicion y entrega de pólizas adicionales al listado inicial entregado. La compañía de seguros se compromete a expedir y entregar los SOAT solicitados, dentro de los dos (2) hábiles siguientes a la solicitud por parte de la Entidad
B37: 4. Con relación a las pólizas que no se encuentren registradas ante el RUNT, el oferente se compromete con la FISCALÍA GENERAL DE LA NACIÓN a surtir respuesta dentro de los dos (2) días hábiles siguientes contados a partir de la solicitud
B38: 5. Contar con una línea de atención al cliente para atender consultas de carácter general relativas al SOAT con las siguientes características: (a) Servicio 24 horas (b) Sistema de grabación de llamadas. (c) Gratuita (e) Con acceso desde cualquier operador celular (incluyendo Avantel)
B39: 6. En cuanto a vencimientos de pólizas: Vigencia de 365 días con diferentes fechas a partir del vencimiento. Para pólizas nuevas que requiera la Entidad, se deberán expedir con vigencia de 365 días de acuerdo con el requerimiento de la Fiscalía General de la Nación y con cargo al presupuesto destinado para remanentes.
B40: 7. El oferente acepta que en el evento en que un SOAT no haya iniciado vigencia pueda ser anulado por solicitud de la entidad.
B41: NOTA: Los oferentes deben dejar plasmado en su propuesta la tarifa aplicada a cada vehículo, el porcentaje de descuento ofertado y el valor de la prima con descuento. La sumatoria de las primas de cada vehículo, las cuales no podrá superar el valor del presupuesto asignado so pena de rechazo del ramo.

Sheet G.3 - 8. C. BÁSICAS DRONES
B3: FISCALÍA GENERAL DE LA NACIÓN
B4: ANEXO No. 15A - CONDICIONES TECNICAS BÁSICAS OBLIGATORIAS
B5: GRUPO No. 3
B7: 9. CASCO AVIACIÓN (DRONES)
B8: 9.1. | C8: INFORMACIÓN GENERAL
B9: TOMADOR: | C9: FISCALIA GENERAL DE LA NACIÓN | F9: NIT. | G9: 800.152.783-2
B10: ASEGURADO: | C10: FISCALIA GENERAL DE LA NACIÓN Y/O FONDO ESPECIAL PARA LA ADMINISTRACION DE BIENES FEAB | F10: NIT. | G10: 800.152.783-2 / 901.148.337-1
B11: BENEFICIARIO: | C11: FISCALIA GENERAL DE LA NACIÓN Y/O FONDO ESPECIAL PARA LA ADMINISTRACION DE BIENES FEAB Y/O TERCEROS AFECTADOS | F11: NIT. | G11: 800.152.783-2 / 901.148.337-1
B12: 9.2. | C12: OBJETO DEL SEGURO
B13: Bajo esta póliza se otorga amparo en la modalidad de todo riesgo por las pérdidas y/o daños materiales (incluida la desaparición) de las aeronaves no tripuladas-Drones (en operación o reposo) de su propiedad o de aquellas que esten bajo su responsabilidad, tenencia y/o control, y en general los recibidos a cualquier titulo y/o por los que tenga algún interés asegurable, al igual que la responsabilidad civil causada frente a terceros, dentro del territorio nacional o en el exterior. Acorde con las disposiciones legales que se encuentran en la Resolución que rige la aeronavegabilidad de los Drones en Colombia es la RAC 100, que fue adoptado mediante Resolución número 01983 del 27 de septiembre 2023 y publicada en el Diario Oficial No. 52.531 del 27 de septiembre de 2023, y se incorpora a los Reglamentos Aeronáuticos de Colombia – RAC
B14: 9.3. | C14: VALOR ASEGURADO | F14: 2433333306
B15: 9.4. | C15: LÍMITES ASEGURADOS
B16: RESPONSABILIDAD CIVIL RESPECTO A TERCEROS. (Artículo 1827 y 1835 del Código de Comercio). Se califica en Condiciones Adicionales (Anexo No. 16)es el aumento de los gramos oro referenciados en los artículos antes enunciados. | E16: 1) No excederá de Treinta y tres mil trescientos treinta y tres gramos de oro puro, para las aeronaves cuyo peso no exceda de mil kilogramos; 2) No excederá de Treinta y tres mil trescientos treinta y tres gramos de oro puro, más veintiséis gramos de oro puro con sesenta y seis centigramos, por kilogramo que pase de los mil, para aeronaves que pesen más de mil y no excedan de seis mil kilogramos.
B17: CASCO TODO RIESGO | E17: 100% del Valor asegurado de cada drone
B18: ACCESORIOS | E18: 100% como máximo valor asegurado de los accesorios de cada drone siempre y cuando se encuentren instalados de igual forma se debe brindar cobertura a estos accesorios que aunque no son instalados son indispensables en la operación de estas aeronaves no tripuladas.
B19: 9.5. | C19: OPERADORES
B20: Pilotos con licencia
B21: 9.6. | C21: LIMITE GEOGRÁFICO Y OPERACIÓN
B22: Colombia. Operación Diurna y Nocturna.
B23: 9.9. | C23: BASE PARA LA DETERMINACIÓN Y APLICACIÓN DEL CONCEPTO SUBLÍMITE / VIGENCIA / AGREGADO ANUAL
B24: Para la totalidad de Coberturas y/o condiciones básicas sublímitadas, queda expresamente aceptado por parte de los proponentes que, en concordancia con la vigencia de la póliza que se adjudique, cada Sublímite operará así:
B25: VIGENCIA 2026: | C25: Sublímite indicado Evento/Vigencia
B26: VIGENCIA 2027: | C26: Sublímite indicado Evento/Agregado Anual.
B27: VIGENCIA 2028: | C27: Sublímite indicado Evento/Vigencia
B28: Todas las cláusulas que otorgan coberturas de gastos adicionales, están incluidos dentro del valor asegurado total de la póliza y sin aplicación de deducibles.
B29: 9.8. | C29: AMPAROS BÁSICOS
B30: COBERTURAS: PÓLIZA DE SEGURO DE AERONAVES AVN 1C (EXCLUYENDO SECCIÓN III)
B31: - PÉRDIDAS O DAÑOS A LA NAVE NO TRIPULADA INCLUIDA LA DESAPARICIÓN | E31: Queda expresamente acordado que la aseguradora pagara o reparará, a su elección, la pérdida o daño accidental al vehículo aéreo no tripulado incluyendo sus accesorios, mientras estén en vuelo o en tierra y no se encuentre bajo operación, hasta el límite del valor asegurado allí indicado, que surja de los riesgos cubiertos, incluyen do su desaparición
B32: - RESPONSABILIDAD CIVIL A TERCEROS | E32: Cubre al asegurado toda suma que legalmente se obligado a pagar (incluyendo costos judiciales a cargo del asegurado) por muerte, lesión o menoscabo de la salud de las personas (daños personales)y/o el deterioro o destrucción de bienes (daños materiales) y perjuicios económicos causados directamente por los drones o persona o cosa que caiga de los mismos.
B33: - CLAUSULA DE RESPONSABILIDAD CIVIL CRUZADA | E33: En consideración de una prima adicional de la inclusión de asegurados adicionales bajo esta póliza no impide el derecho de recuperación sobre este punto por parte del asegurado original respecto de las reclamaciones hechas contra ellos por tales asegurados adicionales o por los empleados de tales.
B34: CLAUSULA DE REPOSICIÓN AUTOMÁTICA DEL VALOR ASEGURADO EN CASO DE SINIESTRO. | E34: En el caso de una perdida parcial, esté o no la perdida cubierta por la póliza, el valor asegurado de la aeronave se reducirá a partir de la fecha de la pérdida, en el valor de dicha pérdida y este valor reducido continuará vigente hasta cuando se inicien los trabajos de reparación, momento en el cual el valor asegurado se incrementará en un valor igual al de los trabajos de reparación. Con el respectivo cobro de prima adicional.
B35: - CLÁUSULA DE ADICIONES Y RETIROS (APLICABLE AL AMPARO DE CASCO Y RESPONSABILIDAD ) AVN 19A. CON TERMINO DE AVISO A 30 DÍAS | E35: El seguro otorgado por la presente póliza se extiende automáticamente, a cambio de una prima adicional, para incluir otras(s) aeronave(s) adicionada(s) durante la vigencia de esta póliza, siempre y cuando tal (es) aeronave(s) sea(n) de propiedad u operada(s) por el asegurado y que sea(n) del mismo tipo de las ya aseguradas.
B36: - CLÁUSULA DE EXCLUSIÓN DE RUIDO, POLUCIÓN Y OTROS PELIGROS AVN 46B. Conforme clausulado standar | E36: Esta póliza no cubre siniestros directa o indirectamente causados u ocurridos por consecuencia del alcance de las exclusiones de ruido, polución y otros peligros AVN 46B.
B37: CLÁUSULA DE EXCLUSIÓN DE CONTRATOS de 1999 (DERECHOS DE TERCERAS PARTES) AVN 72. | E37: Toda reclamación será controlada por la compañía aseguradora, incluyendo el nombramiento del ajustador según sea el caso. Están excluidos de este seguro o reaseguro, los derechos para que una persona que no sea parte en este seguro o reaseguro haga cumplir un mandato de este seguro o reaseguro y / o no haber revocado, modificado o alterado este seguro o reaseguro sin su consentimiento, en virtud de las disposiciones de los contratos
B38: CLÁUSULA AVN74 (MODIFICADA) | E38: Indemnidad para operadores autorizados de sitemas aéreos no tripulados
B39: CLAUSULA DE USO DE PISTAS NO AUTORIZADAS (AVN77) | E39: (Modificada y aplcable únicamente a hurto)
B40: CLÁUSULA (AVN2001A) | E40: Límitación de reconocimiento de fecha
B41: 9.9. | C41: CLÁUSULAS BÁSICAS
B42: REVOCACIÓN DE LA PÓLIZA, CLÁUSULAS O CONDICIONES. Con Termino de ciento veinte (120) días. | E42: La aseguradora podrá revocar la póliza, cláusulas o condiciones unilateralmente por la compañía, mediante noticia escrita enviada al asegurado, a su última dirección registrada, con no menos de ciento veinte (120) días de antelación; contados a partir de la fecha del envío. El asegurado podra pedir la revocación en cualquier momento, según lo previsto en el Código de Comercio. Así mismo, en el caso de que la aseguradora decida no otorgar renovación o prorroga del contrato de seguro, deberá dar aviso de ello al asegurado con no menos de ciento veinte (120) días de antelación a la fecha de vencimiento de la póliza, en caso contrario se dará por entendido que la aseguradora acepta la renovación o prorroga hasta el límite legal establecido en la Ley 80 de 1993, para la adición de los contratos y manteniendo las mismas condiciones ofertadas en este proceso de aseguradoras.
B43: ERRORES, OMISIONES O INEXACTITUDES | E43: El tomador está obligado a declarar sinceramente los hechos y circunstancias que determinen el estado del riesgo. La inexactitud sobre hechos o circunstancias que, conocidas por la compañía, la hubieren retraído de celebrar el contrato o inducido a estipular condiciones más onerosas, produce la nulidad relativa del seguro. Sin embargo, si se incurriere en errores, omisiones e inexactitudes inculpables al tomador o al asegurado, el contrato no será nulo ni habrá lugar a la aplicación del inciso tercero del artículo 1058 del Código de Comercio sobre reducción porcentual de la prestación asegurada. En este caso se deberá pagar la prima adecuada al verdadero estado del riesgo.
B44: AMPLIACIÓN AVISO DEL SINIESTRO Con termino de sesenta (60) días. | E44: Queda convenido y aceptado que el asegurado podrá dar aviso de la ocurrencia del siniestro en un término de sesenta (60), siguientes a la fecha en que haya conocido o debido conocer la ocurrencia del mismo.
B45: ANTICIPO DE INDEMNIZACIÓN DEL 50% Se califica en Condiciones Técnicas Complementarias (Anexo No. 16) el aumento del porcentaje ofrecido. | E45: Queda expresamente acordado que, a petición escrita de la Entidad, la aseguradora anticipará pagos parciales sobre el valor de cualquier reclamo, con base en el valor de la estimación preliminar de la pérdida aceptada por el ajustador, para adelantar la reparación, reposición o remplazo de los bienes asegurados. En el caso de que no haya nombramiento de ajustador, el anticipo se liquidará con base en la valoración de la cuantía de la pérdida amparada, acreditada por la entidad mediante cotización de la misma. En caso que el anticipo o suma de anticipos que la compañía adelante al asegurado llegare a exceder la suma total indemnizable a que tenga derecho, éste se compromete a devolver el exceso pagado. Para esta cláusula la aseguradora debe contemplar un plazo máximo para el pago del anticipo de ocho (8) días hábiles contados a partir de la fecha de solicitud y formalización del mismo este y no se acepta el requerimiento de ningún requisito adicional para realizar el anticipo.
B46: DESIGNACIÓN O DENOMINACIÓN DE BIENES | E46: La aseguradora acepta el título, nombre, denominación o nomenclatura con que el asegurado identifica o describe los bienes asegurados en sus registros o libros de comercio o contabilidad.
B47: CONOCIMIENTO DEL RIESGO | E47: La Compañía acepta mediante la presente cláusula que la Entidad, le ha brindado la oportunidad para realizar la inspección de los bienes y riesgos a que están sujetos los mismos y el patrimonio del Asegurado, razón por la cual se deja constancia del conocimiento y aceptación de los hechos, circunstancias y, en general, condiciones de los mismos. La compañía se reserva el derecho de llevar a cabo la inspección cuantas veces lo juzgue pertinente.
B48: CONOCIMIENTO DE LA POLIZA POR LOS INTEGRANTES DEL CONSORCIO O UNIÓN TEMPORAL | E48: Cuando se asocien dos o más aseguradoras, bajo la modalidad de consorcio o unión temporal aplica esta cláusula. Las Compañías integrantes del consorcio o unión temporal contratista del presente seguro, conocen y aceptan las condiciones generales y particulares de la póliza y anexos suscritos por la Compañía líder.
B49: MODIFICACIONES A FAVOR DEL ASEGURADO | E49: Los cambios o modificaciones a las condiciones de la presente póliza, serán acordados mutuamente entre la compañía y el asegurado. El certificado, documento o comunicaciones que se expidan para formalizarlos debe ser firmado, en señal de aceptación, por un representante legal del asegurado o funcionario autorizado, prevaleciendo sobre las condiciones de esta póliza. No obstante si durante la vigencia de la póliza se presentan modificaciones en las condiciones del seguro, legalmente aprobadas que representen un beneficio a favor del asegurado, tales modificaciones se consideran automáticamente incorporadas. Siempre y cuando no causen cobro de prima adicional.
